Workbook
Name A_responsable: '[1]Base corrupción'!$A$65:$A$66
Name A_responsable: [2]Base!$A$65:$A$66
Name A_responsable: '[3]Base corrupción'!$A$65:$A$66
Name A_responsable: '[3]Base corrupción'!$A$65:$A$66
Name A_responsable: '[4]Base corrupción'!$A$65:$A$66
Name A_responsable: '[4]Base corrupción'!$A$65:$A$66
Name A_responsable: 'Base corrupción'!$A$65:$A$66
Name Act_control: '[1]Base corrupción'!$A$82:$A$83
Name Act_control: [2]Base!$A$82:$A$83
Name Act_control: '[3]Base corrupción'!$A$82:$A$83
Name Act_control: '[3]Base corrupción'!$A$82:$A$83
Name Act_control: '[4]Base corrupción'!$A$82:$A$83
Name Act_control: '[4]Base corrupción'!$A$82:$A$83
Name Act_control: 'Base corrupción'!$A$82:$A$83
Name C_Externo: 'Base corrupción'!$A$9:$A$14
Name C_Interno: 'Base corrupción'!$A$19:$A$25
Name C_Proceso: 'Base corrupción'!$A$29:$A$35
Name Contexto: 'Base corrupción'!$A$2:$A$4
Name CONTROLG: '[5]Tabla Valoración controles'!$C$28:$C$41
Name Desviaciones: '[1]Base corrupción'!$A$86:$A$87
Name Desviaciones: [2]Base!$A$86:$A$87
Name Desviaciones: '[3]Base corrupción'!$A$86:$A$87
Name Desviaciones: '[3]Base corrupción'!$A$86:$A$87
Name Desviaciones: '[4]Base corrupción'!$A$86:$A$87
Name Desviaciones: '[4]Base corrupción'!$A$86:$A$87
Name Desviaciones: 'Base corrupción'!$A$86:$A$87
Name Evidencia: '[1]Base corrupción'!$A$90:$A$92
Name Evidencia: [2]Base!$A$90:$A$92
Name Evidencia: '[3]Base corrupción'!$A$90:$A$92
Name Evidencia: '[3]Base corrupción'!$A$90:$A$92
Name Evidencia: '[4]Base corrupción'!$A$90:$A$92
Name Evidencia: '[4]Base corrupción'!$A$90:$A$92
Name Evidencia: 'Base corrupción'!$A$90:$A$92
Name Influencia_C: '[1]Base corrupción'!$A$111:$A$113
Name Influencia_C: [2]Base!$A$111:$A$113
Name Influencia_C: '[3]Base corrupción'!$A$111:$A$113
Name Influencia_C: '[3]Base corrupción'!$A$111:$A$113
Name Influencia_C: '[4]Base corrupción'!$A$111:$A$113
Name Influencia_C: '[4]Base corrupción'!$A$111:$A$113
Name Influencia_C: 'Base corrupción'!$A$111:$A$113
Name Influencia_CP: '[1]Base corrupción'!$A$111:$A$112
Name Influencia_CP: [2]Base!$A$111:$A$112
Name Influencia_CP: '[3]Base corrupción'!$A$111:$A$112
Name Influencia_CP: '[3]Base corrupción'!$A$111:$A$112
Name Influencia_CP: '[4]Base corrupción'!$A$111:$A$112
Name Influencia_CP: '[4]Base corrupción'!$A$111:$A$112
Name Influencia_CP: 'Base corrupción'!$A$111:$A$112
Name lkpm: [6]Base!$A$111:$A$112
Name lkpm1: [6]Base!$M$2:$M$24
Name lkpm12: [6]Base!$M$2:$M$24
Name lkpm3: [6]Base!$G$2:$H$6
Name lkpm4: [6]Base!$C$2:$C$6
Name lkpm6: [6]Base!$G$11:$G$15
Name LKPM9: [6]Base!$G$2:$H$6
Name N_Impacto: '[1]Base corrupción'!$C$2:$C$6
Name N_Impacto: [2]Base!$C$2:$C$6
Name N_Impacto: '[3]Base corrupción'!$C$2:$C$6
Name N_Impacto: '[3]Base corrupción'!$C$2:$C$6
Name N_Impacto: '[4]Base corrupción'!$C$2:$C$6
Name N_Impacto: '[4]Base corrupción'!$C$2:$C$6

Sheet Matriz Calor Inherente
B2: Matriz de Calor Inherente | J2: Impacto
B6: Probabilidad | E6: Muy Alta 100% | J6: =IF(AND('Matriz riesgos de gestión'!$M$4="Muy Alta",'Matriz riesgos de gestión'!$Q$4="Leve"),CONCATENATE("R",'Matriz riesgos de gestión'!$A$4),"") | L6: =IF(AND('Matriz riesgos de gestión'!$M$15="Muy Alta",'Matriz riesgos de gestión'!$Q$15="Leve"),CONCATENATE("R",'Matriz riesgos de gestión'!$A$15),"") | N6: =IF(AND('Matriz riesgos de gestión'!$M$25="Muy Alta",'Matriz riesgos de gestión'!$Q$25="Leve"),CONCATENATE("R",'Matriz riesgos de gestión'!$A$25),"") | P6: =IF(AND('Matriz riesgos de gestión'!$M$4="Muy Alta",'Matriz riesgos de gestión'!$Q$4="Menor"),CONCATENATE("R",'Matriz riesgos de gestión'!$A$4),"") | R6: =IF(AND('Matriz riesgos de gestión'!$M$15="Muy Alta",'Matriz riesgos de gestión'!$Q$15="Menor"),CONCATENATE("R",'Matriz riesgos de gestión'!$A$15),"") | T6: =IF(AND('Matriz riesgos de gestión'!$M$25="Muy Alta",'Matriz riesgos de gestión'!$Q$25="Menor"),CONCATENATE("R",'Matriz riesgos de gestión'!$A$25),"") | V6: =IF(AND('Matriz riesgos de gestión'!$M$4="Muy Alta",'Matriz riesgos de gestión'!$Q$4="Moderado"),CONCATENATE("R",'Matriz riesgos de gestión'!$A$4),"") | X6: =IF(AND('Matriz riesgos de gestión'!$M$15="Muy Alta",'Matriz riesgos de gestión'!$Q$15="Moderado"),CONCATENATE("R",'Matriz riesgos de gestión'!$A$15),"") | Z6: =IF(AND('Matriz riesgos de gestión'!$M$25="Muy Alta",'Matriz riesgos de gestión'!$Q$25="Moderado"),CONCATENATE("R",'Matriz riesgos de gestión'!$A$25),"") | AB6: =IF(AND('Matriz riesgos de gestión'!$M$4="Muy Alta",'Matriz riesgos de gestión'!$Q$4="Mayor"),CONCATENATE("R",'Matriz riesgos de gestión'!$A$4),"") | AD6: =IF(AND('Matriz riesgos de gestión'!$M$15="Muy Alta",'Matriz riesgos de gestión'!$Q$15="Mayor"),CONCATENATE("R",'Matriz riesgos de gestión'!$A$15),"") | AF6: =IF(AND('Matriz riesgos de gestión'!$M$25="Muy Alta",'Matriz riesgos de gestión'!$Q$25="Mayor"),CONCATENATE("R",'Matriz riesgos de gestión'!$A$25),"") | AH6: =IF(AND('Matriz riesgos de gestión'!$M$4="Muy Alta",'Matriz riesgos de gestión'!$Q$4="Catastrófico"),CONCATENATE("R",'Matriz riesgos de gestión'!$A$4),"") | AJ6: =IF(AND('Matriz riesgos de gestión'!$M$15="Muy Alta",'Matriz riesgos de gestión'!$Q$15="Catastrófico"),CONCATENATE("R",'Matriz riesgos de gestión'!$A$15),"") | AL6: =IF(AND('Matriz riesgos de gestión'!$M$25="Muy Alta",'Matriz riesgos de gestión'!$Q$25="Catastrófico"),CONCATENATE("R",'Matriz riesgos de gestión'!$A$25),"") | AO6: Extremo
J8: =IF(AND('Matriz riesgos de gestión'!$M$31="Muy Alta",'Matriz riesgos de gestión'!$Q$31="Leve"),CONCATENATE("R",'Matriz riesgos de gestión'!$A$31),"") | L8: =IF(AND('Matriz riesgos de gestión'!$M$37="Muy Alta",'Matriz riesgos de gestión'!$Q$37="Leve"),CONCATENATE("R",'Matriz riesgos de gestión'!$A$37),"") | N8: =IF(AND('Matriz riesgos de gestión'!$M$43="Muy Alta",'Matriz riesgos de gestión'!$Q$43="Leve"),CONCATENATE("R",'Matriz riesgos de gestión'!$A$43),"") | P8: =IF(AND('Matriz riesgos de gestión'!$M$31="Muy Alta",'Matriz riesgos de gestión'!$Q$31="Menor"),CONCATENATE("R",'Matriz riesgos de gestión'!$A$31),"") | R8: =IF(AND('Matriz riesgos de gestión'!$M$37="Muy Alta",'Matriz riesgos de gestión'!$Q$37="Menor"),CONCATENATE("R",'Matriz riesgos de gestión'!$A$37),"") | T8: =IF(AND('Matriz riesgos de gestión'!$M$43="Muy Alta",'Matriz riesgos de gestión'!$Q$43="Menor"),CONCATENATE("R",'Matriz riesgos de gestión'!$A$43),"") | V8: =IF(AND('Matriz riesgos de gestión'!$M$31="Muy Alta",'Matriz riesgos de gestión'!$Q$31="Moderado"),CONCATENATE("R",'Matriz riesgos de gestión'!$A$31),"") | X8: =IF(AND('Matriz riesgos de gestión'!$M$37="Muy Alta",'Matriz riesgos de gestión'!$Q$37="Moderado"),CONCATENATE("R",'Matriz riesgos de gestión'!$A$37),"") | Z8: =IF(AND('Matriz riesgos de gestión'!$M$43="Muy Alta",'Matriz riesgos de gestión'!$Q$43="Moderado"),CONCATENATE("R",'Matriz riesgos de gestión'!$A$43),"") | AB8: =IF(AND('Matriz riesgos de gestión'!$M$31="Muy Alta",'Matriz riesgos de gestión'!$Q$31="Mayor"),CONCATENATE("R",'Matriz riesgos de gestión'!$A$31),"") | AD8: =IF(AND('Matriz riesgos de gestión'!$M$37="Muy Alta",'Matriz riesgos de gestión'!$Q$37="Mayor"),CONCATENATE("R",'Matriz riesgos de gestión'!$A$37),"") | AF8: =IF(AND('Matriz riesgos de gestión'!$M$43="Muy Alta",'Matriz riesgos de gestión'!$Q$43="Mayor"),CONCATENATE("R",'Matriz riesgos de gestión'!$A$43),"") | AH8: =IF(AND('Matriz riesgos de gestión'!$M$31="Muy Alta",'Matriz riesgos de gestión'!$Q$31="Catastrófico"),CONCATENATE("R",'Matriz riesgos de gestión'!$A$31),"") | AJ8: =IF(AND('Matriz riesgos de gestión'!$M$37="Muy Alta",'Matriz riesgos de gestión'!$Q$37="Catastrófico"),CONCATENATE("R",'Matriz riesgos de gestión'!$A$37),"") | AL8: =IF(AND('Matriz riesgos de gestión'!$M$43="Muy Alta",'Matriz riesgos de gestión'!$Q$43="Catastrófico"),CONCATENATE("R",'Matriz riesgos de gestión'!$A$43),"")
J10: =IF(AND('Matriz riesgos de gestión'!$M$49="Muy Alta",'Matriz riesgos de gestión'!$Q$49="Leve"),CONCATENATE("R",'Matriz riesgos de gestión'!$A$49),"") | L10: =IF(AND('Matriz riesgos de gestión'!$M$55="Muy Alta",'Matriz riesgos de gestión'!$Q$55="Leve"),CONCATENATE("R",'Matriz riesgos de gestión'!$A$55),"") | N10: =IF(AND('Matriz riesgos de gestión'!$M$61="Muy Alta",'Matriz riesgos de gestión'!$Q$61="Leve"),CONCATENATE("R",'Matriz riesgos de gestión'!$A$61),"") | P10: =IF(AND('Matriz riesgos de gestión'!$M$49="Muy Alta",'Matriz riesgos de gestión'!$Q$49="Menor"),CONCATENATE("R",'Matriz riesgos de gestión'!$A$49),"") | R10: =IF(AND('Matriz riesgos de gestión'!$M$55="Muy Alta",'Matriz riesgos de gestión'!$Q$55="Menor"),CONCATENATE("R",'Matriz riesgos de gestión'!$A$55),"") | T10: =IF(AND('Matriz riesgos de gestión'!$M$61="Muy Alta",'Matriz riesgos de gestión'!$Q$61="Menor"),CONCATENATE("R",'Matriz riesgos de gestión'!$A$61),"") | V10: =IF(AND('Matriz riesgos de gestión'!$M$49="Muy Alta",'Matriz riesgos de gestión'!$Q$49="Moderado"),CONCATENATE("R",'Matriz riesgos de gestión'!$A$49),"") | X10: =IF(AND('Matriz riesgos de gestión'!$M$55="Muy Alta",'Matriz riesgos de gestión'!$Q$55="Moderado"),CONCATENATE("R",'Matriz riesgos de gestión'!$A$55),"") -> R27 | Z10: =IF(AND('Matriz riesgos de gestión'!$M$61="Muy Alta",'Matriz riesgos de gestión'!$Q$61="Moderado"),CONCATENATE("R",'Matriz riesgos de gestión'!$A$61),"") | AB10: =IF(AND('Matriz riesgos de gestión'!$M$49="Muy Alta",'Matriz riesgos de gestión'!$Q$49="Mayor"),CONCATENATE("R",'Matriz riesgos de gestión'!$A$49),"") | AD10: =IF(AND('Matriz riesgos de gestión'!$M$55="Muy Alta",'Matriz riesgos de gestión'!$Q$55="Mayor"),CONCATENATE("R",'Matriz riesgos de gestión'!$A$55),"") | AF10: =IF(AND('Matriz riesgos de gestión'!$M$61="Muy Alta",'Matriz riesgos de gestión'!$Q$61="Mayor"),CONCATENATE("R",'Matriz riesgos de gestión'!$A$61),"") | AH10: =IF(AND('Matriz riesgos de gestión'!$M$49="Muy Alta",'Matriz riesgos de gestión'!$Q$49="Catastrófico"),CONCATENATE("R",'Matriz riesgos de gestión'!$A$49),"") | AJ10: =IF(AND('Matriz riesgos de gestión'!$M$55="Muy Alta",'Matriz riesgos de gestión'!$Q$55="Catastrófico"),CONCATENATE("R",'Matriz riesgos de gestión'!$A$55),"") | AL10: =IF(AND('Matriz riesgos de gestión'!$M$61="Muy Alta",'Matriz riesgos de gestión'!$Q$61="Catastrófico"),CONCATENATE("R",'Matriz riesgos de gestión'!$A$61),"")
J12: =IF(AND('Matriz riesgos de gestión'!$M$67="Muy Alta",'Matriz riesgos de gestión'!$Q$67="Leve"),CONCATENATE("R",'Matriz riesgos de gestión'!$A$67),"") | L12: =IF(AND('Matriz riesgos de gestión'!$M$73="Muy Alta",'Matriz riesgos de gestión'!$Q$73="Leve"),CONCATENATE("R",'Matriz riesgos de gestión'!$A$73),"") | N12: =IF(AND('Matriz riesgos de gestión'!$M$79="Muy Alta",'Matriz riesgos de gestión'!$Q$79="Leve"),CONCATENATE("R",'Matriz riesgos de gestión'!$A$79),"") | P12: =IF(AND('Matriz riesgos de gestión'!$M$67="Muy Alta",'Matriz riesgos de gestión'!$Q$67="Menor"),CONCATENATE("R",'Matriz riesgos de gestión'!$A$67),"") | R12: =IF(AND('Matriz riesgos de gestión'!$M$73="Muy Alta",'Matriz riesgos de gestión'!$Q$73="Menor"),CONCATENATE("R",'Matriz riesgos de gestión'!$A$73),"") | T12: =IF(AND('Matriz riesgos de gestión'!$M$79="Muy Alta",'Matriz riesgos de gestión'!$Q$79="Menor"),CONCATENATE("R",'Matriz riesgos de gestión'!$A$79),"") | V12: =IF(AND('Matriz riesgos de gestión'!$M$67="Muy Alta",'Matriz riesgos de gestión'!$Q$67="Moderado"),CONCATENATE("R",'Matriz riesgos de gestión'!$A$67),"") | X12: =IF(AND('Matriz riesgos de gestión'!$M$73="Muy Alta",'Matriz riesgos de gestión'!$Q$73="Moderado"),CONCATENATE("R",'Matriz riesgos de gestión'!$A$73),"") | Z12: =IF(AND('Matriz riesgos de gestión'!$M$79="Muy Alta",'Matriz riesgos de gestión'!$Q$79="Moderado"),CONCATENATE("R",'Matriz riesgos de gestión'!$A$79),"") | AB12: =IF(AND('Matriz riesgos de gestión'!$M$67="Muy Alta",'Matriz riesgos de gestión'!$Q$67="Mayor"),CONCATENATE("R",'Matriz riesgos de gestión'!$A$67),"") | AD12: =IF(AND('Matriz riesgos de gestión'!$M$73="Muy Alta",'Matriz riesgos de gestión'!$Q$73="Mayor"),CONCATENATE("R",'Matriz riesgos de gestión'!$A$73),"") | AF12: =IF(AND('Matriz riesgos de gestión'!$M$79="Muy Alta",'Matriz riesgos de gestión'!$Q$79="Mayor"),CONCATENATE("R",'Matriz riesgos de gestión'!$A$79),"") | AH12: =IF(AND('Matriz riesgos de gestión'!$M$67="Muy Alta",'Matriz riesgos de gestión'!$Q$67="Catastrófico"),CONCATENATE("R",'Matriz riesgos de gestión'!$A$67),"") | AJ12: =IF(AND('Matriz riesgos de gestión'!$M$73="Muy Alta",'Matriz riesgos de gestión'!$Q$73="Catastrófico"),CONCATENATE("R",'Matriz riesgos de gestión'!$A$73),"") | AL12: =IF(AND('Matriz riesgos de gestión'!$M$79="Muy Alta",'Matriz riesgos de gestión'!$Q$79="Catastrófico"),CONCATENATE("R",'Matriz riesgos de gestión'!$A$79),"")
E14: Alta 80% | J14: =IF(AND('Matriz riesgos de gestión'!$M$4="Alta",'Matriz riesgos de gestión'!$Q$4="Leve"),CONCATENATE("R",'Matriz riesgos de gestión'!$A$4),"") | L14: =IF(AND('Matriz riesgos de gestión'!$M$15="Alta",'Matriz riesgos de gestión'!$Q$15="Leve"),CONCATENATE("R",'Matriz riesgos de gestión'!$A$15),"") | N14: =IF(AND('Matriz riesgos de gestión'!$M$25="Alta",'Matriz riesgos de gestión'!$Q$25="Leve"),CONCATENATE("R",'Matriz riesgos de gestión'!$A$25),"") | P14: =IF(AND('Matriz riesgos de gestión'!$M$4="Alta",'Matriz riesgos de gestión'!$Q$4="Menor"),CONCATENATE("R",'Matriz riesgos de gestión'!$A$4),"") | R14: =IF(AND('Matriz riesgos de gestión'!$M$15="Alta",'Matriz riesgos de gestión'!$Q$15="Menor"),CONCATENATE("R",'Matriz riesgos de gestión'!$A$15),"") | T14: =IF(AND('Matriz riesgos de gestión'!$M$25="Alta",'Matriz riesgos de gestión'!$Q$25="Menor"),CONCATENATE("R",'Matriz riesgos de gestión'!$A$25),"") | V14: =IF(AND('Matriz riesgos de gestión'!$M$4="Alta",'Matriz riesgos de gestión'!$Q$4="Moderado"),CONCATENATE("R",'Matriz riesgos de gestión'!$A$4),"") | X14: =IF(AND('Matriz riesgos de gestión'!$M$15="Alta",'Matriz riesgos de gestión'!$Q$15="Moderado"),CONCATENATE("R",'Matriz riesgos de gestión'!$A$15),"") | Z14: =IF(AND('Matriz riesgos de gestión'!$M$25="Alta",'Matriz riesgos de gestión'!$Q$25="Moderado"),CONCATENATE("R",'Matriz riesgos de gestión'!$A$25),"") | AB14: =IF(AND('Matriz riesgos de gestión'!$M$4="Alta",'Matriz riesgos de gestión'!$Q$4="Mayor"),CONCATENATE("R",'Matriz riesgos de gestión'!$A$4),"") | AD14: =IF(AND('Matriz riesgos de gestión'!$M$15="Alta",'Matriz riesgos de gestión'!$Q$15="Mayor"),CONCATENATE("R",'Matriz riesgos de gestión'!$A$15),"") | AF14: =IF(AND('Matriz riesgos de gestión'!$M$25="Alta",'Matriz riesgos de gestión'!$Q$25="Mayor"),CONCATENATE("R",'Matriz riesgos de gestión'!$A$25),"") | AH14: =IF(AND('Matriz riesgos de gestión'!$M$4="Alta",'Matriz riesgos de gestión'!$Q$4="Catastrófico"),CONCATENATE("R",'Matriz riesgos de gestión'!$A$4),"") | AJ14: =IF(AND('Matriz riesgos de gestión'!$M$15="Alta",'Matriz riesgos de gestión'!$Q$15="Catastrófico"),CONCATENATE("R",'Matriz riesgos de gestión'!$A$15),"") | AL14: =IF(AND('Matriz riesgos de gestión'!$M$25="Alta",'Matriz riesgos de gestión'!$Q$25="Catastrófico"),CONCATENATE("R",'Matriz riesgos de gestión'!$A$25),"") | AO14: Alto
J16: =IF(AND('Matriz riesgos de gestión'!$M$31="Alta",'Matriz riesgos de gestión'!$Q$31="Leve"),CONCATENATE("R",'Matriz riesgos de gestión'!$A$31),"") | L16: =IF(AND('Matriz riesgos de gestión'!$M$37="Alta",'Matriz riesgos de gestión'!$Q$37="Leve"),CONCATENATE("R",'Matriz riesgos de gestión'!$A$37),"") | N16: =IF(AND('Matriz riesgos de gestión'!$M$43="Alta",'Matriz riesgos de gestión'!$Q$43="Leve"),CONCATENATE("R",'Matriz riesgos de gestión'!$A$43),"") | P16: =IF(AND('Matriz riesgos de gestión'!$M$31="Alta",'Matriz riesgos de gestión'!$Q$31="Menor"),CONCATENATE("R",'Matriz riesgos de gestión'!$A$31),"") | R16: =IF(AND('Matriz riesgos de gestión'!$M$37="Alta",'Matriz riesgos de gestión'!$Q$37="Menor"),CONCATENATE("R",'Matriz riesgos de gestión'!$A$37),"") | T16: =IF(AND('Matriz riesgos de gestión'!$M$43="Alta",'Matriz riesgos de gestión'!$Q$43="Menor"),CONCATENATE("R",'Matriz riesgos de gestión'!$A$43),"") | V16: =IF(AND('Matriz riesgos de gestión'!$M$31="Alta",'Matriz riesgos de gestión'!$Q$31="Moderado"),CONCATENATE("R",'Matriz riesgos de gestión'!$A$31),"") | X16: =IF(AND('Matriz riesgos de gestión'!$M$37="Alta",'Matriz riesgos de gestión'!$Q$37="Moderado"),CONCATENATE("R",'Matriz riesgos de gestión'!$A$37),"") | Z16: =IF(AND('Matriz riesgos de gestión'!$M$43="Alta",'Matriz riesgos de gestión'!$Q$43="Moderado"),CONCATENATE("R",'Matriz riesgos de gestión'!$A$43),"") -> R17 | AB16: =IF(AND('Matriz riesgos de gestión'!$M$31="Alta",'Matriz riesgos de gestión'!$Q$31="Mayor"),CONCATENATE("R",'Matriz riesgos de gestión'!$A$31),"") | AD16: =IF(AND('Matriz riesgos de gestión'!$M$37="Alta",'Matriz riesgos de gestión'!$Q$37="Mayor"),CONCATENATE("R",'Matriz riesgos de gestión'!$A$37),"") | AF16: =IF(AND('Matriz riesgos de gestión'!$M$43="Alta",'Matriz riesgos de gestión'!$Q$43="Mayor"),CONCATENATE("R",'Matriz riesgos de gestión'!$A$43),"") | AH16: =IF(AND('Matriz riesgos de gestión'!$M$31="Alta",'Matriz riesgos de gestión'!$Q$31="Catastrófico"),CONCATENATE("R",'Matriz riesgos de gestión'!$A$31),"") | AJ16: =IF(AND('Matriz riesgos de gestión'!$M$37="Alta",'Matriz riesgos de gestión'!$Q$37="Catastrófico"),CONCATENATE("R",'Matriz riesgos de gestión'!$A$37),"") | AL16: =IF(AND('Matriz riesgos de gestión'!$M$43="Alta",'Matriz riesgos de gestión'!$Q$43="Catastrófico"),CONCATENATE("R",'Matriz riesgos de gestión'!$A$43),"")
J18: =IF(AND('Matriz riesgos de gestión'!$M$49="Alta",'Matriz riesgos de gestión'!$Q$49="Leve"),CONCATENATE("R",'Matriz riesgos de gestión'!$A$49),"") | L18: =IF(AND('Matriz riesgos de gestión'!$M$55="Alta",'Matriz riesgos de gestión'!$Q$55="Leve"),CONCATENATE("R",'Matriz riesgos de gestión'!$A$55),"") | N18: =IF(AND('Matriz riesgos de gestión'!$M$61="Alta",'Matriz riesgos de gestión'!$Q$61="Leve"),CONCATENATE("R",'Matriz riesgos de gestión'!$A$61),"") | P18: =IF(AND('Matriz riesgos de gestión'!$M$49="Alta",'Matriz riesgos de gestión'!$Q$49="Menor"),CONCATENATE("R",'Matriz riesgos de gestión'!$A$49),"") | R18: =IF(AND('Matriz riesgos de gestión'!$M$55="Alta",'Matriz riesgos de gestión'!$Q$55="Menor"),CONCATENATE("R",'Matriz riesgos de gestión'!$A$55),"") | T18: =IF(AND('Matriz riesgos de gestión'!$M$61="Alta",'Matriz riesgos de gestión'!$Q$61="Menor"),CONCATENATE("R",'Matriz riesgos de gestión'!$A$61),"") | V18: =IF(AND('Matriz riesgos de gestión'!$M$49="Alta",'Matriz riesgos de gestión'!$Q$49="Moderado"),CONCATENATE("R",'Matriz riesgos de gestión'!$A$49),"") -> R21 | X18: =IF(AND('Matriz riesgos de gestión'!$M$55="Alta",'Matriz riesgos de gestión'!$Q$55="Moderado"),CONCATENATE("R",'Matriz riesgos de gestión'!$A$55),"") | Z18: =IF(AND('Matriz riesgos de gestión'!$M$61="Alta",'Matriz riesgos de gestión'!$Q$61="Moderado"),CONCATENATE("R",'Matriz riesgos de gestión'!$A$61),"") | AB18: =IF(AND('Matriz riesgos de gestión'!$M$49="Alta",'Matriz riesgos de gestión'!$Q$49="Mayor"),CONCATENATE("R",'Matriz riesgos de gestión'!$A$49),"") | AD18: =IF(AND('Matriz riesgos de gestión'!$M$55="Alta",'Matriz riesgos de gestión'!$Q$55="Mayor"),CONCATENATE("R",'Matriz riesgos de gestión'!$A$55),"") | AF18: =IF(AND('Matriz riesgos de gestión'!$M$61="Alta",'Matriz riesgos de gestión'!$Q$61="Mayor"),CONCATENATE("R",'Matriz riesgos de gestión'!$A$61),"") | AH18: =IF(AND('Matriz riesgos de gestión'!$M$49="Alta",'Matriz riesgos de gestión'!$Q$49="Catastrófico"),CONCATENATE("R",'Matriz riesgos de gestión'!$A$49),"") | AJ18: =IF(AND('Matriz riesgos de gestión'!$M$55="Alta",'Matriz riesgos de gestión'!$Q$55="Catastrófico"),CONCATENATE("R",'Matriz riesgos de gestión'!$A$55),"") | AL18: =IF(AND('Matriz riesgos de gestión'!$M$61="Alta",'Matriz riesgos de gestión'!$Q$61="Catastrófico"),CONCATENATE("R",'Matriz riesgos de gestión'!$A$61),"")
J20: =IF(AND('Matriz riesgos de gestión'!$M$67="Alta",'Matriz riesgos de gestión'!$Q$67="Leve"),CONCATENATE("R",'Matriz riesgos de gestión'!$A$67),"") | L20: =IF(AND('Matriz riesgos de gestión'!$M$73="Alta",'Matriz riesgos de gestión'!$Q$73="Leve"),CONCATENATE("R",'Matriz riesgos de gestión'!$A$73),"") | N20: =IF(AND('Matriz riesgos de gestión'!$M$79="Alta",'Matriz riesgos de gestión'!$Q$79="Leve"),CONCATENATE("R",'Matriz riesgos de gestión'!$A$79),"") | P20: =IF(AND('Matriz riesgos de gestión'!$M$67="Alta",'Matriz riesgos de gestión'!$Q$67="Menor"),CONCATENATE("R",'Matriz riesgos de gestión'!$A$67),"") | R20: =IF(AND('Matriz riesgos de gestión'!$M$73="Alta",'Matriz riesgos de gestión'!$Q$73="Menor"),CONCATENATE("R",'Matriz riesgos de gestión'!$A$73),"") | T20: =IF(AND('Matriz riesgos de gestión'!$M$79="Alta",'Matriz riesgos de gestión'!$Q$79="Menor"),CONCATENATE("R",'Matriz riesgos de gestión'!$A$79),"") | V20: =IF(AND('Matriz riesgos de gestión'!$M$67="Alta",'Matriz riesgos de gestión'!$Q$67="Moderado"),CONCATENATE("R",'Matriz riesgos de gestión'!$A$67),"") | X20: =IF(AND('Matriz riesgos de gestión'!$M$73="Alta",'Matriz riesgos de gestión'!$Q$73="Moderado"),CONCATENATE("R",'Matriz riesgos de gestión'!$A$73),"") | Z20: =IF(AND('Matriz riesgos de gestión'!$M$79="Alta",'Matriz riesgos de gestión'!$Q$79="Moderado"),CONCATENATE("R",'Matriz riesgos de gestión'!$A$79),"") | AB20: =IF(AND('Matriz riesgos de gestión'!$M$67="Alta",'Matriz riesgos de gestión'!$Q$67="Mayor"),CONCATENATE("R",'Matriz riesgos de gestión'!$A$67),"") | AD20: =IF(AND('Matriz riesgos de gestión'!$M$73="Alta",'Matriz riesgos de gestión'!$Q$73="Mayor"),CONCATENATE("R",'Matriz riesgos de gestión'!$A$73),"") | AF20: =IF(AND('Matriz riesgos de gestión'!$M$79="Alta",'Matriz riesgos de gestión'!$Q$79="Mayor"),CONCATENATE("R",'Matriz riesgos de gestión'!$A$79),"") | AH20: =IF(AND('Matriz riesgos de gestión'!$M$67="Alta",'Matriz riesgos de gestión'!$Q$67="Catastrófico"),CONCATENATE("R",'Matriz riesgos de gestión'!$A$67),"") | AJ20: =IF(AND('Matriz riesgos de gestión'!$M$73="Alta",'Matriz riesgos de gestión'!$Q$73="Catastrófico"),CONCATENATE("R",'Matriz riesgos de gestión'!$A$73),"") | AL20: =IF(AND('Matriz riesgos de gestión'!$M$79="Alta",'Matriz riesgos de gestión'!$Q$79="Catastrófico"),CONCATENATE("R",'Matriz riesgos de gestión'!$A$79),"")
E22: Media 60% | J22: =IF(AND('Matriz riesgos de gestión'!$M$4="Media",'Matriz riesgos de gestión'!$Q$4="Leve"),CONCATENATE("R",'Matriz riesgos de gestión'!$A$4),"") | L22: =IF(AND('Matriz riesgos de gestión'!$M$15="Media",'Matriz riesgos de gestión'!$Q$15="Leve"),CONCATENATE("R",'Matriz riesgos de gestión'!$A$15),"") | N22: =IF(AND('Matriz riesgos de gestión'!$M$25="Media",'Matriz riesgos de gestión'!$Q$25="Leve"),CONCATENATE("R",'Matriz riesgos de gestión'!$A$25),"") | P22: =IF(AND('Matriz riesgos de gestión'!$M$4="Media",'Matriz riesgos de gestión'!$Q$4="Menor"),CONCATENATE("R",'Matriz riesgos de gestión'!$A$4),"") -> R1 | R22: =IF(AND('Matriz riesgos de gestión'!$M$15="Media",'Matriz riesgos de gestión'!$Q$15="Menor"),CONCATENATE("R",'Matriz riesgos de gestión'!$A$15),"") | T22: =IF(AND('Matriz riesgos de gestión'!$M$25="Media",'Matriz riesgos de gestión'!$Q$25="Menor"),CONCATENATE("R",'Matriz riesgos de gestión'!$A$25),"") | V22: =IF(AND('Matriz riesgos de gestión'!$M$4="Media",'Matriz riesgos de gestión'!$Q$4="Moderado"),CONCATENATE("R",'Matriz riesgos de gestión'!$A$4),"") | X22: =IF(AND('Matriz riesgos de gestión'!$M$15="Media",'Matriz riesgos de gestión'!$Q$15="Moderado"),CONCATENATE("R",'Matriz riesgos de gestión'!$A$15),"") | Z22: =IF(AND('Matriz riesgos de gestión'!$M$25="Media",'Matriz riesgos de gestión'!$Q$25="Moderado"),CONCATENATE("R",'Matriz riesgos de gestión'!$A$25),"") -> R9 | AB22: =IF(AND('Matriz riesgos de gestión'!$M$4="Media",'Matriz riesgos de gestión'!$Q$4="Mayor"),CONCATENATE("R",'Matriz riesgos de gestión'!$A$4),"") | AD22: =IF(AND('Matriz riesgos de gestión'!$M$15="Media",'Matriz riesgos de gestión'!$Q$15="Mayor"),CONCATENATE("R",'Matriz riesgos de gestión'!$A$15),"") -> R6 | AF22: =IF(AND('Matriz riesgos de gestión'!$M$25="Media",'Matriz riesgos de gestión'!$Q$25="Mayor"),CONCATENATE("R",'Matriz riesgos de gestión'!$A$25),"") | AH22: =IF(AND('Matriz riesgos de gestión'!$M$4="Media",'Matriz riesgos de gestión'!$Q$4="Catastrófico"),CONCATENATE("R",'Matriz riesgos de gestión'!$A$4),"") | AJ22: =IF(AND('Matriz riesgos de gestión'!$M$15="Media",'Matriz riesgos de gestión'!$Q$15="Catastrófico"),CONCATENATE("R",'Matriz riesgos de gestión'!$A$15),"") | AL22: =IF(AND('Matriz riesgos de gestión'!$M$25="Media",'Matriz riesgos de gestión'!$Q$25="Catastrófico"),CONCATENATE("R",'Matriz riesgos de gestión'!$A$25),"") | AO22: Moderado
J24: =IF(AND('Matriz riesgos de gestión'!$M$31="Media",'Matriz riesgos de gestión'!$Q$31="Leve"),CONCATENATE("R",'Matriz riesgos de gestión'!$A$31),"") | L24: =IF(AND('Matriz riesgos de gestión'!$M$37="Media",'Matriz riesgos de gestión'!$Q$37="Leve"),CONCATENATE("R",'Matriz riesgos de gestión'!$A$37),"") | N24: =IF(AND('Matriz riesgos de gestión'!$M$43="Media",'Matriz riesgos de gestión'!$Q$43="Leve"),CONCATENATE("R",'Matriz riesgos de gestión'!$A$43),"") | P24: =IF(AND('Matriz riesgos de gestión'!$M$31="Media",'Matriz riesgos de gestión'!$Q$31="Menor"),CONCATENATE("R",'Matriz riesgos de gestión'!$A$31),"") | R24: =IF(AND('Matriz riesgos de gestión'!$M$37="Media",'Matriz riesgos de gestión'!$Q$37="Menor"),CONCATENATE("R",'Matriz riesgos de gestión'!$A$37),"") | T24: =IF(AND('Matriz riesgos de gestión'!$M$43="Media",'Matriz riesgos de gestión'!$Q$43="Menor"),CONCATENATE("R",'Matriz riesgos de gestión'!$A$43),"") | V24: =IF(AND('Matriz riesgos de gestión'!$M$31="Media",'Matriz riesgos de gestión'!$Q$31="Moderado"),CONCATENATE("R",'Matriz riesgos de gestión'!$A$31),"") | X24: =IF(AND('Matriz riesgos de gestión'!$M$37="Media",'Matriz riesgos de gestión'!$Q$37="Moderado"),CONCATENATE("R",'Matriz riesgos de gestión'!$A$37),"") -> R14 | Z24: =IF(AND('Matriz riesgos de gestión'!$M$43="Media",'Matriz riesgos de gestión'!$Q$43="Moderado"),CONCATENATE("R",'Matriz riesgos de gestión'!$A$43),"") | AB24: =IF(AND('Matriz riesgos de gestión'!$M$31="Media",'Matriz riesgos de gestión'!$Q$31="Mayor"),CONCATENATE("R",'Matriz riesgos de gestión'!$A$31),"") | AD24: =IF(AND('Matriz riesgos de gestión'!$M$37="Media",'Matriz riesgos de gestión'!$Q$37="Mayor"),CONCATENATE("R",'Matriz riesgos de gestión'!$A$37),"") | AF24: =IF(AND('Matriz riesgos de gestión'!$M$43="Media",'Matriz riesgos de gestión'!$Q$43="Mayor"),CONCATENATE("R",'Matriz riesgos de gestión'!$A$43),"") | AH24: =IF(AND('Matriz riesgos de gestión'!$M$31="Media",'Matriz riesgos de gestión'!$Q$31="Catastrófico"),CONCATENATE("R",'Matriz riesgos de gestión'!$A$31),"") | AJ24: =IF(AND('Matriz riesgos de gestión'!$M$37="Media",'Matriz riesgos de gestión'!$Q$37="Catastrófico"),CONCATENATE("R",'Matriz riesgos de gestión'!$A$37),"") | AL24: =IF(AND('Matriz riesgos de gestión'!$M$43="Media",'Matriz riesgos de gestión'!$Q$43="Catastrófico"),CONCATENATE("R",'Matriz riesgos de gestión'!$A$43),"")
J26: =IF(AND('Matriz riesgos de gestión'!$M$49="Media",'Matriz riesgos de gestión'!$Q$49="Leve"),CONCATENATE("R",'Matriz riesgos de gestión'!$A$49),"") | L26: =IF(AND('Matriz riesgos de gestión'!$M$55="Media",'Matriz riesgos de gestión'!$Q$55="Leve"),CONCATENATE("R",'Matriz riesgos de gestión'!$A$55),"") | N26: =IF(AND('Matriz riesgos de gestión'!$M$61="Media",'Matriz riesgos de gestión'!$Q$61="Leve"),CONCATENATE("R",'Matriz riesgos de gestión'!$A$61),"") | P26: =IF(AND('Matriz riesgos de gestión'!$M$49="Media",'Matriz riesgos de gestión'!$Q$49="Menor"),CONCATENATE("R",'Matriz riesgos de gestión'!$A$49),"") | R26: =IF(AND('Matriz riesgos de gestión'!$M$55="Media",'Matriz riesgos de gestión'!$Q$55="Menor"),CONCATENATE("R",'Matriz riesgos de gestión'!$A$55),"") | T26: =IF(AND('Matriz riesgos de gestión'!$M$61="Media",'Matriz riesgos de gestión'!$Q$61="Menor"),CONCATENATE("R",'Matriz riesgos de gestión'!$A$61),"") | V26: =IF(AND('Matriz riesgos de gestión'!$M$49="Media",'Matriz riesgos de gestión'!$Q$49="Moderado"),CONCATENATE("R",'Matriz riesgos de gestión'!$A$49),"") | X26: =IF(AND('Matriz riesgos de gestión'!$M$55="Media",'Matriz riesgos de gestión'!$Q$55="Moderado"),CONCATENATE("R",'Matriz riesgos de gestión'!$A$55),"") | Z26: =IF(AND('Matriz riesgos de gestión'!$M$61="Media",'Matriz riesgos de gestión'!$Q$61="Moderado"),CONCATENATE("R",'Matriz riesgos de gestión'!$A$61),"") -> R30 | AB26: =IF(AND('Matriz riesgos de gestión'!$M$49="Media",'Matriz riesgos de gestión'!$Q$49="Mayor"),CONCATENATE("R",'Matriz riesgos de gestión'!$A$49),"") | AD26: =IF(AND('Matriz riesgos de gestión'!$M$55="Media",'Matriz riesgos de gestión'!$Q$55="Mayor"),CONCATENATE("R",'Matriz riesgos de gestión'!$A$55),"") | AF26: =IF(AND('Matriz riesgos de gestión'!$M$61="Media",'Matriz riesgos de gestión'!$Q$61="Mayor"),CONCATENATE("R",'Matriz riesgos de gestión'!$A$61),"") | AH26: =IF(AND('Matriz riesgos de gestión'!$M$49="Media",'Matriz riesgos de gestión'!$Q$49="Catastrófico"),CONCATENATE("R",'Matriz riesgos de gestión'!$A$49),"") | AJ26: =IF(AND('Matriz riesgos de gestión'!$M$55="Media",'Matriz riesgos de gestión'!$Q$55="Catastrófico"),CONCATENATE("R",'Matriz riesgos de gestión'!$A$55),"") | AL26: =IF(AND('Matriz riesgos de gestión'!$M$61="Media",'Matriz riesgos de gestión'!$Q$61="Catastrófico"),CONCATENATE("R",'Matriz riesgos de gestión'!$A$61),"")
J28: =IF(AND('Matriz riesgos de gestión'!$M$67="Media",'Matriz riesgos de gestión'!$Q$67="Leve"),CONCATENATE("R",'Matriz riesgos de gestión'!$A$67),"") | L28: =IF(AND('Matriz riesgos de gestión'!$M$73="Media",'Matriz riesgos de gestión'!$Q$73="Leve"),CONCATENATE("R",'Matriz riesgos de gestión'!$A$73),"") | N28: =IF(AND('Matriz riesgos de gestión'!$M$79="Media",'Matriz riesgos de gestión'!$Q$79="Leve"),CONCATENATE("R",'Matriz riesgos de gestión'!$A$79),"") | P28: =IF(AND('Matriz riesgos de gestión'!$M$67="Media",'Matriz riesgos de gestión'!$Q$67="Menor"),CONCATENATE("R",'Matriz riesgos de gestión'!$A$67),"") | R28: =IF(AND('Matriz riesgos de gestión'!$M$73="Media",'Matriz riesgos de gestión'!$Q$73="Menor"),CONCATENATE("R",'Matriz riesgos de gestión'!$A$73),"") | T28: =IF(AND('Matriz riesgos de gestión'!$M$79="Media",'Matriz riesgos de gestión'!$Q$79="Menor"),CONCATENATE("R",'Matriz riesgos de gestión'!$A$79),"") | V28: =IF(AND('Matriz riesgos de gestión'!$M$67="Media",'Matriz riesgos de gestión'!$Q$67="Moderado"),CONCATENATE("R",'Matriz riesgos de gestión'!$A$67),"") | X28: =IF(AND('Matriz riesgos de gestión'!$M$73="Media",'Matriz riesgos de gestión'!$Q$73="Moderado"),CONCATENATE("R",'Matriz riesgos de gestión'!$A$73),"") | Z28: =IF(AND('Matriz riesgos de gestión'!$M$79="Media",'Matriz riesgos de gestión'!$Q$79="Moderado"),CONCATENATE("R",'Matriz riesgos de gestión'!$A$79),"") | AB28: =IF(AND('Matriz riesgos de gestión'!$M$67="Media",'Matriz riesgos de gestión'!$Q$67="Mayor"),CONCATENATE("R",'Matriz riesgos de gestión'!$A$67),"") | AD28: =IF(AND('Matriz riesgos de gestión'!$M$73="Media",'Matriz riesgos de gestión'!$Q$73="Mayor"),CONCATENATE("R",'Matriz riesgos de gestión'!$A$73),"") | AF28: =IF(AND('Matriz riesgos de gestión'!$M$79="Media",'Matriz riesgos de gestión'!$Q$79="Mayor"),CONCATENATE("R",'Matriz riesgos de gestión'!$A$79),"") | AH28: =IF(AND('Matriz riesgos de gestión'!$M$67="Media",'Matriz riesgos de gestión'!$Q$67="Catastrófico"),CONCATENATE("R",'Matriz riesgos de gestión'!$A$67),"") | AJ28: =IF(AND('Matriz riesgos de gestión'!$M$73="Media",'Matriz riesgos de gestión'!$Q$73="Catastrófico"),CONCATENATE("R",'Matriz riesgos de gestión'!$A$73),"") | AL28: =IF(AND('Matriz riesgos de gestión'!$M$79="Media",'Matriz riesgos de gestión'!$Q$79="Catastrófico"),CONCATENATE("R",'Matriz riesgos de gestión'!$A$79),"")
E30: Baja 40% | J30: =IF(AND('Matriz riesgos de gestión'!$M$4="Baja",'Matriz riesgos de gestión'!$Q$4="Leve"),CONCATENATE("R",'Matriz riesgos de gestión'!$A$4),"") | L30: =IF(AND('Matriz riesgos de gestión'!$M$15="Baja",'Matriz riesgos de gestión'!$Q$15="Leve"),CONCATENATE("R",'Matriz riesgos de gestión'!$A$15),"") | N30: =IF(AND('Matriz riesgos de gestión'!$M$25="Baja",'Matriz riesgos de gestión'!$Q$25="Leve"),CONCATENATE("R",'Matriz riesgos de gestión'!$A$25),"") | P30: =IF(AND('Matriz riesgos de gestión'!$M$4="Baja",'Matriz riesgos de gestión'!$Q$4="Menor"),CONCATENATE("R",'Matriz riesgos de gestión'!$A$4),"") | R30: =IF(AND('Matriz riesgos de gestión'!$M$15="Baja",'Matriz riesgos de gestión'!$Q$15="Menor"),CONCATENATE("R",'Matriz riesgos de gestión'!$A$15),"") | T30: =IF(AND('Matriz riesgos de gestión'!$M$25="Baja",'Matriz riesgos de gestión'!$Q$25="Menor"),CONCATENATE("R",'Matriz riesgos de gestión'!$A$25),"") | V30: =IF(AND('Matriz riesgos de gestión'!$M$4="Baja",'Matriz riesgos de gestión'!$Q$4="Moderado"),CONCATENATE("R",'Matriz riesgos de gestión'!$A$4),"") | X30: =IF(AND('Matriz riesgos de gestión'!$M$15="Baja",'Matriz riesgos de gestión'!$Q$15="Moderado"),CONCATENATE("R",'Matriz riesgos de gestión'!$A$15),"") | Z30: =IF(AND('Matriz riesgos de gestión'!$M$25="Baja",'Matriz riesgos de gestión'!$Q$25="Moderado"),CONCATENATE("R",'Matriz riesgos de gestión'!$A$25),"") | AB30: =IF(AND('Matriz riesgos de gestión'!$M$4="Baja",'Matriz riesgos de gestión'!$Q$4="Mayor"),CONCATENATE("R",'Matriz riesgos de gestión'!$A$4),"") | AD30: =IF(AND('Matriz riesgos de gestión'!$M$15="Baja",'Matriz riesgos de gestión'!$Q$15="Mayor"),CONCATENATE("R",'Matriz riesgos de gestión'!$A$15),"") | AF30: =IF(AND('Matriz riesgos de gestión'!$M$25="Baja",'Matriz riesgos de gestión'!$Q$25="Mayor"),CONCATENATE("R",'Matriz riesgos de gestión'!$A$25),"") | AH30: =IF(AND('Matriz riesgos de gestión'!$M$4="Baja",'Matriz riesgos de gestión'!$Q$4="Catastrófico"),CONCATENATE("R",'Matriz riesgos de gestión'!$A$4),"") | AJ30: =IF(AND('Matriz riesgos de gestión'!$M$15="Baja",'Matriz riesgos de gestión'!$Q$15="Catastrófico"),CONCATENATE("R",'Matriz riesgos de gestión'!$A$15),"") | AL30: =IF(AND('Matriz riesgos de gestión'!$M$25="Baja",'Matriz riesgos de gestión'!$Q$25="Catastrófico"),CONCATENATE("R",'Matriz riesgos de gestión'!$A$25),"") | AO30: Bajo
J32: =IF(AND('Matriz riesgos de gestión'!$M$31="Baja",'Matriz riesgos de gestión'!$Q$31="Leve"),CONCATENATE("R",'Matriz riesgos de gestión'!$A$31),"") | L32: =IF(AND('Matriz riesgos de gestión'!$M$37="Baja",'Matriz riesgos de gestión'!$Q$37="Leve"),CONCATENATE("R",'Matriz riesgos de gestión'!$A$37),"") | N32: =IF(AND('Matriz riesgos de gestión'!$M$43="Baja",'Matriz riesgos de gestión'!$Q$43="Leve"),CONCATENATE("R",'Matriz riesgos de gestión'!$A$43),"") | P32: =IF(AND('Matriz riesgos de gestión'!$M$31="Baja",'Matriz riesgos de gestión'!$Q$31="Menor"),CONCATENATE("R",'Matriz riesgos de gestión'!$A$31),"") | R32: =IF(AND('Matriz riesgos de gestión'!$M$37="Baja",'Matriz riesgos de gestión'!$Q$37="Menor"),CONCATENATE("R",'Matriz riesgos de gestión'!$A$37),"") | T32: =IF(AND('Matriz riesgos de gestión'!$M$43="Baja",'Matriz riesgos de gestión'!$Q$43="Menor"),CONCATENATE("R",'Matriz riesgos de gestión'!$A$43),"") | V32: =IF(AND('Matriz riesgos de gestión'!$M$31="Baja",'Matriz riesgos de gestión'!$Q$31="Moderado"),CONCATENATE("R",'Matriz riesgos de gestión'!$A$31),"") -> R11 | X32: =IF(AND('Matriz riesgos de gestión'!$M$37="Baja",'Matriz riesgos de gestión'!$Q$37="Moderado"),CONCATENATE("R",'Matriz riesgos de gestión'!$A$37),"") | Z32: =IF(AND('Matriz riesgos de gestión'!$M$43="Baja",'Matriz riesgos de gestión'!$Q$43="Moderado"),CONCATENATE("R",'Matriz riesgos de gestión'!$A$43),"") | AB32: =IF(AND('Matriz riesgos de gestión'!$M$31="Baja",'Matriz riesgos de gestión'!$Q$31="Mayor"),CONCATENATE("R",'Matriz riesgos de gestión'!$A$31),"") | AD32: =IF(AND('Matriz riesgos de gestión'!$M$37="Baja",'Matriz riesgos de gestión'!$Q$37="Mayor"),CONCATENATE("R",'Matriz riesgos de gestión'!$A$37),"") | AF32: =IF(AND('Matriz riesgos de gestión'!$M$43="Baja",'Matriz riesgos de gestión'!$Q$43="Mayor"),CONCATENATE("R",'Matriz riesgos de gestión'!$A$43),"") | AH32: =IF(AND('Matriz riesgos de gestión'!$M$31="Baja",'Matriz riesgos de gestión'!$Q$31="Catastrófico"),CONCATENATE("R",'Matriz riesgos de gestión'!$A$31),"") | AJ32: =IF(AND('Matriz riesgos de gestión'!$M$37="Baja",'Matriz riesgos de gestión'!$Q$37="Catastrófico"),CONCATENATE("R",'Matriz riesgos de gestión'!$A$37),"") | AL32: =IF(AND('Matriz riesgos de gestión'!$M$43="Baja",'Matriz riesgos de gestión'!$Q$43="Catastrófico"),CONCATENATE("R",'Matriz riesgos de gestión'!$A$43),"")
J34: =IF(AND('Matriz riesgos de gestión'!$M$49="Baja",'Matriz riesgos de gestión'!$Q$49="Leve"),CONCATENATE("R",'Matriz riesgos de gestión'!$A$49),"") | L34: =IF(AND('Matriz riesgos de gestión'!$M$55="Baja",'Matriz riesgos de gestión'!$Q$55="Leve"),CONCATENATE("R",'Matriz riesgos de gestión'!$A$55),"") | N34: =IF(AND('Matriz riesgos de gestión'!$M$61="Baja",'Matriz riesgos de gestión'!$Q$61="Leve"),CONCATENATE("R",'Matriz riesgos de gestión'!$A$61),"") | P34: =IF(AND('Matriz riesgos de gestión'!$M$49="Baja",'Matriz riesgos de gestión'!$Q$49="Menor"),CONCATENATE("R",'Matriz riesgos de gestión'!$A$49),"") | R34: =IF(AND('Matriz riesgos de gestión'!$M$55="Baja",'Matriz riesgos de gestión'!$Q$55="Menor"),CONCATENATE("R",'Matriz riesgos de gestión'!$A$55),"") | T34: =IF(AND('Matriz riesgos de gestión'!$M$61="Baja",'Matriz riesgos de gestión'!$Q$61="Menor"),CONCATENATE("R",'Matriz riesgos de gestión'!$A$61),"") | V34: =IF(AND('Matriz riesgos de gestión'!$M$49="Baja",'Matriz riesgos de gestión'!$Q$49="Moderado"),CONCATENATE("R",'Matriz riesgos de gestión'!$A$49),"") | X34: =IF(AND('Matriz riesgos de gestión'!$M$55="Baja",'Matriz riesgos de gestión'!$Q$55="Moderado"),CONCATENATE("R",'Matriz riesgos de gestión'!$A$55),"") | Z34: =IF(AND('Matriz riesgos de gestión'!$M$61="Baja",'Matriz riesgos de gestión'!$Q$61="Moderado"),CONCATENATE("R",'Matriz riesgos de gestión'!$A$61),"") | AB34: =IF(AND('Matriz riesgos de gestión'!$M$49="Baja",'Matriz riesgos de gestión'!$Q$49="Mayor"),CONCATENATE("R",'Matriz riesgos de gestión'!$A$49),"") | AD34: =IF(AND('Matriz riesgos de gestión'!$M$55="Baja",'Matriz riesgos de gestión'!$Q$55="Mayor"),CONCATENATE("R",'Matriz riesgos de gestión'!$A$55),"") | AF34: =IF(AND('Matriz riesgos de gestión'!$M$61="Baja",'Matriz riesgos de gestión'!$Q$61="Mayor"),CONCATENATE("R",'Matriz riesgos de gestión'!$A$61),"") | AH34: =IF(AND('Matriz riesgos de gestión'!$M$49="Baja",'Matriz riesgos de gestión'!$Q$49="Catastrófico"),CONCATENATE("R",'Matriz riesgos de gestión'!$A$49),"") | AJ34: =IF(AND('Matriz riesgos de gestión'!$M$55="Baja",'Matriz riesgos de gestión'!$Q$55="Catastrófico"),CONCATENATE("R",'Matriz riesgos de gestión'!$A$55),"") | AL34: =IF(AND('Matriz riesgos de gestión'!$M$61="Baja",'Matriz riesgos de gestión'!$Q$61="Catastrófico"),CONCATENATE("R",'Matriz riesgos de gestión'!$A$61),"")
J36: =IF(AND('Matriz riesgos de gestión'!$M$67="Baja",'Matriz riesgos de gestión'!$Q$67="Leve"),CONCATENATE("R",'Matriz riesgos de gestión'!$A$67),"") | L36: =IF(AND('Matriz riesgos de gestión'!$M$73="Baja",'Matriz riesgos de gestión'!$Q$73="Leve"),CONCATENATE("R",'Matriz riesgos de gestión'!$A$73),"") | N36: =IF(AND('Matriz riesgos de gestión'!$M$79="Baja",'Matriz riesgos de gestión'!$Q$79="Leve"),CONCATENATE("R",'Matriz riesgos de gestión'!$A$79),"") | P36: =IF(AND('Matriz riesgos de gestión'!$M$67="Baja",'Matriz riesgos de gestión'!$Q$67="Menor"),CONCATENATE("R",'Matriz riesgos de gestión'!$A$67),"") | R36: =IF(AND('Matriz riesgos de gestión'!$M$73="Baja",'Matriz riesgos de gestión'!$Q$73="Menor"),CONCATENATE("R",'Matriz riesgos de gestión'!$A$73),"") | T36: =IF(AND('Matriz riesgos de gestión'!$M$79="Baja",'Matriz riesgos de gestión'!$Q$79="Menor"),CONCATENATE("R",'Matriz riesgos de gestión'!$A$79),"") | V36: =IF(AND('Matriz riesgos de gestión'!$M$67="Baja",'Matriz riesgos de gestión'!$Q$67="Moderado"),CONCATENATE("R",'Matriz riesgos de gestión'!$A$67),"") | X36: =IF(AND('Matriz riesgos de gestión'!$M$73="Baja",'Matriz riesgos de gestión'!$Q$73="Moderado"),CONCATENATE("R",'Matriz riesgos de gestión'!$A$73),"") -> R33 | Z36: =IF(AND('Matriz riesgos de gestión'!$M$79="Baja",'Matriz riesgos de gestión'!$Q$79="Moderado"),CONCATENATE("R",'Matriz riesgos de gestión'!$A$79),"") | AB36: =IF(AND('Matriz riesgos de gestión'!$M$67="Baja",'Matriz riesgos de gestión'!$Q$67="Mayor"),CONCATENATE("R",'Matriz riesgos de gestión'!$A$67),"") -> R31 | AD36: =IF(AND('Matriz riesgos de gestión'!$M$73="Baja",'Matriz riesgos de gestión'!$Q$73="Mayor"),CONCATENATE("R",'Matriz riesgos de gestión'!$A$73),"") | AF36: =IF(AND('Matriz riesgos de gestión'!$M$79="Baja",'Matriz riesgos de gestión'!$Q$79="Mayor"),CONCATENATE("R",'Matriz riesgos de gestión'!$A$79),"") | AH36: =IF(AND('Matriz riesgos de gestión'!$M$67="Baja",'Matriz riesgos de gestión'!$Q$67="Catastrófico"),CONCATENATE("R",'Matriz riesgos de gestión'!$A$67),"") | AJ36: =IF(AND('Matriz riesgos de gestión'!$M$73="Baja",'Matriz riesgos de gestión'!$Q$73="Catastrófico"),CONCATENATE("R",'Matriz riesgos de gestión'!$A$73),"") | AL36: =IF(AND('Matriz riesgos de gestión'!$M$79="Baja",'Matriz riesgos de gestión'!$Q$79="Catastrófico"),CONCATENATE("R",'Matriz riesgos de gestión'!$A$79),"") -> R36
E38: Muy Baja 20% | J38: =IF(AND('Matriz riesgos de gestión'!$M$4="Muy Baja",'Matriz riesgos de gestión'!$Q$4="Leve"),CONCATENATE("R",'Matriz riesgos de gestión'!$A$4),"") | L38: =IF(AND('Matriz riesgos de gestión'!$M$15="Muy Baja",'Matriz riesgos de gestión'!$Q$15="Leve"),CONCATENATE("R",'Matriz riesgos de gestión'!$A$15),"") | N38: =IF(AND('Matriz riesgos de gestión'!$M$25="Muy Baja",'Matriz riesgos de gestión'!$Q$25="Leve"),CONCATENATE("R",'Matriz riesgos de gestión'!$A$25),"") | P38: =IF(AND('Matriz riesgos de gestión'!$M$4="Muy Baja",'Matriz riesgos de gestión'!$Q$4="Menor"),CONCATENATE("R",'Matriz riesgos de gestión'!$A$4),"") | R38: =IF(AND('Matriz riesgos de gestión'!$M$15="Muy Baja",'Matriz riesgos de gestión'!$Q$15="Menor"),CONCATENATE("R",'Matriz riesgos de gestión'!$A$15),"") | T38: =IF(AND('Matriz riesgos de gestión'!$M$25="Muy Baja",'Matriz riesgos de gestión'!$Q$25="Menor"),CONCATENATE("R",'Matriz riesgos de gestión'!$A$25),"") | V38: =IF(AND('Matriz riesgos de gestión'!$M$4="Muy Baja",'Matriz riesgos de gestión'!$Q$4="Moderado"),CONCATENATE("R",'Matriz riesgos de gestión'!$A$4),"") | X38: =IF(AND('Matriz riesgos de gestión'!$M$15="Muy Baja",'Matriz riesgos de gestión'!$Q$15="Moderado"),CONCATENATE("R",'Matriz riesgos de gestión'!$A$15),"") | Z38: =IF(AND('Matriz riesgos de gestión'!$M$25="Muy Baja",'Matriz riesgos de gestión'!$Q$25="Moderado"),CONCATENATE("R",'Matriz riesgos de gestión'!$A$25),"") | AB38: =IF(AND('Matriz riesgos de gestión'!$M$4="Muy Baja",'Matriz riesgos de gestión'!$Q$4="Mayor"),CONCATENATE("R",'Matriz riesgos de gestión'!$A$4),"") | AD38: =IF(AND('Matriz riesgos de gestión'!$M$15="Muy Baja",'Matriz riesgos de gestión'!$Q$15="Mayor"),CONCATENATE("R",'Matriz riesgos de gestión'!$A$15),"") | AF38: =IF(AND('Matriz riesgos de gestión'!$M$25="Muy Baja",'Matriz riesgos de gestión'!$Q$25="Mayor"),CONCATENATE("R",'Matriz riesgos de gestión'!$A$25),"") | AH38: =IF(AND('Matriz riesgos de gestión'!$M$4="Muy Baja",'Matriz riesgos de gestión'!$Q$4="Catastrófico"),CONCATENATE("R",'Matriz riesgos de gestión'!$A$4),"") | AJ38: =IF(AND('Matriz riesgos de gestión'!$M$15="Muy Baja",'Matriz riesgos de gestión'!$Q$15="Catastrófico"),CONCATENATE("R",'Matriz riesgos de gestión'!$A$15),"") | AL38: =IF(AND('Matriz riesgos de gestión'!$M$25="Muy Baja",'Matriz riesgos de gestión'!$Q$25="Catastrófico"),CONCATENATE("R",'Matriz riesgos de gestión'!$A$25),"")
J40: =IF(AND('Matriz riesgos de gestión'!$M$31="Muy Baja",'Matriz riesgos de gestión'!$Q$31="Leve"),CONCATENATE("R",'Matriz riesgos de gestión'!$A$31),"") | L40: =IF(AND('Matriz riesgos de gestión'!$M$37="Muy Baja",'Matriz riesgos de gestión'!$Q$37="Leve"),CONCATENATE("R",'Matriz riesgos de gestión'!$A$37),"") | N40: =IF(AND('Matriz riesgos de gestión'!$M$43="Muy Baja",'Matriz riesgos de gestión'!$Q$43="Leve"),CONCATENATE("R",'Matriz riesgos de gestión'!$A$43),"") | P40: =IF(AND('Matriz riesgos de gestión'!$M$31="Muy Baja",'Matriz riesgos de gestión'!$Q$31="Menor"),CONCATENATE("R",'Matriz riesgos de gestión'!$A$31),"") | R40: =IF(AND('Matriz riesgos de gestión'!$M$37="Muy Baja",'Matriz riesgos de gestión'!$Q$37="Menor"),CONCATENATE("R",'Matriz riesgos de gestión'!$A$37),"") | T40: =IF(AND('Matriz riesgos de gestión'!$M$43="Muy Baja",'Matriz riesgos de gestión'!$Q$43="Menor"),CONCATENATE("R",'Matriz riesgos de gestión'!$A$43),"") | V40: =IF(AND('Matriz riesgos de gestión'!$M$31="Muy Baja",'Matriz riesgos de gestión'!$Q$31="Moderado"),CONCATENATE("R",'Matriz riesgos de gestión'!$A$31),"") | X40: =IF(AND('Matriz riesgos de gestión'!$M$37="Muy Baja",'Matriz riesgos de gestión'!$Q$37="Moderado"),CONCATENATE("R",'Matriz riesgos de gestión'!$A$37),"") | Z40: =IF(AND('Matriz riesgos de gestión'!$M$43="Muy Baja",'Matriz riesgos de gestión'!$Q$43="Moderado"),CONCATENATE("R",'Matriz riesgos de gestión'!$A$43),"") | AB40: =IF(AND('Matriz riesgos de gestión'!$M$31="Muy Baja",'Matriz riesgos de gestión'!$Q$31="Mayor"),CONCATENATE("R",'Matriz riesgos de gestión'!$A$31),"") | AD40: =IF(AND('Matriz riesgos de gestión'!$M$37="Muy Baja",'Matriz riesgos de gestión'!$Q$37="Mayor"),CONCATENATE("R",'Matriz riesgos de gestión'!$A$37),"") | AF40: =IF(AND('Matriz riesgos de gestión'!$M$43="Muy Baja",'Matriz riesgos de gestión'!$Q$43="Mayor"),CONCATENATE("R",'Matriz riesgos de gestión'!$A$43),"") | AH40: =IF(AND('Matriz riesgos de gestión'!$M$31="Muy Baja",'Matriz riesgos de gestión'!$Q$31="Catastrófico"),CONCATENATE("R",'Matriz riesgos de gestión'!$A$31),"") | AJ40: =IF(AND('Matriz riesgos de gestión'!$M$37="Muy Baja",'Matriz riesgos de gestión'!$Q$37="Catastrófico"),CONCATENATE("R",'Matriz riesgos de gestión'!$A$37),"") | AL40: =IF(AND('Matriz riesgos de gestión'!$M$43="Muy Baja",'Matriz riesgos de gestión'!$Q$43="Catastrófico"),CONCATENATE("R",'Matriz riesgos de gestión'!$A$43),"")
J42: =IF(AND('Matriz riesgos de gestión'!$M$49="Muy Baja",'Matriz riesgos de gestión'!$Q$49="Leve"),CONCATENATE("R",'Matriz riesgos de gestión'!$A$49),"") | L42: =IF(AND('Matriz riesgos de gestión'!$M$55="Muy Baja",'Matriz riesgos de gestión'!$Q$55="Leve"),CONCATENATE("R",'Matriz riesgos de gestión'!$A$55),"") | N42: =IF(AND('Matriz riesgos de gestión'!$M$61="Muy Baja",'Matriz riesgos de gestión'!$Q$61="Leve"),CONCATENATE("R",'Matriz riesgos de gestión'!$A$61),"") | P42: =IF(AND('Matriz riesgos de gestión'!$M$49="Muy Baja",'Matriz riesgos de gestión'!$Q$49="Menor"),CONCATENATE("R",'Matriz riesgos de gestión'!$A$49),"") | R42: =IF(AND('Matriz riesgos de gestión'!$M$55="Muy Baja",'Matriz riesgos de gestión'!$Q$55="Menor"),CONCATENATE("R",'Matriz riesgos de gestión'!$A$55),"") | T42: =IF(AND('Matriz riesgos de gestión'!$M$61="Muy Baja",'Matriz riesgos de gestión'!$Q$61="Menor"),CONCATENATE("R",'Matriz riesgos de gestión'!$A$61),"") | V42: =IF(AND('Matriz riesgos de gestión'!$M$49="Muy Baja",'Matriz riesgos de gestión'!$Q$49="Moderado"),CONCATENATE("R",'Matriz riesgos de gestión'!$A$49),"") | X42: =IF(AND('Matriz riesgos de gestión'!$M$55="Muy Baja",'Matriz riesgos de gestión'!$Q$55="Moderado"),CONCATENATE("R",'Matriz riesgos de gestión'!$A$55),"") | Z42: =IF(AND('Matriz riesgos de gestión'!$M$61="Muy Baja",'Matriz riesgos de gestión'!$Q$61="Moderado"),CONCATENATE("R",'Matriz riesgos de gestión'!$A$61),"") | AB42: =IF(AND('Matriz riesgos de gestión'!$M$49="Muy Baja",'Matriz riesgos de gestión'!$Q$49="Mayor"),CONCATENATE("R",'Matriz riesgos de gestión'!$A$49),"") | AD42: =IF(AND('Matriz riesgos de gestión'!$M$55="Muy Baja",'Matriz riesgos de gestión'!$Q$55="Mayor"),CONCATENATE("R",'Matriz riesgos de gestión'!$A$55),"") | AF42: =IF(AND('Matriz riesgos de gestión'!$M$61="Muy Baja",'Matriz riesgos de gestión'!$Q$61="Mayor"),CONCATENATE("R",'Matriz riesgos de gestión'!$A$61),"") | AH42: =IF(AND('Matriz riesgos de gestión'!$M$49="Muy Baja",'Matriz riesgos de gestión'!$Q$49="Catastrófico"),CONCATENATE("R",'Matriz riesgos de gestión'!$A$49),"") | AJ42: =IF(AND('Matriz riesgos de gestión'!$M$55="Muy Baja",'Matriz riesgos de gestión'!$Q$55="Catastrófico"),CONCATENATE("R",'Matriz riesgos de gestión'!$A$55),"") | AL42: =IF(AND('Matriz riesgos de gestión'!$M$61="Muy Baja",'Matriz riesgos de gestión'!$Q$61="Catastrófico"),CONCATENATE("R",'Matriz riesgos de gestión'!$A$61),"")
J44: =IF(AND('Matriz riesgos de gestión'!$M$67="Muy Baja",'Matriz riesgos de gestión'!$Q$67="Leve"),CONCATENATE("R",'Matriz riesgos de gestión'!$A$67),"") | L44: =IF(AND('Matriz riesgos de gestión'!$M$73="Muy Baja",'Matriz riesgos de gestión'!$Q$73="Leve"),CONCATENATE("R",'Matriz riesgos de gestión'!$A$73),"") | N44: =IF(AND('Matriz riesgos de gestión'!$M$79="Muy Baja",'Matriz riesgos de gestión'!$Q$79="Leve"),CONCATENATE("R",'Matriz riesgos de gestión'!$A$79),"") | P44: =IF(AND('Matriz riesgos de gestión'!$M$67="Muy Baja",'Matriz riesgos de gestión'!$Q$67="Menor"),CONCATENATE("R",'Matriz riesgos de gestión'!$A$67),"") | R44: =IF(AND('Matriz riesgos de gestión'!$M$73="Muy Baja",'Matriz riesgos de gestión'!$Q$73="Menor"),CONCATENATE("R",'Matriz riesgos de gestión'!$A$73),"") | T44: =IF(AND('Matriz riesgos de gestión'!$M$79="Muy Baja",'Matriz riesgos de gestión'!$Q$79="Menor"),CONCATENATE("R",'Matriz riesgos de gestión'!$A$79),"") | V44: =IF(AND('Matriz riesgos de gestión'!$M$67="Muy Baja",'Matriz riesgos de gestión'!$Q$67="Moderado"),CONCATENATE("R",'Matriz riesgos de gestión'!$A$67),"") | X44: =IF(AND('Matriz riesgos de gestión'!$M$73="Muy Baja",'Matriz riesgos de gestión'!$Q$73="Moderado"),CONCATENATE("R",'Matriz riesgos de gestión'!$A$73),"") | Z44: =IF(AND('Matriz riesgos de gestión'!$M$79="Muy Baja",'Matriz riesgos de gestión'!$Q$79="Moderado"),CONCATENATE("R",'Matriz riesgos de gestión'!$A$79),"") | AB44: =IF(AND('Matriz riesgos de gestión'!$M$67="Muy Baja",'Matriz riesgos de gestión'!$Q$67="Mayor"),CONCATENATE("R",'Matriz riesgos de gestión'!$A$67),"") | AD44: =IF(AND('Matriz riesgos de gestión'!$M$73="Muy Baja",'Matriz riesgos de gestión'!$Q$73="Mayor"),CONCATENATE("R",'Matriz riesgos de gestión'!$A$73),"") | AF44: =IF(AND('Matriz riesgos de gestión'!$M$79="Muy Baja",'Matriz riesgos de gestión'!$Q$79="Mayor"),CONCATENATE("R",'Matriz riesgos de gestión'!$A$79),"") | AH44: =IF(AND('Matriz riesgos de gestión'!$M$67="Muy Baja",'Matriz riesgos de gestión'!$Q$67="Catastrófico"),CONCATENATE("R",'Matriz riesgos de gestión'!$A$67),"") | AJ44: =IF(AND('Matriz riesgos de gestión'!$M$73="Muy Baja",'Matriz riesgos de gestión'!$Q$73="Catastrófico"),CONCATENATE("R",'Matriz riesgos de gestión'!$A$73),"") | AL44: =IF(AND('Matriz riesgos de gestión'!$M$79="Muy Baja",'Matriz riesgos de gestión'!$Q$79="Catastrófico"),CONCATENATE("R",'Matriz riesgos de gestión'!$A$79),"")
J46: Leve 20% | P46: Menor 40% | V46: Moderado 60% | AB46: Mayor 80% | AH46: Catastrófico 100%

Sheet Matriz Calor Residual
B2: Matriz de Calor Residual | J2: Impacto
B6: Probabilidad | E6: Muy Alta 100% | J6: =IF(AND('Matriz riesgos de gestión'!$AD$4="Muy Alta",'Matriz riesgos de gestión'!$AF$4="Leve"),CONCATENATE("R1C",'Matriz riesgos de gestión'!$T$4),"") | K6: =IF(AND('Matriz riesgos de gestión'!$AD$5="Muy Alta",'Matriz riesgos de gestión'!$AF$5="Leve"),CONCATENATE("R1C",'Matriz riesgos de gestión'!$T$5),"") | L6: =IF(AND('Matriz riesgos de gestión'!$AD$6="Muy Alta",'Matriz riesgos de gestión'!$AF$6="Leve"),CONCATENATE("R1C",'Matriz riesgos de gestión'!$T$6),"") | M6: =IF(AND('Matriz riesgos de gestión'!$AD$7="Muy Alta",'Matriz riesgos de gestión'!$AF$7="Leve"),CONCATENATE("R1C",'Matriz riesgos de gestión'!$T$7),"") | N6: =IF(AND('Matriz riesgos de gestión'!$AD$8="Muy Alta",'Matriz riesgos de gestión'!$AF$8="Leve"),CONCATENATE("R1C",'Matriz riesgos de gestión'!$T$8),"") | O6: =IF(AND('Matriz riesgos de gestión'!$AD$9="Muy Alta",'Matriz riesgos de gestión'!$AF$9="Leve"),CONCATENATE("R1C",'Matriz riesgos de gestión'!$T$9),"") | P6: =IF(AND('Matriz riesgos de gestión'!$AD$4="Muy Alta",'Matriz riesgos de gestión'!$AF$4="Menor"),CONCATENATE("R1C",'Matriz riesgos de gestión'!$T$4),"") | Q6: =IF(AND('Matriz riesgos de gestión'!$AD$5="Muy Alta",'Matriz riesgos de gestión'!$AF$5="Menor"),CONCATENATE("R1C",'Matriz riesgos de gestión'!$T$5),"") | R6: =IF(AND('Matriz riesgos de gestión'!$AD$6="Muy Alta",'Matriz riesgos de gestión'!$AF$6="Menor"),CONCATENATE("R1C",'Matriz riesgos de gestión'!$T$6),"") | S6: =IF(AND('Matriz riesgos de gestión'!$AD$7="Muy Alta",'Matriz riesgos de gestión'!$AF$7="Menor"),CONCATENATE("R1C",'Matriz riesgos de gestión'!$T$7),"") | T6: =IF(AND('Matriz riesgos de gestión'!$AD$8="Muy Alta",'Matriz riesgos de gestión'!$AF$8="Menor"),CONCATENATE("R1C",'Matriz riesgos de gestión'!$T$8),"") | U6: =IF(AND('Matriz riesgos de gestión'!$AD$9="Muy Alta",'Matriz riesgos de gestión'!$AF$9="Menor"),CONCATENATE("R1C",'Matriz riesgos de gestión'!$T$9),"") | V6: =IF(AND('Matriz riesgos de gestión'!$AD$4="Muy Alta",'Matriz riesgos de gestión'!$AF$4="Moderado"),CONCATENATE("R1C",'Matriz riesgos de gestión'!$T$4),"") | W6: =IF(AND('Matriz riesgos de gestión'!$AD$5="Muy Alta",'Matriz riesgos de gestión'!$AF$5="Moderado"),CONCATENATE("R1C",'Matriz riesgos de gestión'!$T$5),"") | X6: =IF(AND('Matriz riesgos de gestión'!$AD$6="Muy Alta",'Matriz riesgos de gestión'!$AF$6="Moderado"),CONCATENATE("R1C",'Matriz riesgos de gestión'!$T$6),"") | Y6: =IF(AND('Matriz riesgos de gestión'!$AD$7="Muy Alta",'Matriz riesgos de gestión'!$AF$7="Moderado"),CONCATENATE("R1C",'Matriz riesgos de gestión'!$T$7),"") | Z6: =IF(AND('Matriz riesgos de gestión'!$AD$8="Muy Alta",'Matriz riesgos de gestión'!$AF$8="Moderado"),CONCATENATE("R1C",'Matriz riesgos de gestión'!$T$8),"") | AA6: =IF(AND('Matriz riesgos de gestión'!$AD$9="Muy Alta",'Matriz riesgos de gestión'!$AF$9="Moderado"),CONCATENATE("R1C",'Matriz riesgos de gestión'!$T$9),"") | AB6: =IF(AND('Matriz riesgos de gestión'!$AD$4="Muy Alta",'Matriz riesgos de gestión'!$AF$4="Mayor"),CONCATENATE("R1C",'Matriz riesgos de gestión'!$T$4),"") | AC6: =IF(AND('Matriz riesgos de gestión'!$AD$5="Muy Alta",'Matriz riesgos de gestión'!$AF$5="Mayor"),CONCATENATE("R1C",'Matriz riesgos de gestión'!$T$5),"") | AD6: =IF(AND('Matriz riesgos de gestión'!$AD$6="Muy Alta",'Matriz riesgos de gestión'!$AF$6="Mayor"),CONCATENATE("R1C",'Matriz riesgos de gestión'!$T$6),"") | AE6: =IF(AND('Matriz riesgos de gestión'!$AD$7="Muy Alta",'Matriz riesgos de gestión'!$AF$7="Mayor"),CONCATENATE("R1C",'Matriz riesgos de gestión'!$T$7),"") | AF6: =IF(AND('Matriz riesgos de gestión'!$AD$8="Muy Alta",'Matriz riesgos de gestión'!$AF$8="Mayor"),CONCATENATE("R1C",'Matriz riesgos de gestión'!$T$8),"") | AG6: =IF(AND('Matriz riesgos de gestión'!$AD$9="Muy Alta",'Matriz riesgos de gestión'!$AF$9="Mayor"),CONCATENATE("R1C",'Matriz riesgos de gestión'!$T$9),"") | AH6: =IF(AND('Matriz riesgos de gestión'!$AD$4="Muy Alta",'Matriz riesgos de gestión'!$AF$4="Catastrófico"),CONCATENATE("R1C",'Matriz riesgos de gestión'!$T$4),"") | AI6: =IF(AND('Matriz riesgos de gestión'!$AD$5="Muy Alta",'Matriz riesgos de gestión'!$AF$5="Catastrófico"),CONCATENATE("R1C",'Matriz riesgos de gestión'!$T$5),"") | AJ6: =IF(AND('Matriz riesgos de gestión'!$AD$6="Muy Alta",'Matriz riesgos de gestión'!$AF$6="Catastrófico"),CONCATENATE("R1C",'Matriz riesgos de gestión'!$T$6),"") | AK6: =IF(AND('Matriz riesgos de gestión'!$AD$7="Muy Alta",'Matriz riesgos de gestión'!$AF$7="Catastrófico"),CONCATENATE("R1C",'Matriz riesgos de gestión'!$T$7),"") | AL6: =IF(AND('Matriz riesgos de gestión'!$AD$8="Muy Alta",'Matriz riesgos de gestión'!$AF$8="Catastrófico"),CONCATENATE("R1C",'Matriz riesgos de gestión'!$T$8),"") | AM6: =IF(AND('Matriz riesgos de gestión'!$AD$9="Muy Alta",'Matriz riesgos de gestión'!$AF$9="Catastrófico"),CONCATENATE("R1C",'Matriz riesgos de gestión'!$T$9),"") | AO6: Extremo
J7: =IF(AND('Matriz riesgos de gestión'!$AD$15="Muy Alta",'Matriz riesgos de gestión'!$AF$15="Leve"),CONCATENATE("R2C",'Matriz riesgos de gestión'!$T$15),"") | K7: =IF(AND('Matriz riesgos de gestión'!$AD$16="Muy Alta",'Matriz riesgos de gestión'!$AF$16="Leve"),CONCATENATE("R2C",'Matriz riesgos de gestión'!$T$16),"") | L7: =IF(AND('Matriz riesgos de gestión'!$AD$17="Muy Alta",'Matriz riesgos de gestión'!$AF$17="Leve"),CONCATENATE("R2C",'Matriz riesgos de gestión'!$T$17),"") | M7: =IF(AND('Matriz riesgos de gestión'!$AD$22="Muy Alta",'Matriz riesgos de gestión'!$AF$22="Leve"),CONCATENATE("R2C",'Matriz riesgos de gestión'!$T$22),"") | N7: =IF(AND('Matriz riesgos de gestión'!$AD$23="Muy Alta",'Matriz riesgos de gestión'!$AF$23="Leve"),CONCATENATE("R2C",'Matriz riesgos de gestión'!$T$23),"") | O7: =IF(AND('Matriz riesgos de gestión'!$AD$24="Muy Alta",'Matriz riesgos de gestión'!$AF$24="Leve"),CONCATENATE("R2C",'Matriz riesgos de gestión'!$T$24),"") | P7: =IF(AND('Matriz riesgos de gestión'!$AD$15="Muy Alta",'Matriz riesgos de gestión'!$AF$15="Menor"),CONCATENATE("R2C",'Matriz riesgos de gestión'!$T$15),"") | Q7: =IF(AND('Matriz riesgos de gestión'!$AD$16="Muy Alta",'Matriz riesgos de gestión'!$AF$16="Menor"),CONCATENATE("R2C",'Matriz riesgos de gestión'!$T$16),"") | R7: =IF(AND('Matriz riesgos de gestión'!$AD$17="Muy Alta",'Matriz riesgos de gestión'!$AF$17="Menor"),CONCATENATE("R2C",'Matriz riesgos de gestión'!$T$17),"") | S7: =IF(AND('Matriz riesgos de gestión'!$AD$22="Muy Alta",'Matriz riesgos de gestión'!$AF$22="Menor"),CONCATENATE("R2C",'Matriz riesgos de gestión'!$T$22),"") | T7: =IF(AND('Matriz riesgos de gestión'!$AD$23="Muy Alta",'Matriz riesgos de gestión'!$AF$23="Menor"),CONCATENATE("R2C",'Matriz riesgos de gestión'!$T$23),"") | U7: =IF(AND('Matriz riesgos de gestión'!$AD$24="Muy Alta",'Matriz riesgos de gestión'!$AF$24="Menor"),CONCATENATE("R2C",'Matriz riesgos de gestión'!$T$24),"") | V7: =IF(AND('Matriz riesgos de gestión'!$AD$15="Muy Alta",'Matriz riesgos de gestión'!$AF$15="Moderado"),CONCATENATE("R2C",'Matriz riesgos de gestión'!$T$15),"") | W7: =IF(AND('Matriz riesgos de gestión'!$AD$16="Muy Alta",'Matriz riesgos de gestión'!$AF$16="Moderado"),CONCATENATE("R2C",'Matriz riesgos de gestión'!$T$16),"") | X7: =IF(AND('Matriz riesgos de gestión'!$AD$17="Muy Alta",'Matriz riesgos de gestión'!$AF$17="Moderado"),CONCATENATE("R2C",'Matriz riesgos de gestión'!$T$17),"") | Y7: =IF(AND('Matriz riesgos de gestión'!$AD$22="Muy Alta",'Matriz riesgos de gestión'!$AF$22="Moderado"),CONCATENATE("R2C",'Matriz riesgos de gestión'!$T$22),"") | Z7: =IF(AND('Matriz riesgos de gestión'!$AD$23="Muy Alta",'Matriz riesgos de gestión'!$AF$23="Moderado"),CONCATENATE("R2C",'Matriz riesgos de gestión'!$T$23),"") | AA7: =IF(AND('Matriz riesgos de gestión'!$AD$24="Muy Alta",'Matriz riesgos de gestión'!$AF$24="Moderado"),CONCATENATE("R2C",'Matriz riesgos de gestión'!$T$24),"") | AB7: =IF(AND('Matriz riesgos de gestión'!$AD$15="Muy Alta",'Matriz riesgos de gestión'!$AF$15="Mayor"),CONCATENATE("R2C",'Matriz riesgos de gestión'!$T$15),"") | AC7: =IF(AND('Matriz riesgos de gestión'!$AD$16="Muy Alta",'Matriz riesgos de gestión'!$AF$16="Mayor"),CONCATENATE("R2C",'Matriz riesgos de gestión'!$T$16),"") | AD7: =IF(AND('Matriz riesgos de gestión'!$AD$17="Muy Alta",'Matriz riesgos de gestión'!$AF$17="Mayor"),CONCATENATE("R2C",'Matriz riesgos de gestión'!$T$17),"") | AE7: =IF(AND('Matriz riesgos de gestión'!$AD$22="Muy Alta",'Matriz riesgos de gestión'!$AF$22="Mayor"),CONCATENATE("R2C",'Matriz riesgos de gestión'!$T$22),"") | AF7: =IF(AND('Matriz riesgos de gestión'!$AD$23="Muy Alta",'Matriz riesgos de gestión'!$AF$23="Mayor"),CONCATENATE("R2C",'Matriz riesgos de gestión'!$T$23),"") | AG7: =IF(AND('Matriz riesgos de gestión'!$AD$24="Muy Alta",'Matriz riesgos de gestión'!$AF$24="Mayor"),CONCATENATE("R2C",'Matriz riesgos de gestión'!$T$24),"") | AH7: =IF(AND('Matriz riesgos de gestión'!$AD$15="Muy Alta",'Matriz riesgos de gestión'!$AF$15="Catastrófico"),CONCATENATE("R2C",'Matriz riesgos de gestión'!$T$15),"") | AI7: =IF(AND('Matriz riesgos de gestión'!$AD$16="Muy Alta",'Matriz riesgos de gestión'!$AF$16="Catastrófico"),CONCATENATE("R2C",'Matriz riesgos de gestión'!$T$16),"") | AJ7: =IF(AND('Matriz riesgos de gestión'!$AD$17="Muy Alta",'Matriz riesgos de gestión'!$AF$17="Catastrófico"),CONCATENATE("R2C",'Matriz riesgos de gestión'!$T$17),"") | AK7: =IF(AND('Matriz riesgos de gestión'!$AD$22="Muy Alta",'Matriz riesgos de gestión'!$AF$22="Catastrófico"),CONCATENATE("R2C",'Matriz riesgos de gestión'!$T$22),"") | AL7: =IF(AND('Matriz riesgos de gestión'!$AD$23="Muy Alta",'Matriz riesgos de gestión'!$AF$23="Catastrófico"),CONCATENATE("R2C",'Matriz riesgos de gestión'!$T$23),"") | AM7: =IF(AND('Matriz riesgos de gestión'!$AD$24="Muy Alta",'Matriz riesgos de gestión'!$AF$24="Catastrófico"),CONCATENATE("R2C",'Matriz riesgos de gestión'!$T$24),"")
J8: =IF(AND('Matriz riesgos de gestión'!$AD$25="Muy Alta",'Matriz riesgos de gestión'!$AF$25="Leve"),CONCATENATE("R3C",'Matriz riesgos de gestión'!$T$25),"") | K8: =IF(AND('Matriz riesgos de gestión'!$AD$26="Muy Alta",'Matriz riesgos de gestión'!$AF$26="Leve"),CONCATENATE("R3C",'Matriz riesgos de gestión'!$T$26),"") | L8: =IF(AND('Matriz riesgos de gestión'!$AD$27="Muy Alta",'Matriz riesgos de gestión'!$AF$27="Leve"),CONCATENATE("R3C",'Matriz riesgos de gestión'!$T$27),"") | M8: =IF(AND('Matriz riesgos de gestión'!$AD$28="Muy Alta",'Matriz riesgos de gestión'!$AF$28="Leve"),CONCATENATE("R3C",'Matriz riesgos de gestión'!$T$28),"") | N8: =IF(AND('Matriz riesgos de gestión'!$AD$29="Muy Alta",'Matriz riesgos de gestión'!$AF$29="Leve"),CONCATENATE("R3C",'Matriz riesgos de gestión'!$T$29),"") | O8: =IF(AND('Matriz riesgos de gestión'!$AD$30="Muy Alta",'Matriz riesgos de gestión'!$AF$30="Leve"),CONCATENATE("R3C",'Matriz riesgos de gestión'!$T$30),"") | P8: =IF(AND('Matriz riesgos de gestión'!$AD$25="Muy Alta",'Matriz riesgos de gestión'!$AF$25="Menor"),CONCATENATE("R3C",'Matriz riesgos de gestión'!$T$25),"") | Q8: =IF(AND('Matriz riesgos de gestión'!$AD$26="Muy Alta",'Matriz riesgos de gestión'!$AF$26="Menor"),CONCATENATE("R3C",'Matriz riesgos de gestión'!$T$26),"") | R8: =IF(AND('Matriz riesgos de gestión'!$AD$27="Muy Alta",'Matriz riesgos de gestión'!$AF$27="Menor"),CONCATENATE("R3C",'Matriz riesgos de gestión'!$T$27),"") | S8: =IF(AND('Matriz riesgos de gestión'!$AD$28="Muy Alta",'Matriz riesgos de gestión'!$AF$28="Menor"),CONCATENATE("R3C",'Matriz riesgos de gestión'!$T$28),"") | T8: =IF(AND('Matriz riesgos de gestión'!$AD$29="Muy Alta",'Matriz riesgos de gestión'!$AF$29="Menor"),CONCATENATE("R3C",'Matriz riesgos de gestión'!$T$29),"") | U8: =IF(AND('Matriz riesgos de gestión'!$AD$30="Muy Alta",'Matriz riesgos de gestión'!$AF$30="Menor"),CONCATENATE("R3C",'Matriz riesgos de gestión'!$T$30),"") | V8: =IF(AND('Matriz riesgos de gestión'!$AD$25="Muy Alta",'Matriz riesgos de gestión'!$AF$25="Moderado"),CONCATENATE("R3C",'Matriz riesgos de gestión'!$T$25),"") | W8: =IF(AND('Matriz riesgos de gestión'!$AD$26="Muy Alta",'Matriz riesgos de gestión'!$AF$26="Moderado"),CONCATENATE("R3C",'Matriz riesgos de gestión'!$T$26),"") | X8: =IF(AND('Matriz riesgos de gestión'!$AD$27="Muy Alta",'Matriz riesgos de gestión'!$AF$27="Moderado"),CONCATENATE("R3C",'Matriz riesgos de gestión'!$T$27),"") | Y8: =IF(AND('Matriz riesgos de gestión'!$AD$28="Muy Alta",'Matriz riesgos de gestión'!$AF$28="Moderado"),CONCATENATE("R3C",'Matriz riesgos de gestión'!$T$28),"") | Z8: =IF(AND('Matriz riesgos de gestión'!$AD$29="Muy Alta",'Matriz riesgos de gestión'!$AF$29="Moderado"),CONCATENATE("R3C",'Matriz riesgos de gestión'!$T$29),"") | AA8: =IF(AND('Matriz riesgos de gestión'!$AD$30="Muy Alta",'Matriz riesgos de gestión'!$AF$30="Moderado"),CONCATENATE("R3C",'Matriz riesgos de gestión'!$T$30),"") | AB8: =IF(AND('Matriz riesgos de gestión'!$AD$25="Muy Alta",'Matriz riesgos de gestión'!$AF$25="Mayor"),CONCATENATE("R3C",'Matriz riesgos de gestión'!$T$25),"") | AC8: =IF(AND('Matriz riesgos de gestión'!$AD$26="Muy Alta",'Matriz riesgos de gestión'!$AF$26="Mayor"),CONCATENATE("R3C",'Matriz riesgos de gestión'!$T$26),"") | AD8: =IF(AND('Matriz riesgos de gestión'!$AD$27="Muy Alta",'Matriz riesgos de gestión'!$AF$27="Mayor"),CONCATENATE("R3C",'Matriz riesgos de gestión'!$T$27),"") | AE8: =IF(AND('Matriz riesgos de gestión'!$AD$28="Muy Alta",'Matriz riesgos de gestión'!$AF$28="Mayor"),CONCATENATE("R3C",'Matriz riesgos de gestión'!$T$28),"") | AF8: =IF(AND('Matriz riesgos de gestión'!$AD$29="Muy Alta",'Matriz riesgos de gestión'!$AF$29="Mayor"),CONCATENATE("R3C",'Matriz riesgos de gestión'!$T$29),"") | AG8: =IF(AND('Matriz riesgos de gestión'!$AD$30="Muy Alta",'Matriz riesgos de gestión'!$AF$30="Mayor"),CONCATENATE("R3C",'Matriz riesgos de gestión'!$T$30),"") | AH8: =IF(AND('Matriz riesgos de gestión'!$AD$25="Muy Alta",'Matriz riesgos de gestión'!$AF$25="Catastrófico"),CONCATENATE("R3C",'Matriz riesgos de gestión'!$T$25),"") | AI8: =IF(AND('Matriz riesgos de gestión'!$AD$26="Muy Alta",'Matriz riesgos de gestión'!$AF$26="Catastrófico"),CONCATENATE("R3C",'Matriz riesgos de gestión'!$T$26),"") | AJ8: =IF(AND('Matriz riesgos de gestión'!$AD$27="Muy Alta",'Matriz riesgos de gestión'!$AF$27="Catastrófico"),CONCATENATE("R3C",'Matriz riesgos de gestión'!$T$27),"") | AK8: =IF(AND('Matriz riesgos de gestión'!$AD$28="Muy Alta",'Matriz riesgos de gestión'!$AF$28="Catastrófico"),CONCATENATE("R3C",'Matriz riesgos de gestión'!$T$28),"") | AL8: =IF(AND('Matriz riesgos de gestión'!$AD$29="Muy Alta",'Matriz riesgos de gestión'!$AF$29="Catastrófico"),CONCATENATE("R3C",'Matriz riesgos de gestión'!$T$29),"") | AM8: =IF(AND('Matriz riesgos de gestión'!$AD$30="Muy Alta",'Matriz riesgos de gestión'!$AF$30="Catastrófico"),CONCATENATE("R3C",'Matriz riesgos de gestión'!$T$30),"")
J9: =IF(AND('Matriz riesgos de gestión'!$AD$31="Muy Alta",'Matriz riesgos de gestión'!$AF$31="Leve"),CONCATENATE("R4C",'Matriz riesgos de gestión'!$T$31),"") | K9: =IF(AND('Matriz riesgos de gestión'!$AD$32="Muy Alta",'Matriz riesgos de gestión'!$AF$32="Leve"),CONCATENATE("R4C",'Matriz riesgos de gestión'!$T$32),"") | L9: =IF(AND('Matriz riesgos de gestión'!$AD$33="Muy Alta",'Matriz riesgos de gestión'!$AF$33="Leve"),CONCATENATE("R4C",'Matriz riesgos de gestión'!$T$33),"") | M9: =IF(AND('Matriz riesgos de gestión'!$AD$34="Muy Alta",'Matriz riesgos de gestión'!$AF$34="Leve"),CONCATENATE("R4C",'Matriz riesgos de gestión'!$T$34),"") | N9: =IF(AND('Matriz riesgos de gestión'!$AD$35="Muy Alta",'Matriz riesgos de gestión'!$AF$35="Leve"),CONCATENATE("R4C",'Matriz riesgos de gestión'!$T$35),"") | O9: =IF(AND('Matriz riesgos de gestión'!$AD$36="Muy Alta",'Matriz riesgos de gestión'!$AF$36="Leve"),CONCATENATE("R4C",'Matriz riesgos de gestión'!$T$36),"") | P9: =IF(AND('Matriz riesgos de gestión'!$AD$31="Muy Alta",'Matriz riesgos de gestión'!$AF$31="Menor"),CONCATENATE("R4C",'Matriz riesgos de gestión'!$T$31),"") | Q9: =IF(AND('Matriz riesgos de gestión'!$AD$32="Muy Alta",'Matriz riesgos de gestión'!$AF$32="Menor"),CONCATENATE("R4C",'Matriz riesgos de gestión'!$T$32),"") | R9: =IF(AND('Matriz riesgos de gestión'!$AD$33="Muy Alta",'Matriz riesgos de gestión'!$AF$33="Menor"),CONCATENATE("R4C",'Matriz riesgos de gestión'!$T$33),"") | S9: =IF(AND('Matriz riesgos de gestión'!$AD$34="Muy Alta",'Matriz riesgos de gestión'!$AF$34="Menor"),CONCATENATE("R4C",'Matriz riesgos de gestión'!$T$34),"") | T9: =IF(AND('Matriz riesgos de gestión'!$AD$35="Muy Alta",'Matriz riesgos de gestión'!$AF$35="Menor"),CONCATENATE("R4C",'Matriz riesgos de gestión'!$T$35),"") | U9: =IF(AND('Matriz riesgos de gestión'!$AD$36="Muy Alta",'Matriz riesgos de gestión'!$AF$36="Menor"),CONCATENATE("R4C",'Matriz riesgos de gestión'!$T$36),"") | V9: =IF(AND('Matriz riesgos de gestión'!$AD$31="Muy Alta",'Matriz riesgos de gestión'!$AF$31="Moderado"),CONCATENATE("R4C",'Matriz riesgos de gestión'!$T$31),"") | W9: =IF(AND('Matriz riesgos de gestión'!$AD$32="Muy Alta",'Matriz riesgos de gestión'!$AF$32="Moderado"),CONCATENATE("R4C",'Matriz riesgos de gestión'!$T$32),"") | X9: =IF(AND('Matriz riesgos de gestión'!$AD$33="Muy Alta",'Matriz riesgos de gestión'!$AF$33="Moderado"),CONCATENATE("R4C",'Matriz riesgos de gestión'!$T$33),"") | Y9: =IF(AND('Matriz riesgos de gestión'!$AD$34="Muy Alta",'Matriz riesgos de gestión'!$AF$34="Moderado"),CONCATENATE("R4C",'Matriz riesgos de gestión'!$T$34),"") | Z9: =IF(AND('Matriz riesgos de gestión'!$AD$35="Muy Alta",'Matriz riesgos de gestión'!$AF$35="Moderado"),CONCATENATE("R4C",'Matriz riesgos de gestión'!$T$35),"") | AA9: =IF(AND('Matriz riesgos de gestión'!$AD$36="Muy Alta",'Matriz riesgos de gestión'!$AF$36="Moderado"),CONCATENATE("R4C",'Matriz riesgos de gestión'!$T$36),"") | AB9: =IF(AND('Matriz riesgos de gestión'!$AD$31="Muy Alta",'Matriz riesgos de gestión'!$AF$31="Mayor"),CONCATENATE("R4C",'Matriz riesgos de gestión'!$T$31),"") | AC9: =IF(AND('Matriz riesgos de gestión'!$AD$32="Muy Alta",'Matriz riesgos de gestión'!$AF$32="Mayor"),CONCATENATE("R4C",'Matriz riesgos de gestión'!$T$32),"") | AD9: =IF(AND('Matriz riesgos de gestión'!$AD$33="Muy Alta",'Matriz riesgos de gestión'!$AF$33="Mayor"),CONCATENATE("R4C",'Matriz riesgos de gestión'!$T$33),"") | AE9: =IF(AND('Matriz riesgos de gestión'!$AD$34="Muy Alta",'Matriz riesgos de gestión'!$AF$34="Mayor"),CONCATENATE("R4C",'Matriz riesgos de gestión'!$T$34),"") | AF9: =IF(AND('Matriz riesgos de gestión'!$AD$35="Muy Alta",'Matriz riesgos de gestión'!$AF$35="Mayor"),CONCATENATE("R4C",'Matriz riesgos de gestión'!$T$35),"") | AG9: =IF(AND('Matriz riesgos de gestión'!$AD$36="Muy Alta",'Matriz riesgos de gestión'!$AF$36="Mayor"),CONCATENATE("R4C",'Matriz riesgos de gestión'!$T$36),"") | AH9: =IF(AND('Matriz riesgos de gestión'!$AD$31="Muy Alta",'Matriz riesgos de gestión'!$AF$31="Catastrófico"),CONCATENATE("R4C",'Matriz riesgos de gestión'!$T$31),"") | AI9: =IF(AND('Matriz riesgos de gestión'!$AD$32="Muy Alta",'Matriz riesgos de gestión'!$AF$32="Catastrófico"),CONCATENATE("R4C",'Matriz riesgos de gestión'!$T$32),"") | AJ9: =IF(AND('Matriz riesgos de gestión'!$AD$33="Muy Alta",'Matriz riesgos de gestión'!$AF$33="Catastrófico"),CONCATENATE("R4C",'Matriz riesgos de gestión'!$T$33),"") | AK9: =IF(AND('Matriz riesgos de gestión'!$AD$34="Muy Alta",'Matriz riesgos de gestión'!$AF$34="Catastrófico"),CONCATENATE("R4C",'Matriz riesgos de gestión'!$T$34),"") | AL9: =IF(AND('Matriz riesgos de gestión'!$AD$35="Muy Alta",'Matriz riesgos de gestión'!$AF$35="Catastrófico"),CONCATENATE("R4C",'Matriz riesgos de gestión'!$T$35),"") | AM9: =IF(AND('Matriz riesgos de gestión'!$AD$36="Muy Alta",'Matriz riesgos de gestión'!$AF$36="Catastrófico"),CONCATENATE("R4C",'Matriz riesgos de gestión'!$T$36),"")
J10: =IF(AND('Matriz riesgos de gestión'!$AD$37="Muy Alta",'Matriz riesgos de gestión'!$AF$37="Leve"),CONCATENATE("R5C",'Matriz riesgos de gestión'!$T$37),"") | K10: =IF(AND('Matriz riesgos de gestión'!$AD$38="Muy Alta",'Matriz riesgos de gestión'!$AF$38="Leve"),CONCATENATE("R5C",'Matriz riesgos de gestión'!$T$38),"") | L10: =IF(AND('Matriz riesgos de gestión'!$AD$39="Muy Alta",'Matriz riesgos de gestión'!$AF$39="Leve"),CONCATENATE("R5C",'Matriz riesgos de gestión'!$T$39),"") | M10: =IF(AND('Matriz riesgos de gestión'!$AD$40="Muy Alta",'Matriz riesgos de gestión'!$AF$40="Leve"),CONCATENATE("R5C",'Matriz riesgos de gestión'!$T$40),"") | N10: =IF(AND('Matriz riesgos de gestión'!$AD$41="Muy Alta",'Matriz riesgos de gestión'!$AF$41="Leve"),CONCATENATE("R5C",'Matriz riesgos de gestión'!$T$41),"") | O10: =IF(AND('Matriz riesgos de gestión'!$AD$42="Muy Alta",'Matriz riesgos de gestión'!$AF$42="Leve"),CONCATENATE("R5C",'Matriz riesgos de gestión'!$T$42),"") | P10: =IF(AND('Matriz riesgos de gestión'!$AD$37="Muy Alta",'Matriz riesgos de gestión'!$AF$37="Menor"),CONCATENATE("R5C",'Matriz riesgos de gestión'!$T$37),"") | Q10: =IF(AND('Matriz riesgos de gestión'!$AD$38="Muy Alta",'Matriz riesgos de gestión'!$AF$38="Menor"),CONCATENATE("R5C",'Matriz riesgos de gestión'!$T$38),"") | R10: =IF(AND('Matriz riesgos de gestión'!$AD$39="Muy Alta",'Matriz riesgos de gestión'!$AF$39="Menor"),CONCATENATE("R5C",'Matriz riesgos de gestión'!$T$39),"") | S10: =IF(AND('Matriz riesgos de gestión'!$AD$40="Muy Alta",'Matriz riesgos de gestión'!$AF$40="Menor"),CONCATENATE("R5C",'Matriz riesgos de gestión'!$T$40),"") | T10: =IF(AND('Matriz riesgos de gestión'!$AD$41="Muy Alta",'Matriz riesgos de gestión'!$AF$41="Menor"),CONCATENATE("R5C",'Matriz riesgos de gestión'!$T$41),"") | U10: =IF(AND('Matriz riesgos de gestión'!$AD$42="Muy Alta",'Matriz riesgos de gestión'!$AF$42="Menor"),CONCATENATE("R5C",'Matriz riesgos de gestión'!$T$42),"") | V10: =IF(AND('Matriz riesgos de gestión'!$AD$37="Muy Alta",'Matriz riesgos de gestión'!$AF$37="Moderado"),CONCATENATE("R5C",'Matriz riesgos de gestión'!$T$37),"") | W10: =IF(AND('Matriz riesgos de gestión'!$AD$38="Muy Alta",'Matriz riesgos de gestión'!$AF$38="Moderado"),CONCATENATE("R5C",'Matriz riesgos de gestión'!$T$38),"") | X10: =IF(AND('Matriz riesgos de gestión'!$AD$39="Muy Alta",'Matriz riesgos de gestión'!$AF$39="Moderado"),CONCATENATE("R5C",'Matriz riesgos de gestión'!$T$39),"") | Y10: =IF(AND('Matriz riesgos de gestión'!$AD$40="Muy Alta",'Matriz riesgos de gestión'!$AF$40="Moderado"),CONCATENATE("R5C",'Matriz riesgos de gestión'!$T$40),"") | Z10: =IF(AND('Matriz riesgos de gestión'!$AD$41="Muy Alta",'Matriz riesgos de gestión'!$AF$41="Moderado"),CONCATENATE("R5C",'Matriz riesgos de gestión'!$T$41),"") | AA10: =IF(AND('Matriz riesgos de gestión'!$AD$42="Muy Alta",'Matriz riesgos de gestión'!$AF$42="Moderado"),CONCATENATE("R5C",'Matriz riesgos de gestión'!$T$42),"") | AB10: =IF(AND('Matriz riesgos de gestión'!$AD$37="Muy Alta",'Matriz riesgos de gestión'!$AF$37="Mayor"),CONCATENATE("R5C",'Matriz riesgos de gestión'!$T$37),"") | AC10: =IF(AND('Matriz riesgos de gestión'!$AD$38="Muy Alta",'Matriz riesgos de gestión'!$AF$38="Mayor"),CONCATENATE("R5C",'Matriz riesgos de gestión'!$T$38),"") | AD10: =IF(AND('Matriz riesgos de gestión'!$AD$39="Muy Alta",'Matriz riesgos de gestión'!$AF$39="Mayor"),CONCATENATE("R5C",'Matriz riesgos de gestión'!$T$39),"") | AE10: =IF(AND('Matriz riesgos de gestión'!$AD$40="Muy Alta",'Matriz riesgos de gestión'!$AF$40="Mayor"),CONCATENATE("R5C",'Matriz riesgos de gestión'!$T$40),"") | AF10: =IF(AND('Matriz riesgos de gestión'!$AD$41="Muy Alta",'Matriz riesgos de gestión'!$AF$41="Mayor"),CONCATENATE("R5C",'Matriz riesgos de gestión'!$T$41),"") | AG10: =IF(AND('Matriz riesgos de gestión'!$AD$42="Muy Alta",'Matriz riesgos de gestión'!$AF$42="Mayor"),CONCATENATE("R5C",'Matriz riesgos de gestión'!$T$42),"") | AH10: =IF(AND('Matriz riesgos de gestión'!$AD$37="Muy Alta",'Matriz riesgos de gestión'!$AF$37="Catastrófico"),CONCATENATE("R5C",'Matriz riesgos de gestión'!$T$37),"") | AI10: =IF(AND('Matriz riesgos de gestión'!$AD$38="Muy Alta",'Matriz riesgos de gestión'!$AF$38="Catastrófico"),CONCATENATE("R5C",'Matriz riesgos de gestión'!$T$38),"") | AJ10: =IF(AND('Matriz riesgos de gestión'!$AD$39="Muy Alta",'Matriz riesgos de gestión'!$AF$39="Catastrófico"),CONCATENATE("R5C",'Matriz riesgos de gestión'!$T$39),"") | AK10: =IF(AND('Matriz riesgos de gestión'!$AD$40="Muy Alta",'Matriz riesgos de gestión'!$AF$40="Catastrófico"),CONCATENATE("R5C",'Matriz riesgos de gestión'!$T$40),"") | AL10: =IF(AND('Matriz riesgos de gestión'!$AD$41="Muy Alta",'Matriz riesgos de gestión'!$AF$41="Catastrófico"),CONCATENATE("R5C",'Matriz riesgos de gestión'!$T$41),"") | AM10: =IF(AND('Matriz riesgos de gestión'!$AD$42="Muy Alta",'Matriz riesgos de gestión'!$AF$42="Catastrófico"),CONCATENATE("R5C",'Matriz riesgos de gestión'!$T$42),"")
J11: =IF(AND('Matriz riesgos de gestión'!$AD$43="Muy Alta",'Matriz riesgos de gestión'!$AF$43="Leve"),CONCATENATE("R6C",'Matriz riesgos de gestión'!$T$43),"") | K11: =IF(AND('Matriz riesgos de gestión'!$AD$44="Muy Alta",'Matriz riesgos de gestión'!$AF$44="Leve"),CONCATENATE("R6C",'Matriz riesgos de gestión'!$T$44),"") | L11: =IF(AND('Matriz riesgos de gestión'!$AD$45="Muy Alta",'Matriz riesgos de gestión'!$AF$45="Leve"),CONCATENATE("R6C",'Matriz riesgos de gestión'!$T$45),"") | M11: =IF(AND('Matriz riesgos de gestión'!$AD$46="Muy Alta",'Matriz riesgos de gestión'!$AF$46="Leve"),CONCATENATE("R6C",'Matriz riesgos de gestión'!$T$46),"") | N11: =IF(AND('Matriz riesgos de gestión'!$AD$47="Muy Alta",'Matriz riesgos de gestión'!$AF$47="Leve"),CONCATENATE("R6C",'Matriz riesgos de gestión'!$T$47),"") | O11: =IF(AND('Matriz riesgos de gestión'!$AD$48="Muy Alta",'Matriz riesgos de gestión'!$AF$48="Leve"),CONCATENATE("R6C",'Matriz riesgos de gestión'!$T$48),"") | P11: =IF(AND('Matriz riesgos de gestión'!$AD$43="Muy Alta",'Matriz riesgos de gestión'!$AF$43="Menor"),CONCATENATE("R6C",'Matriz riesgos de gestión'!$T$43),"") | Q11: =IF(AND('Matriz riesgos de gestión'!$AD$44="Muy Alta",'Matriz riesgos de gestión'!$AF$44="Menor"),CONCATENATE("R6C",'Matriz riesgos de gestión'!$T$44),"") | R11: =IF(AND('Matriz riesgos de gestión'!$AD$45="Muy Alta",'Matriz riesgos de gestión'!$AF$45="Menor"),CONCATENATE("R6C",'Matriz riesgos de gestión'!$T$45),"") | S11: =IF(AND('Matriz riesgos de gestión'!$AD$46="Muy Alta",'Matriz riesgos de gestión'!$AF$46="Menor"),CONCATENATE("R6C",'Matriz riesgos de gestión'!$T$46),"") | T11: =IF(AND('Matriz riesgos de gestión'!$AD$47="Muy Alta",'Matriz riesgos de gestión'!$AF$47="Menor"),CONCATENATE("R6C",'Matriz riesgos de gestión'!$T$47),"") | U11: =IF(AND('Matriz riesgos de gestión'!$AD$48="Muy Alta",'Matriz riesgos de gestión'!$AF$48="Menor"),CONCATENATE("R6C",'Matriz riesgos de gestión'!$T$48),"") | V11: =IF(AND('Matriz riesgos de gestión'!$AD$43="Muy Alta",'Matriz riesgos de gestión'!$AF$43="Moderado"),CONCATENATE("R6C",'Matriz riesgos de gestión'!$T$43),"") | W11: =IF(AND('Matriz riesgos de gestión'!$AD$44="Muy Alta",'Matriz riesgos de gestión'!$AF$44="Moderado"),CONCATENATE("R6C",'Matriz riesgos de gestión'!$T$44),"") | X11: =IF(AND('Matriz riesgos de gestión'!$AD$45="Muy Alta",'Matriz riesgos de gestión'!$AF$45="Moderado"),CONCATENATE("R6C",'Matriz riesgos de gestión'!$T$45),"") | Y11: =IF(AND('Matriz riesgos de gestión'!$AD$46="Muy Alta",'Matriz riesgos de gestión'!$AF$46="Moderado"),CONCATENATE("R6C",'Matriz riesgos de gestión'!$T$46),"") | Z11: =IF(AND('Matriz riesgos de gestión'!$AD$47="Muy Alta",'Matriz riesgos de gestión'!$AF$47="Moderado"),CONCATENATE("R6C",'Matriz riesgos de gestión'!$T$47),"") | AA11: =IF(AND('Matriz riesgos de gestión'!$AD$48="Muy Alta",'Matriz riesgos de gestión'!$AF$48="Moderado"),CONCATENATE("R6C",'Matriz riesgos de gestión'!$T$48),"") | AB11: =IF(AND('Matriz riesgos de gestión'!$AD$43="Muy Alta",'Matriz riesgos de gestión'!$AF$43="Mayor"),CONCATENATE("R6C",'Matriz riesgos de gestión'!$T$43),"") | AC11: =IF(AND('Matriz riesgos de gestión'!$AD$44="Muy Alta",'Matriz riesgos de gestión'!$AF$44="Mayor"),CONCATENATE("R6C",'Matriz riesgos de gestión'!$T$44),"") | AD11: =IF(AND('Matriz riesgos de gestión'!$AD$45="Muy Alta",'Matriz riesgos de gestión'!$AF$45="Mayor"),CONCATENATE("R6C",'Matriz riesgos de gestión'!$T$45),"") | AE11: =IF(AND('Matriz riesgos de gestión'!$AD$46="Muy Alta",'Matriz riesgos de gestión'!$AF$46="Mayor"),CONCATENATE("R6C",'Matriz riesgos de gestión'!$T$46),"") | AF11: =IF(AND('Matriz riesgos de gestión'!$AD$47="Muy Alta",'Matriz riesgos de gestión'!$AF$47="Mayor"),CONCATENATE("R6C",'Matriz riesgos de gestión'!$T$47),"") | AG11: =IF(AND('Matriz riesgos de gestión'!$AD$48="Muy Alta",'Matriz riesgos de gestión'!$AF$48="Mayor"),CONCATENATE("R6C",'Matriz riesgos de gestión'!$T$48),"") | AH11: =IF(AND('Matriz riesgos de gestión'!$AD$43="Muy Alta",'Matriz riesgos de gestión'!$AF$43="Catastrófico"),CONCATENATE("R6C",'Matriz riesgos de gestión'!$T$43),"") | AI11: =IF(AND('Matriz riesgos de gestión'!$AD$44="Muy Alta",'Matriz riesgos de gestión'!$AF$44="Catastrófico"),CONCATENATE("R6C",'Matriz riesgos de gestión'!$T$44),"") | AJ11: =IF(AND('Matriz riesgos de gestión'!$AD$45="Muy Alta",'Matriz riesgos de gestión'!$AF$45="Catastrófico"),CONCATENATE("R6C",'Matriz riesgos de gestión'!$T$45),"") | AK11: =IF(AND('Matriz riesgos de gestión'!$AD$46="Muy Alta",'Matriz riesgos de gestión'!$AF$46="Catastrófico"),CONCATENATE("R6C",'Matriz riesgos de gestión'!$T$46),"") | AL11: =IF(AND('Matriz riesgos de gestión'!$AD$47="Muy Alta",'Matriz riesgos de gestión'!$AF$47="Catastrófico"),CONCATENATE("R6C",'Matriz riesgos de gestión'!$T$47),"") | AM11: =IF(AND('Matriz riesgos de gestión'!$AD$48="Muy Alta",'Matriz riesgos de gestión'!$AF$48="Catastrófico"),CONCATENATE("R6C",'Matriz riesgos de gestión'!$T$48),"")
J12: =IF(AND('Matriz riesgos de gestión'!$AD$49="Muy Alta",'Matriz riesgos de gestión'!$AF$49="Leve"),CONCATENATE("R7C",'Matriz riesgos de gestión'!$T$49),"") | K12: =IF(AND('Matriz riesgos de gestión'!$AD$50="Muy Alta",'Matriz riesgos de gestión'!$AF$50="Leve"),CONCATENATE("R7C",'Matriz riesgos de gestión'!$T$50),"") | L12: =IF(AND('Matriz riesgos de gestión'!$AD$51="Muy Alta",'Matriz riesgos de gestión'!$AF$51="Leve"),CONCATENATE("R7C",'Matriz riesgos de gestión'!$T$51),"") | M12: =IF(AND('Matriz riesgos de gestión'!$AD$52="Muy Alta",'Matriz riesgos de gestión'!$AF$52="Leve"),CONCATENATE("R7C",'Matriz riesgos de gestión'!$T$52),"") | N12: =IF(AND('Matriz riesgos de gestión'!$AD$53="Muy Alta",'Matriz riesgos de gestión'!$AF$53="Leve"),CONCATENATE("R7C",'Matriz riesgos de gestión'!$T$53),"") | O12: =IF(AND('Matriz riesgos de gestión'!$AD$54="Muy Alta",'Matriz riesgos de gestión'!$AF$54="Leve"),CONCATENATE("R7C",'Matriz riesgos de gestión'!$T$54),"") | P12: =IF(AND('Matriz riesgos de gestión'!$AD$49="Muy Alta",'Matriz riesgos de gestión'!$AF$49="Menor"),CONCATENATE("R7C",'Matriz riesgos de gestión'!$T$49),"") | Q12: =IF(AND('Matriz riesgos de gestión'!$AD$50="Muy Alta",'Matriz riesgos de gestión'!$AF$50="Menor"),CONCATENATE("R7C",'Matriz riesgos de gestión'!$T$50),"") | R12: =IF(AND('Matriz riesgos de gestión'!$AD$51="Muy Alta",'Matriz riesgos de gestión'!$AF$51="Menor"),CONCATENATE("R7C",'Matriz riesgos de gestión'!$T$51),"") | S12: =IF(AND('Matriz riesgos de gestión'!$AD$52="Muy Alta",'Matriz riesgos de gestión'!$AF$52="Menor"),CONCATENATE("R7C",'Matriz riesgos de gestión'!$T$52),"") | T12: =IF(AND('Matriz riesgos de gestión'!$AD$53="Muy Alta",'Matriz riesgos de gestión'!$AF$53="Menor"),CONCATENATE("R7C",'Matriz riesgos de gestión'!$T$53),"") | U12: =IF(AND('Matriz riesgos de gestión'!$AD$54="Muy Alta",'Matriz riesgos de gestión'!$AF$54="Menor"),CONCATENATE("R7C",'Matriz riesgos de gestión'!$T$54),"") | V12: =IF(AND('Matriz riesgos de gestión'!$AD$49="Muy Alta",'Matriz riesgos de gestión'!$AF$49="Moderado"),CONCATENATE("R7C",'Matriz riesgos de gestión'!$T$49),"") | W12: =IF(AND('Matriz riesgos de gestión'!$AD$50="Muy Alta",'Matriz riesgos de gestión'!$AF$50="Moderado"),CONCATENATE("R7C",'Matriz riesgos de gestión'!$T$50),"") | X12: =IF(AND('Matriz riesgos de gestión'!$AD$51="Muy Alta",'Matriz riesgos de gestión'!$AF$51="Moderado"),CONCATENATE("R7C",'Matriz riesgos de gestión'!$T$51),"") | Y12: =IF(AND('Matriz riesgos de gestión'!$AD$52="Muy Alta",'Matriz riesgos de gestión'!$AF$52="Moderado"),CONCATENATE("R7C",'Matriz riesgos de gestión'!$T$52),"") | Z12: =IF(AND('Matriz riesgos de gestión'!$AD$53="Muy Alta",'Matriz riesgos de gestión'!$AF$53="Moderado"),CONCATENATE("R7C",'Matriz riesgos de gestión'!$T$53),"") | AA12: =IF(AND('Matriz riesgos de gestión'!$AD$54="Muy Alta",'Matriz riesgos de gestión'!$AF$54="Moderado"),CONCATENATE("R7C",'Matriz riesgos de gestión'!$T$54),"") | AB12: =IF(AND('Matriz riesgos de gestión'!$AD$49="Muy Alta",'Matriz riesgos de gestión'!$AF$49="Mayor"),CONCATENATE("R7C",'Matriz riesgos de gestión'!$T$49),"") | AC12: =IF(AND('Matriz riesgos de gestión'!$AD$50="Muy Alta",'Matriz riesgos de gestión'!$AF$50="Mayor"),CONCATENATE("R7C",'Matriz riesgos de gestión'!$T$50),"") | AD12: =IF(AND('Matriz riesgos de gestión'!$AD$51="Muy Alta",'Matriz riesgos de gestión'!$AF$51="Mayor"),CONCATENATE("R7C",'Matriz riesgos de gestión'!$T$51),"") | AE12: =IF(AND('Matriz riesgos de gestión'!$AD$52="Muy Alta",'Matriz riesgos de gestión'!$AF$52="Mayor"),CONCATENATE("R7C",'Matriz riesgos de gestión'!$T$52),"") | AF12: =IF(AND('Matriz riesgos de gestión'!$AD$53="Muy Alta",'Matriz riesgos de gestión'!$AF$53="Mayor"),CONCATENATE("R7C",'Matriz riesgos de gestión'!$T$53),"") | AG12: =IF(AND('Matriz riesgos de gestión'!$AD$54="Muy Alta",'Matriz riesgos de gestión'!$AF$54="Mayor"),CONCATENATE("R7C",'Matriz riesgos de gestión'!$T$54),"") | AH12: =IF(AND('Matriz riesgos de gestión'!$AD$49="Muy Alta",'Matriz riesgos de gestión'!$AF$49="Catastrófico"),CONCATENATE("R7C",'Matriz riesgos de gestión'!$T$49),"") | AI12: =IF(AND('Matriz riesgos de gestión'!$AD$50="Muy Alta",'Matriz riesgos de gestión'!$AF$50="Catastrófico"),CONCATENATE("R7C",'Matriz riesgos de gestión'!$T$50),"") | AJ12: =IF(AND('Matriz riesgos de gestión'!$AD$51="Muy Alta",'Matriz riesgos de gestión'!$AF$51="Catastrófico"),CONCATENATE("R7C",'Matriz riesgos de gestión'!$T$51),"") | AK12: =IF(AND('Matriz riesgos de gestión'!$AD$52="Muy Alta",'Matriz riesgos de gestión'!$AF$52="Catastrófico"),CONCATENATE("R7C",'Matriz riesgos de gestión'!$T$52),"") | AL12: =IF(AND('Matriz riesgos de gestión'!$AD$53="Muy Alta",'Matriz riesgos de gestión'!$AF$53="Catastrófico"),CONCATENATE("R7C",'Matriz riesgos de gestión'!$T$53),"") | AM12: =IF(AND('Matriz riesgos de gestión'!$AD$54="Muy Alta",'Matriz riesgos de gestión'!$AF$54="Catastrófico"),CONCATENATE("R7C",'Matriz riesgos de gestión'!$T$54),"")
J13: =IF(AND('Matriz riesgos de gestión'!$AD$55="Muy Alta",'Matriz riesgos de gestión'!$AF$55="Leve"),CONCATENATE("R8C",'Matriz riesgos de gestión'!$T$55),"") | K13: =IF(AND('Matriz riesgos de gestión'!$AD$56="Muy Alta",'Matriz riesgos de gestión'!$AF$56="Leve"),CONCATENATE("R8C",'Matriz riesgos de gestión'!$T$56),"") | L13: =IF(AND('Matriz riesgos de gestión'!$AD$57="Muy Alta",'Matriz riesgos de gestión'!$AF$57="Leve"),CONCATENATE("R8C",'Matriz riesgos de gestión'!$T$57),"") | M13: =IF(AND('Matriz riesgos de gestión'!$AD$58="Muy Alta",'Matriz riesgos de gestión'!$AF$58="Leve"),CONCATENATE("R8C",'Matriz riesgos de gestión'!$T$58),"") | N13: =IF(AND('Matriz riesgos de gestión'!$AD$59="Muy Alta",'Matriz riesgos de gestión'!$AF$59="Leve"),CONCATENATE("R8C",'Matriz riesgos de gestión'!$T$59),"") | O13: =IF(AND('Matriz riesgos de gestión'!$AD$60="Muy Alta",'Matriz riesgos de gestión'!$AF$60="Leve"),CONCATENATE("R8C",'Matriz riesgos de gestión'!$T$60),"") | P13: =IF(AND('Matriz riesgos de gestión'!$AD$55="Muy Alta",'Matriz riesgos de gestión'!$AF$55="Menor"),CONCATENATE("R8C",'Matriz riesgos de gestión'!$T$55),"") | Q13: =IF(AND('Matriz riesgos de gestión'!$AD$56="Muy Alta",'Matriz riesgos de gestión'!$AF$56="Menor"),CONCATENATE("R8C",'Matriz riesgos de gestión'!$T$56),"") | R13: =IF(AND('Matriz riesgos de gestión'!$AD$57="Muy Alta",'Matriz riesgos de gestión'!$AF$57="Menor"),CONCATENATE("R8C",'Matriz riesgos de gestión'!$T$57),"") | S13: =IF(AND('Matriz riesgos de gestión'!$AD$58="Muy Alta",'Matriz riesgos de gestión'!$AF$58="Menor"),CONCATENATE("R8C",'Matriz riesgos de gestión'!$T$58),"") | T13: =IF(AND('Matriz riesgos de gestión'!$AD$59="Muy Alta",'Matriz riesgos de gestión'!$AF$59="Menor"),CONCATENATE("R8C",'Matriz riesgos de gestión'!$T$59),"") | U13: =IF(AND('Matriz riesgos de gestión'!$AD$60="Muy Alta",'Matriz riesgos de gestión'!$AF$60="Menor"),CONCATENATE("R8C",'Matriz riesgos de gestión'!$T$60),"") | V13: =IF(AND('Matriz riesgos de gestión'!$AD$55="Muy Alta",'Matriz riesgos de gestión'!$AF$55="Moderado"),CONCATENATE("R8C",'Matriz riesgos de gestión'!$T$55),"") | W13: =IF(AND('Matriz riesgos de gestión'!$AD$56="Muy Alta",'Matriz riesgos de gestión'!$AF$56="Moderado"),CONCATENATE("R8C",'Matriz riesgos de gestión'!$T$56),"") | X13: =IF(AND('Matriz riesgos de gestión'!$AD$57="Muy Alta",'Matriz riesgos de gestión'!$AF$57="Moderado"),CONCATENATE("R8C",'Matriz riesgos de gestión'!$T$57),"") | Y13: =IF(AND('Matriz riesgos de gestión'!$AD$58="Muy Alta",'Matriz riesgos de gestión'!$AF$58="Moderado"),CONCATENATE("R8C",'Matriz riesgos de gestión'!$T$58),"") | Z13: =IF(AND('Matriz riesgos de gestión'!$AD$59="Muy Alta",'Matriz riesgos de gestión'!$AF$59="Moderado"),CONCATENATE("R8C",'Matriz riesgos de gestión'!$T$59),"") | AA13: =IF(AND('Matriz riesgos de gestión'!$AD$60="Muy Alta",'Matriz riesgos de gestión'!$AF$60="Moderado"),CONCATENATE("R8C",'Matriz riesgos de gestión'!$T$60),"") | AB13: =IF(AND('Matriz riesgos de gestión'!$AD$55="Muy Alta",'Matriz riesgos de gestión'!$AF$55="Mayor"),CONCATENATE("R8C",'Matriz riesgos de gestión'!$T$55),"") | AC13: =IF(AND('Matriz riesgos de gestión'!$AD$56="Muy Alta",'Matriz riesgos de gestión'!$AF$56="Mayor"),CONCATENATE("R8C",'Matriz riesgos de gestión'!$T$56),"") | AD13: =IF(AND('Matriz riesgos de gestión'!$AD$57="Muy Alta",'Matriz riesgos de gestión'!$AF$57="Mayor"),CONCATENATE("R8C",'Matriz riesgos de gestión'!$T$57),"") | AE13: =IF(AND('Matriz riesgos de gestión'!$AD$58="Muy Alta",'Matriz riesgos de gestión'!$AF$58="Mayor"),CONCATENATE("R8C",'Matriz riesgos de gestión'!$T$58),"") | AF13: =IF(AND('Matriz riesgos de gestión'!$AD$59="Muy Alta",'Matriz riesgos de gestión'!$AF$59="Mayor"),CONCATENATE("R8C",'Matriz riesgos de gestión'!$T$59),"") | AG13: =IF(AND('Matriz riesgos de gestión'!$AD$60="Muy Alta",'Matriz riesgos de gestión'!$AF$60="Mayor"),CONCATENATE("R8C",'Matriz riesgos de gestión'!$T$60),"") | AH13: =IF(AND('Matriz riesgos de gestión'!$AD$55="Muy Alta",'Matriz riesgos de gestión'!$AF$55="Catastrófico"),CONCATENATE("R8C",'Matriz riesgos de gestión'!$T$55),"") | AI13: =IF(AND('Matriz riesgos de gestión'!$AD$56="Muy Alta",'Matriz riesgos de gestión'!$AF$56="Catastrófico"),CONCATENATE("R8C",'Matriz riesgos de gestión'!$T$56),"") | AJ13: =IF(AND('Matriz riesgos de gestión'!$AD$57="Muy Alta",'Matriz riesgos de gestión'!$AF$57="Catastrófico"),CONCATENATE("R8C",'Matriz riesgos de gestión'!$T$57),"") | AK13: =IF(AND('Matriz riesgos de gestión'!$AD$58="Muy Alta",'Matriz riesgos de gestión'!$AF$58="Catastrófico"),CONCATENATE("R8C",'Matriz riesgos de gestión'!$T$58),"") | AL13: =IF(AND('Matriz riesgos de gestión'!$AD$59="Muy Alta",'Matriz riesgos de gestión'!$AF$59="Catastrófico"),CONCATENATE("R8C",'Matriz riesgos de gestión'!$T$59),"") | AM13: =IF(AND('Matriz riesgos de gestión'!$AD$60="Muy Alta",'Matriz riesgos de gestión'!$AF$60="Catastrófico"),CONCATENATE("R8C",'Matriz riesgos de gestión'!$T$60),"")
J14: =IF(AND('Matriz riesgos de gestión'!$AD$61="Muy Alta",'Matriz riesgos de gestión'!$AF$61="Leve"),CONCATENATE("R9C",'Matriz riesgos de gestión'!$T$61),"") | K14: =IF(AND('Matriz riesgos de gestión'!$AD$62="Muy Alta",'Matriz riesgos de gestión'!$AF$62="Leve"),CONCATENATE("R9C",'Matriz riesgos de gestión'!$T$62),"") | L14: =IF(AND('Matriz riesgos de gestión'!$AD$63="Muy Alta",'Matriz riesgos de gestión'!$AF$63="Leve"),CONCATENATE("R9C",'Matriz riesgos de gestión'!$T$63),"") | M14: =IF(AND('Matriz riesgos de gestión'!$AD$64="Muy Alta",'Matriz riesgos de gestión'!$AF$64="Leve"),CONCATENATE("R9C",'Matriz riesgos de gestión'!$T$64),"") | N14: =IF(AND('Matriz riesgos de gestión'!$AD$65="Muy Alta",'Matriz riesgos de gestión'!$AF$65="Leve"),CONCATENATE("R9C",'Matriz riesgos de gestión'!$T$65),"") | O14: =IF(AND('Matriz riesgos de gestión'!$AD$66="Muy Alta",'Matriz riesgos de gestión'!$AF$66="Leve"),CONCATENATE("R9C",'Matriz riesgos de gestión'!$T$66),"") | P14: =IF(AND('Matriz riesgos de gestión'!$AD$61="Muy Alta",'Matriz riesgos de gestión'!$AF$61="Menor"),CONCATENATE("R9C",'Matriz riesgos de gestión'!$T$61),"") | Q14: =IF(AND('Matriz riesgos de gestión'!$AD$62="Muy Alta",'Matriz riesgos de gestión'!$AF$62="Menor"),CONCATENATE("R9C",'Matriz riesgos de gestión'!$T$62),"") | R14: =IF(AND('Matriz riesgos de gestión'!$AD$63="Muy Alta",'Matriz riesgos de gestión'!$AF$63="Menor"),CONCATENATE("R9C",'Matriz riesgos de gestión'!$T$63),"") | S14: =IF(AND('Matriz riesgos de gestión'!$AD$64="Muy Alta",'Matriz riesgos de gestión'!$AF$64="Menor"),CONCATENATE("R9C",'Matriz riesgos de gestión'!$T$64),"") | T14: =IF(AND('Matriz riesgos de gestión'!$AD$65="Muy Alta",'Matriz riesgos de gestión'!$AF$65="Menor"),CONCATENATE("R9C",'Matriz riesgos de gestión'!$T$65),"") | U14: =IF(AND('Matriz riesgos de gestión'!$AD$66="Muy Alta",'Matriz riesgos de gestión'!$AF$66="Menor"),CONCATENATE("R9C",'Matriz riesgos de gestión'!$T$66),"") | V14: =IF(AND('Matriz riesgos de gestión'!$AD$61="Muy Alta",'Matriz riesgos de gestión'!$AF$61="Moderado"),CONCATENATE("R9C",'Matriz riesgos de gestión'!$T$61),"") | W14: =IF(AND('Matriz riesgos de gestión'!$AD$62="Muy Alta",'Matriz riesgos de gestión'!$AF$62="Moderado"),CONCATENATE("R9C",'Matriz riesgos de gestión'!$T$62),"") | X14: =IF(AND('Matriz riesgos de gestión'!$AD$63="Muy Alta",'Matriz riesgos de gestión'!$AF$63="Moderado"),CONCATENATE("R9C",'Matriz riesgos de gestión'!$T$63),"") | Y14: =IF(AND('Matriz riesgos de gestión'!$AD$64="Muy Alta",'Matriz riesgos de gestión'!$AF$64="Moderado"),CONCATENATE("R9C",'Matriz riesgos de gestión'!$T$64),"") | Z14: =IF(AND('Matriz riesgos de gestión'!$AD$65="Muy Alta",'Matriz riesgos de gestión'!$AF$65="Moderado"),CONCATENATE("R9C",'Matriz riesgos de gestión'!$T$65),"") | AA14: =IF(AND('Matriz riesgos de gestión'!$AD$66="Muy Alta",'Matriz riesgos de gestión'!$AF$66="Moderado"),CONCATENATE("R9C",'Matriz riesgos de gestión'!$T$66),"") | AB14: =IF(AND('Matriz riesgos de gestión'!$AD$61="Muy Alta",'Matriz riesgos de gestión'!$AF$61="Mayor"),CONCATENATE("R9C",'Matriz riesgos de gestión'!$T$61),"") | AC14: =IF(AND('Matriz riesgos de gestión'!$AD$62="Muy Alta",'Matriz riesgos de gestión'!$AF$62="Mayor"),CONCATENATE("R9C",'Matriz riesgos de gestión'!$T$62),"") | AD14: {=IF(AND('Matriz riesgos de gestión'!$M$15="Alta",'Matriz riesgos de gestión'!$Q$15="Mayor"),'Matriz Calor Residual'!S18CONCATENAR("R",'Matriz riesgos de gestión'!$A$15),"")} | AE14: =IF(AND('Matriz riesgos de gestión'!$AD$64="Muy Alta",'Matriz riesgos de gestión'!$AF$64="Mayor"),CONCATENATE("R9C",'Matriz riesgos de gestión'!$T$64),"") | AF14: =IF(AND('Matriz riesgos de gestión'!$AD$65="Muy Alta",'Matriz riesgos de gestión'!$AF$65="Mayor"),CONCATENATE("R9C",'Matriz riesgos de gestión'!$T$65),"") | AG14: =IF(AND('Matriz riesgos de gestión'!$AD$66="Muy Alta",'Matriz riesgos de gestión'!$AF$66="Mayor"),CONCATENATE("R9C",'Matriz riesgos de gestión'!$T$66),"") | AH14: =IF(AND('Matriz riesgos de gestión'!$AD$61="Muy Alta",'Matriz riesgos de gestión'!$AF$61="Catastrófico"),CONCATENATE("R9C",'Matriz riesgos de gestión'!$T$61),"") | AI14: =IF(AND('Matriz riesgos de gestión'!$AD$62="Muy Alta",'Matriz riesgos de gestión'!$AF$62="Catastrófico"),CONCATENATE("R9C",'Matriz riesgos de gestión'!$T$62),"") | AJ14: =IF(AND('Matriz riesgos de gestión'!$AD$63="Muy Alta",'Matriz riesgos de gestión'!$AF$63="Catastrófico"),CONCATENATE("R9C",'Matriz riesgos de gestión'!$T$63),"") | AK14: =IF(AND('Matriz riesgos de gestión'!$AD$64="Muy Alta",'Matriz riesgos de gestión'!$AF$64="Catastrófico"),CONCATENATE("R9C",'Matriz riesgos de gestión'!$T$64),"") | AL14: =IF(AND('Matriz riesgos de gestión'!$AD$65="Muy Alta",'Matriz riesgos de gestión'!$AF$65="Catastrófico"),CONCATENATE("R9C",'Matriz riesgos de gestión'!$T$65),"") | AM14: =IF(AND('Matriz riesgos de gestión'!$AD$66="Muy Alta",'Matriz riesgos de gestión'!$AF$66="Catastrófico"),CONCATENATE("R9C",'Matriz riesgos de gestión'!$T$66),"")
J15: =IF(AND('Matriz riesgos de gestión'!$AD$67="Muy Alta",'Matriz riesgos de gestión'!$AF$67="Leve"),CONCATENATE("R10C",'Matriz riesgos de gestión'!$T$67),"") | K15: =IF(AND('Matriz riesgos de gestión'!$AD$68="Muy Alta",'Matriz riesgos de gestión'!$AF$68="Leve"),CONCATENATE("R10C",'Matriz riesgos de gestión'!$T$68),"") | L15: =IF(AND('Matriz riesgos de gestión'!$AD$69="Muy Alta",'Matriz riesgos de gestión'!$AF$69="Leve"),CONCATENATE("R10C",'Matriz riesgos de gestión'!$T$69),"") | M15: =IF(AND('Matriz riesgos de gestión'!$AD$70="Muy Alta",'Matriz riesgos de gestión'!$AF$70="Leve"),CONCATENATE("R10C",'Matriz riesgos de gestión'!$T$70),"") | N15: =IF(AND('Matriz riesgos de gestión'!$AD$71="Muy Alta",'Matriz riesgos de gestión'!$AF$71="Leve"),CONCATENATE("R10C",'Matriz riesgos de gestión'!$T$71),"") | O15: =IF(AND('Matriz riesgos de gestión'!$AD$72="Muy Alta",'Matriz riesgos de gestión'!$AF$72="Leve"),CONCATENATE("R10C",'Matriz riesgos de gestión'!$T$72),"") | P15: =IF(AND('Matriz riesgos de gestión'!$AD$67="Muy Alta",'Matriz riesgos de gestión'!$AF$67="Menor"),CONCATENATE("R10C",'Matriz riesgos de gestión'!$T$67),"") | Q15: =IF(AND('Matriz riesgos de gestión'!$AD$68="Muy Alta",'Matriz riesgos de gestión'!$AF$68="Menor"),CONCATENATE("R10C",'Matriz riesgos de gestión'!$T$68),"") | R15: =IF(AND('Matriz riesgos de gestión'!$AD$69="Muy Alta",'Matriz riesgos de gestión'!$AF$69="Menor"),CONCATENATE("R10C",'Matriz riesgos de gestión'!$T$69),"") | S15: =IF(AND('Matriz riesgos de gestión'!$AD$70="Muy Alta",'Matriz riesgos de gestión'!$AF$70="Menor"),CONCATENATE("R10C",'Matriz riesgos de gestión'!$T$70),"") | T15: =IF(AND('Matriz riesgos de gestión'!$AD$71="Muy Alta",'Matriz riesgos de gestión'!$AF$71="Menor"),CONCATENATE("R10C",'Matriz riesgos de gestión'!$T$71),"") | U15: =IF(AND('Matriz riesgos de gestión'!$AD$72="Muy Alta",'Matriz riesgos de gestión'!$AF$72="Menor"),CONCATENATE("R10C",'Matriz riesgos de gestión'!$T$72),"") | V15: =IF(AND('Matriz riesgos de gestión'!$AD$67="Muy Alta",'Matriz riesgos de gestión'!$AF$67="Moderado"),CONCATENATE("R10C",'Matriz riesgos de gestión'!$T$67),"") | W15: =IF(AND('Matriz riesgos de gestión'!$AD$68="Muy Alta",'Matriz riesgos de gestión'!$AF$68="Moderado"),CONCATENATE("R10C",'Matriz riesgos de gestión'!$T$68),"") | X15: =IF(AND('Matriz riesgos de gestión'!$AD$69="Muy Alta",'Matriz riesgos de gestión'!$AF$69="Moderado"),CONCATENATE("R10C",'Matriz riesgos de gestión'!$T$69),"") | Y15: =IF(AND('Matriz riesgos de gestión'!$AD$70="Muy Alta",'Matriz riesgos de gestión'!$AF$70="Moderado"),CONCATENATE("R10C",'Matriz riesgos de gestión'!$T$70),"") | Z15: =IF(AND('Matriz riesgos de gestión'!$AD$71="Muy Alta",'Matriz riesgos de gestión'!$AF$71="Moderado"),CONCATENATE("R10C",'Matriz riesgos de gestión'!$T$71),"") | AA15: =IF(AND('Matriz riesgos de gestión'!$AD$72="Muy Alta",'Matriz riesgos de gestión'!$AF$72="Moderado"),CONCATENATE("R10C",'Matriz riesgos de gestión'!$T$72),"") | AB15: =IF(AND('Matriz riesgos de gestión'!$AD$67="Muy Alta",'Matriz riesgos de gestión'!$AF$67="Mayor"),CONCATENATE("R10C",'Matriz riesgos de gestión'!$T$67),"") | AC15: =IF(AND('Matriz riesgos de gestión'!$AD$68="Muy Alta",'Matriz riesgos de gestión'!$AF$68="Mayor"),CONCATENATE("R10C",'Matriz riesgos de gestión'!$T$68),"") | AD15: =IF(AND('Matriz riesgos de gestión'!$AD$69="Muy Alta",'Matriz riesgos de gestión'!$AF$69="Mayor"),CONCATENATE("R10C",'Matriz riesgos de gestión'!$T$69),"") | AE15: =IF(AND('Matriz riesgos de gestión'!$AD$70="Muy Alta",'Matriz riesgos de gestión'!$AF$70="Mayor"),CONCATENATE("R10C",'Matriz riesgos de gestión'!$T$70),"") | AF15: =IF(AND('Matriz riesgos de gestión'!$AD$71="Muy Alta",'Matriz riesgos de gestión'!$AF$71="Mayor"),CONCATENATE("R10C",'Matriz riesgos de gestión'!$T$71),"") | AG15: =IF(AND('Matriz riesgos de gestión'!$AD$72="Muy Alta",'Matriz riesgos de gestión'!$AF$72="Mayor"),CONCATENATE("R10C",'Matriz riesgos de gestión'!$T$72),"") | AH15: =IF(AND('Matriz riesgos de gestión'!$AD$67="Muy Alta",'Matriz riesgos de gestión'!$AF$67="Catastrófico"),CONCATENATE("R10C",'Matriz riesgos de gestión'!$T$67),"") | AI15: =IF(AND('Matriz riesgos de gestión'!$AD$68="Muy Alta",'Matriz riesgos de gestión'!$AF$68="Catastrófico"),CONCATENATE("R10C",'Matriz riesgos de gestión'!$T$68),"") | AJ15: =IF(AND('Matriz riesgos de gestión'!$AD$69="Muy Alta",'Matriz riesgos de gestión'!$AF$69="Catastrófico"),CONCATENATE("R10C",'Matriz riesgos de gestión'!$T$69),"") | AK15: =IF(AND('Matriz riesgos de gestión'!$AD$70="Muy Alta",'Matriz riesgos de gestión'!$AF$70="Catastrófico"),CONCATENATE("R10C",'Matriz riesgos de gestión'!$T$70),"") | AL15: =IF(AND('Matriz riesgos de gestión'!$AD$71="Muy Alta",'Matriz riesgos de gestión'!$AF$71="Catastrófico"),CONCATENATE("R10C",'Matriz riesgos de gestión'!$T$71),"") | AM15: =IF(AND('Matriz riesgos de gestión'!$AD$72="Muy Alta",'Matriz riesgos de gestión'!$AF$72="Catastrófico"),CONCATENATE("R10C",'Matriz riesgos de gestión'!$T$72),"")
E16: Alta 80% | J16: =IF(AND('Matriz riesgos de gestión'!$AD$4="Alta",'Matriz riesgos de gestión'!$AF$4="Leve"),CONCATENATE("R1C",'Matriz riesgos de gestión'!$T$4),"") | K16: =IF(AND('Matriz riesgos de gestión'!$AD$5="Alta",'Matriz riesgos de gestión'!$AF$5="Leve"),CONCATENATE("R1C",'Matriz riesgos de gestión'!$T$5),"") | L16: =IF(AND('Matriz riesgos de gestión'!$AD$6="Alta",'Matriz riesgos de gestión'!$AF$6="Leve"),CONCATENATE("R1C",'Matriz riesgos de gestión'!$T$6),"") | M16: =IF(AND('Matriz riesgos de gestión'!$AD$7="Alta",'Matriz riesgos de gestión'!$AF$7="Leve"),CONCATENATE("R1C",'Matriz riesgos de gestión'!$T$7),"") | N16: =IF(AND('Matriz riesgos de gestión'!$AD$8="Alta",'Matriz riesgos de gestión'!$AF$8="Leve"),CONCATENATE("R1C",'Matriz riesgos de gestión'!$T$8),"") | O16: =IF(AND('Matriz riesgos de gestión'!$AD$9="Alta",'Matriz riesgos de gestión'!$AF$9="Leve"),CONCATENATE("R1C",'Matriz riesgos de gestión'!$T$9),"") | P16: =IF(AND('Matriz riesgos de gestión'!$AD$4="Alta",'Matriz riesgos de gestión'!$AF$4="Menor"),CONCATENATE("R1C",'Matriz riesgos de gestión'!$T$4),"") | Q16: =IF(AND('Matriz riesgos de gestión'!$AD$5="Alta",'Matriz riesgos de gestión'!$AF$5="Menor"),CONCATENATE("R1C",'Matriz riesgos de gestión'!$T$5),"") | R16: =IF(AND('Matriz riesgos de gestión'!$AD$6="Alta",'Matriz riesgos de gestión'!$AF$6="Menor"),CONCATENATE("R1C",'Matriz riesgos de gestión'!$T$6),"") | S16: =IF(AND('Matriz riesgos de gestión'!$AD$7="Alta",'Matriz riesgos de gestión'!$AF$7="Menor"),CONCATENATE("R1C",'Matriz riesgos de gestión'!$T$7),"") | T16: =IF(AND('Matriz riesgos de gestión'!$AD$8="Alta",'Matriz riesgos de gestión'!$AF$8="Menor"),CONCATENATE("R1C",'Matriz riesgos de gestión'!$T$8),"") | U16: =IF(AND('Matriz riesgos de gestión'!$AD$9="Alta",'Matriz riesgos de gestión'!$AF$9="Menor"),CONCATENATE("R1C",'Matriz riesgos de gestión'!$T$9),"") | V16: =IF(AND('Matriz riesgos de gestión'!$AD$4="Alta",'Matriz riesgos de gestión'!$AF$4="Moderado"),CONCATENATE("R1C",'Matriz riesgos de gestión'!$T$4),"") | W16: =IF(AND('Matriz riesgos de gestión'!$AD$5="Alta",'Matriz riesgos de gestión'!$AF$5="Moderado"),CONCATENATE("R1C",'Matriz riesgos de gestión'!$T$5),"") | X16: =IF(AND('Matriz riesgos de gestión'!$AD$6="Alta",'Matriz riesgos de gestión'!$AF$6="Moderado"),CONCATENATE("R1C",'Matriz riesgos de gestión'!$T$6),"") | Y16: =IF(AND('Matriz riesgos de gestión'!$AD$7="Alta",'Matriz riesgos de gestión'!$AF$7="Moderado"),CONCATENATE("R1C",'Matriz riesgos de gestión'!$T$7),"") | Z16: =IF(AND('Matriz riesgos de gestión'!$AD$8="Alta",'Matriz riesgos de gestión'!$AF$8="Moderado"),CONCATENATE("R1C",'Matriz riesgos de gestión'!$T$8),"") | AA16: =IF(AND('Matriz riesgos de gestión'!$AD$9="Alta",'Matriz riesgos de gestión'!$AF$9="Moderado"),CONCATENATE("R1C",'Matriz riesgos de gestión'!$T$9),"") | AB16: =IF(AND('Matriz riesgos de gestión'!$AD$4="Alta",'Matriz riesgos de gestión'!$AF$4="Mayor"),CONCATENATE("R1C",'Matriz riesgos de gestión'!$T$4),"") | AC16: =IF(AND('Matriz riesgos de gestión'!$AD$5="Alta",'Matriz riesgos de gestión'!$AF$5="Mayor"),CONCATENATE("R1C",'Matriz riesgos de gestión'!$T$5),"") | AD16: =IF(AND('Matriz riesgos de gestión'!$AD$6="Alta",'Matriz riesgos de gestión'!$AF$6="Mayor"),CONCATENATE("R1C",'Matriz riesgos de gestión'!$T$6),"") | AE16: =IF(AND('Matriz riesgos de gestión'!$AD$7="Alta",'Matriz riesgos de gestión'!$AF$7="Mayor"),CONCATENATE("R1C",'Matriz riesgos de gestión'!$T$7),"") | AF16: =IF(AND('Matriz riesgos de gestión'!$AD$8="Alta",'Matriz riesgos de gestión'!$AF$8="Mayor"),CONCATENATE("R1C",'Matriz riesgos de gestión'!$T$8),"") | AG16: =IF(AND('Matriz riesgos de gestión'!$AD$9="Alta",'Matriz riesgos de gestión'!$AF$9="Mayor"),CONCATENATE("R1C",'Matriz riesgos de gestión'!$T$9),"") | AH16: =IF(AND('Matriz riesgos de gestión'!$AD$4="Alta",'Matriz riesgos de gestión'!$AF$4="Catastrófico"),CONCATENATE("R1C",'Matriz riesgos de gestión'!$T$4),"") | AI16: =IF(AND('Matriz riesgos de gestión'!$AD$5="Alta",'Matriz riesgos de gestión'!$AF$5="Catastrófico"),CONCATENATE("R1C",'Matriz riesgos de gestión'!$T$5),"") | AJ16: =IF(AND('Matriz riesgos de gestión'!$AD$6="Alta",'Matriz riesgos de gestión'!$AF$6="Catastrófico"),CONCATENATE("R1C",'Matriz riesgos de gestión'!$T$6),"") | AK16: =IF(AND('Matriz riesgos de gestión'!$AD$7="Alta",'Matriz riesgos de gestión'!$AF$7="Catastrófico"),CONCATENATE("R1C",'Matriz riesgos de gestión'!$T$7),"") | AL16: =IF(AND('Matriz riesgos de gestión'!$AD$8="Alta",'Matriz riesgos de gestión'!$AF$8="Catastrófico"),CONCATENATE("R1C",'Matriz riesgos de gestión'!$T$8),"") | AM16: =IF(AND('Matriz riesgos de gestión'!$AD$9="Alta",'Matriz riesgos de gestión'!$AF$9="Catastrófico"),CONCATENATE("R1C",'Matriz riesgos de gestión'!$T$9),"") | AO16: Alto
J17: =IF(AND('Matriz riesgos de gestión'!$AD$15="Alta",'Matriz riesgos de gestión'!$AF$15="Leve"),CONCATENATE("R2C",'Matriz riesgos de gestión'!$T$15),"") | K17: =IF(AND('Matriz riesgos de gestión'!$AD$16="Alta",'Matriz riesgos de gestión'!$AF$16="Leve"),CONCATENATE("R2C",'Matriz riesgos de gestión'!$T$16),"") | L17: =IF(AND('Matriz riesgos de gestión'!$AD$17="Alta",'Matriz riesgos de gestión'!$AF$17="Leve"),CONCATENATE("R2C",'Matriz riesgos de gestión'!$T$17),"") | M17: =IF(AND('Matriz riesgos de gestión'!$AD$22="Alta",'Matriz riesgos de gestión'!$AF$22="Leve"),CONCATENATE("R2C",'Matriz riesgos de gestión'!$T$22),"") | N17: =IF(AND('Matriz riesgos de gestión'!$AD$23="Alta",'Matriz riesgos de gestión'!$AF$23="Leve"),CONCATENATE("R2C",'Matriz riesgos de gestión'!$T$23),"") | O17: =IF(AND('Matriz riesgos de gestión'!$AD$24="Alta",'Matriz riesgos de gestión'!$AF$24="Leve"),CONCATENATE("R2C",'Matriz riesgos de gestión'!$T$24),"") | P17: =IF(AND('Matriz riesgos de gestión'!$AD$15="Alta",'Matriz riesgos de gestión'!$AF$15="Menor"),CONCATENATE("R2C",'Matriz riesgos de gestión'!$T$15),"") | Q17: =IF(AND('Matriz riesgos de gestión'!$AD$16="Alta",'Matriz riesgos de gestión'!$AF$16="Menor"),CONCATENATE("R2C",'Matriz riesgos de gestión'!$T$16),"") | R17: =IF(AND('Matriz riesgos de gestión'!$AD$17="Alta",'Matriz riesgos de gestión'!$AF$17="Menor"),CONCATENATE("R2C",'Matriz riesgos de gestión'!$T$17),"") | S17: =IF(AND('Matriz riesgos de gestión'!$AD$22="Alta",'Matriz riesgos de gestión'!$AF$22="Menor"),CONCATENATE("R2C",'Matriz riesgos de gestión'!$T$22),"") | T17: =IF(AND('Matriz riesgos de gestión'!$AD$23="Alta",'Matriz riesgos de gestión'!$AF$23="Menor"),CONCATENATE("R2C",'Matriz riesgos de gestión'!$T$23),"") | U17: =IF(AND('Matriz riesgos de gestión'!$AD$24="Alta",'Matriz riesgos de gestión'!$AF$24="Menor"),CONCATENATE("R2C",'Matriz riesgos de gestión'!$T$24),"") | V17: =IF(AND('Matriz riesgos de gestión'!$AD$15="Alta",'Matriz riesgos de gestión'!$AF$15="Moderado"),CONCATENATE("R2C",'Matriz riesgos de gestión'!$T$15),"") | W17: =IF(AND('Matriz riesgos de gestión'!$AD$16="Alta",'Matriz riesgos de gestión'!$AF$16="Moderado"),CONCATENATE("R2C",'Matriz riesgos de gestión'!$T$16),"") | X17: =IF(AND('Matriz riesgos de gestión'!$AD$17="Alta",'Matriz riesgos de gestión'!$AF$17="Moderado"),CONCATENATE("R2C",'Matriz riesgos de gestión'!$T$17),"") | Y17: =IF(AND('Matriz riesgos de gestión'!$AD$22="Alta",'Matriz riesgos de gestión'!$AF$22="Moderado"),CONCATENATE("R2C",'Matriz riesgos de gestión'!$T$22),"") | Z17: =IF(AND('Matriz riesgos de gestión'!$AD$23="Alta",'Matriz riesgos de gestión'!$AF$23="Moderado"),CONCATENATE("R2C",'Matriz riesgos de gestión'!$T$23),"") | AA17: =IF(AND('Matriz riesgos de gestión'!$AD$24="Alta",'Matriz riesgos de gestión'!$AF$24="Moderado"),CONCATENATE("R2C",'Matriz riesgos de gestión'!$T$24),"") | AB17: =IF(AND('Matriz riesgos de gestión'!$AD$15="Alta",'Matriz riesgos de gestión'!$AF$15="Mayor"),CONCATENATE("R2C",'Matriz riesgos de gestión'!$T$15),"") | AC17: =IF(AND('Matriz riesgos de gestión'!$AD$16="Alta",'Matriz riesgos de gestión'!$AF$16="Mayor"),CONCATENATE("R2C",'Matriz riesgos de gestión'!$T$16),"") | AD17: =IF(AND('Matriz riesgos de gestión'!$AD$17="Alta",'Matriz riesgos de gestión'!$AF$17="Mayor"),CONCATENATE("R2C",'Matriz riesgos de gestión'!$T$17),"") | AE17: =IF(AND('Matriz riesgos de gestión'!$AD$22="Alta",'Matriz riesgos de gestión'!$AF$22="Mayor"),CONCATENATE("R2C",'Matriz riesgos de gestión'!$T$22),"") | AF17: =IF(AND('Matriz riesgos de gestión'!$AD$23="Alta",'Matriz riesgos de gestión'!$AF$23="Mayor"),CONCATENATE("R2C",'Matriz riesgos de gestión'!$T$23),"") | AG17: =IF(AND('Matriz riesgos de gestión'!$AD$24="Alta",'Matriz riesgos de gestión'!$AF$24="Mayor"),CONCATENATE("R2C",'Matriz riesgos de gestión'!$T$24),"") | AH17: =IF(AND('Matriz riesgos de gestión'!$AD$15="Alta",'Matriz riesgos de gestión'!$AF$15="Catastrófico"),CONCATENATE("R2C",'Matriz riesgos de gestión'!$T$15),"") | AI17: =IF(AND('Matriz riesgos de gestión'!$AD$16="Alta",'Matriz riesgos de gestión'!$AF$16="Catastrófico"),CONCATENATE("R2C",'Matriz riesgos de gestión'!$T$16),"") | AJ17: =IF(AND('Matriz riesgos de gestión'!$AD$17="Alta",'Matriz riesgos de gestión'!$AF$17="Catastrófico"),CONCATENATE("R2C",'Matriz riesgos de gestión'!$T$17),"") | AK17: =IF(AND('Matriz riesgos de gestión'!$AD$22="Alta",'Matriz riesgos de gestión'!$AF$22="Catastrófico"),CONCATENATE("R2C",'Matriz riesgos de gestión'!$T$22),"") | AL17: =IF(AND('Matriz riesgos de gestión'!$AD$23="Alta",'Matriz riesgos de gestión'!$AF$23="Catastrófico"),CONCATENATE("R2C",'Matriz riesgos de gestión'!$T$23),"") | AM17: =IF(AND('Matriz riesgos de gestión'!$AD$24="Alta",'Matriz riesgos de gestión'!$AF$24="Catastrófico"),CONCATENATE("R2C",'Matriz riesgos de gestión'!$T$24),"")
J18: =IF(AND('Matriz riesgos de gestión'!$AD$25="Alta",'Matriz riesgos de gestión'!$AF$25="Leve"),CONCATENATE("R3C",'Matriz riesgos de gestión'!$T$25),"") | K18: =IF(AND('Matriz riesgos de gestión'!$AD$26="Alta",'Matriz riesgos de gestión'!$AF$26="Leve"),CONCATENATE("R3C",'Matriz riesgos de gestión'!$T$26),"") | L18: =IF(AND('Matriz riesgos de gestión'!$AD$27="Alta",'Matriz riesgos de gestión'!$AF$27="Leve"),CONCATENATE("R3C",'Matriz riesgos de gestión'!$T$27),"") | M18: =IF(AND('Matriz riesgos de gestión'!$AD$28="Alta",'Matriz riesgos de gestión'!$AF$28="Leve"),CONCATENATE("R3C",'Matriz riesgos de gestión'!$T$28),"") | N18: =IF(AND('Matriz riesgos de gestión'!$AD$29="Alta",'Matriz riesgos de gestión'!$AF$29="Leve"),CONCATENATE("R3C",'Matriz riesgos de gestión'!$T$29),"") | O18: =IF(AND('Matriz riesgos de gestión'!$AD$30="Alta",'Matriz riesgos de gestión'!$AF$30="Leve"),CONCATENATE("R3C",'Matriz riesgos de gestión'!$T$30),"") | P18: =IF(AND('Matriz riesgos de gestión'!$AD$25="Alta",'Matriz riesgos de gestión'!$AF$25="Menor"),CONCATENATE("R3C",'Matriz riesgos de gestión'!$T$25),"") | Q18: =IF(AND('Matriz riesgos de gestión'!$AD$26="Alta",'Matriz riesgos de gestión'!$AF$26="Menor"),CONCATENATE("R3C",'Matriz riesgos de gestión'!$T$26),"") | R18: =IF(AND('Matriz riesgos de gestión'!$AD$27="Alta",'Matriz riesgos de gestión'!$AF$27="Menor"),CONCATENATE("R3C",'Matriz riesgos de gestión'!$T$27),"") | S18: =IF(AND('Matriz riesgos de gestión'!$AD$28="Alta",'Matriz riesgos de gestión'!$AF$28="Menor"),CONCATENATE("R3C",'Matriz riesgos de gestión'!$T$28),"") | T18: =IF(AND('Matriz riesgos de gestión'!$AD$29="Alta",'Matriz riesgos de gestión'!$AF$29="Menor"),CONCATENATE("R3C",'Matriz riesgos de gestión'!$T$29),"") | U18: =IF(AND('Matriz riesgos de gestión'!$AD$30="Alta",'Matriz riesgos de gestión'!$AF$30="Menor"),CONCATENATE("R3C",'Matriz riesgos de gestión'!$T$30),"") | V18: =IF(AND('Matriz riesgos de gestión'!$AD$25="Alta",'Matriz riesgos de gestión'!$AF$25="Moderado"),CONCATENATE("R3C",'Matriz riesgos de gestión'!$T$25),"") | W18: =IF(AND('Matriz riesgos de gestión'!$AD$26="Alta",'Matriz riesgos de gestión'!$AF$26="Moderado"),CONCATENATE("R3C",'Matriz riesgos de gestión'!$T$26),"") | X18: =IF(AND('Matriz riesgos de gestión'!$AD$27="Alta",'Matriz riesgos de gestión'!$AF$27="Moderado"),CONCATENATE("R3C",'Matriz riesgos de gestión'!$T$27),"") | Y18: =IF(AND('Matriz riesgos de gestión'!$AD$28="Alta",'Matriz riesgos de gestión'!$AF$28="Moderado"),CONCATENATE("R3C",'Matriz riesgos de gestión'!$T$28),"") | Z18: =IF(AND('Matriz riesgos de gestión'!$AD$29="Alta",'Matriz riesgos de gestión'!$AF$29="Moderado"),CONCATENATE("R3C",'Matriz riesgos de gestión'!$T$29),"") | AA18: =IF(AND('Matriz riesgos de gestión'!$AD$30="Alta",'Matriz riesgos de gestión'!$AF$30="Moderado"),CONCATENATE("R3C",'Matriz riesgos de gestión'!$T$30),"") | AB18: =IF(AND('Matriz riesgos de gestión'!$AD$25="Alta",'Matriz riesgos de gestión'!$AF$25="Mayor"),CONCATENATE("R3C",'Matriz riesgos de gestión'!$T$25),"") | AC18: =IF(AND('Matriz riesgos de gestión'!$AD$26="Alta",'Matriz riesgos de gestión'!$AF$26="Mayor"),CONCATENATE("R3C",'Matriz riesgos de gestión'!$T$26),"") | AD18: =IF(AND('Matriz riesgos de gestión'!$AD$27="Alta",'Matriz riesgos de gestión'!$AF$27="Mayor"),CONCATENATE("R3C",'Matriz riesgos de gestión'!$T$27),"") | AE18: =IF(AND('Matriz riesgos de gestión'!$AD$28="Alta",'Matriz riesgos de gestión'!$AF$28="Mayor"),CONCATENATE("R3C",'Matriz riesgos de gestión'!$T$28),"") | AF18: =IF(AND('Matriz riesgos de gestión'!$AD$29="Alta",'Matriz riesgos de gestión'!$AF$29="Mayor"),CONCATENATE("R3C",'Matriz riesgos de gestión'!$T$29),"") | AG18: =IF(AND('Matriz riesgos de gestión'!$AD$30="Alta",'Matriz riesgos de gestión'!$AF$30="Mayor"),CONCATENATE("R3C",'Matriz riesgos de gestión'!$T$30),"") | AH18: =IF(AND('Matriz riesgos de gestión'!$AD$25="Alta",'Matriz riesgos de gestión'!$AF$25="Catastrófico"),CONCATENATE("R3C",'Matriz riesgos de gestión'!$T$25),"") | AI18: =IF(AND('Matriz riesgos de gestión'!$AD$26="Alta",'Matriz riesgos de gestión'!$AF$26="Catastrófico"),CONCATENATE("R3C",'Matriz riesgos de gestión'!$T$26),"") | AJ18: =IF(AND('Matriz riesgos de gestión'!$AD$27="Alta",'Matriz riesgos de gestión'!$AF$27="Catastrófico"),CONCATENATE("R3C",'Matriz riesgos de gestión'!$T$27),"") | AK18: =IF(AND('Matriz riesgos de gestión'!$AD$28="Alta",'Matriz riesgos de gestión'!$AF$28="Catastrófico"),CONCATENATE("R3C",'Matriz riesgos de gestión'!$T$28),"") | AL18: =IF(AND('Matriz riesgos de gestión'!$AD$29="Alta",'Matriz riesgos de gestión'!$AF$29="Catastrófico"),CONCATENATE("R3C",'Matriz riesgos de gestión'!$T$29),"") | AM18: =IF(AND('Matriz riesgos de gestión'!$AD$30="Alta",'Matriz riesgos de gestión'!$AF$30="Catastrófico"),CONCATENATE("R3C",'Matriz riesgos de gestión'!$T$30),"")
J19: =IF(AND('Matriz riesgos de gestión'!$AD$31="Alta",'Matriz riesgos de gestión'!$AF$31="Leve"),CONCATENATE("R4C",'Matriz riesgos de gestión'!$T$31),"") | K19: =IF(AND('Matriz riesgos de gestión'!$AD$32="Alta",'Matriz riesgos de gestión'!$AF$32="Leve"),CONCATENATE("R4C",'Matriz riesgos de gestión'!$T$32),"") | L19: =IF(AND('Matriz riesgos de gestión'!$AD$33="Alta",'Matriz riesgos de gestión'!$AF$33="Leve"),CONCATENATE("R4C",'Matriz riesgos de gestión'!$T$33),"") | M19: =IF(AND('Matriz riesgos de gestión'!$AD$34="Alta",'Matriz riesgos de gestión'!$AF$34="Leve"),CONCATENATE("R4C",'Matriz riesgos de gestión'!$T$34),"") | N19: =IF(AND('Matriz riesgos de gestión'!$AD$35="Alta",'Matriz riesgos de gestión'!$AF$35="Leve"),CONCATENATE("R4C",'Matriz riesgos de gestión'!$T$35),"") | O19: =IF(AND('Matriz riesgos de gestión'!$AD$36="Alta",'Matriz riesgos de gestión'!$AF$36="Leve"),CONCATENATE("R4C",'Matriz riesgos de gestión'!$T$36),"") | P19: =IF(AND('Matriz riesgos de gestión'!$AD$31="Alta",'Matriz riesgos de gestión'!$AF$31="Menor"),CONCATENATE("R4C",'Matriz riesgos de gestión'!$T$31),"") | Q19: =IF(AND('Matriz riesgos de gestión'!$AD$32="Alta",'Matriz riesgos de gestión'!$AF$32="Menor"),CONCATENATE("R4C",'Matriz riesgos de gestión'!$T$32),"") | R19: =IF(AND('Matriz riesgos de gestión'!$AD$33="Alta",'Matriz riesgos de gestión'!$AF$33="Menor"),CONCATENATE("R4C",'Matriz riesgos de gestión'!$T$33),"") | S19: =IF(AND('Matriz riesgos de gestión'!$AD$34="Alta",'Matriz riesgos de gestión'!$AF$34="Menor"),CONCATENATE("R4C",'Matriz riesgos de gestión'!$T$34),"") | T19: =IF(AND('Matriz riesgos de gestión'!$AD$35="Alta",'Matriz riesgos de gestión'!$AF$35="Menor"),CONCATENATE("R4C",'Matriz riesgos de gestión'!$T$35),"") | U19: =IF(AND('Matriz riesgos de gestión'!$AD$36="Alta",'Matriz riesgos de gestión'!$AF$36="Menor"),CONCATENATE("R4C",'Matriz riesgos de gestión'!$T$36),"") | V19: =IF(AND('Matriz riesgos de gestión'!$AD$31="Alta",'Matriz riesgos de gestión'!$AF$31="Moderado"),CONCATENATE("R4C",'Matriz riesgos de gestión'!$T$31),"") | W19: =IF(AND('Matriz riesgos de gestión'!$AD$32="Alta",'Matriz riesgos de gestión'!$AF$32="Moderado"),CONCATENATE("R4C",'Matriz riesgos de gestión'!$T$32),"") | X19: =IF(AND('Matriz riesgos de gestión'!$AD$33="Alta",'Matriz riesgos de gestión'!$AF$33="Moderado"),CONCATENATE("R4C",'Matriz riesgos de gestión'!$T$33),"") | Y19: =IF(AND('Matriz riesgos de gestión'!$AD$34="Alta",'Matriz riesgos de gestión'!$AF$34="Moderado"),CONCATENATE("R4C",'Matriz riesgos de gestión'!$T$34),"") | Z19: =IF(AND('Matriz riesgos de gestión'!$AD$35="Alta",'Matriz riesgos de gestión'!$AF$35="Moderado"),CONCATENATE("R4C",'Matriz riesgos de gestión'!$T$35),"") | AA19: =IF(AND('Matriz riesgos de gestión'!$AD$36="Alta",'Matriz riesgos de gestión'!$AF$36="Moderado"),CONCATENATE("R4C",'Matriz riesgos de gestión'!$T$36),"") | AB19: =IF(AND('Matriz riesgos de gestión'!$AD$31="Alta",'Matriz riesgos de gestión'!$AF$31="Mayor"),CONCATENATE("R4C",'Matriz riesgos de gestión'!$T$31),"") | AC19: =IF(AND('Matriz riesgos de gestión'!$AD$32="Alta",'Matriz riesgos de gestión'!$AF$32="Mayor"),CONCATENATE("R4C",'Matriz riesgos de gestión'!$T$32),"") | AD19: =IF(AND('Matriz riesgos de gestión'!$AD$33="Alta",'Matriz riesgos de gestión'!$AF$33="Mayor"),CONCATENATE("R4C",'Matriz riesgos de gestión'!$T$33),"") | AE19: =IF(AND('Matriz riesgos de gestión'!$AD$34="Alta",'Matriz riesgos de gestión'!$AF$34="Mayor"),CONCATENATE("R4C",'Matriz riesgos de gestión'!$T$34),"") | AF19: =IF(AND('Matriz riesgos de gestión'!$AD$35="Alta",'Matriz riesgos de gestión'!$AF$35="Mayor"),CONCATENATE("R4C",'Matriz riesgos de gestión'!$T$35),"") | AG19: =IF(AND('Matriz riesgos de gestión'!$AD$36="Alta",'Matriz riesgos de gestión'!$AF$36="Mayor"),CONCATENATE("R4C",'Matriz riesgos de gestión'!$T$36),"") | AH19: =IF(AND('Matriz riesgos de gestión'!$AD$31="Alta",'Matriz riesgos de gestión'!$AF$31="Catastrófico"),CONCATENATE("R4C",'Matriz riesgos de gestión'!$T$31),"") | AI19: =IF(AND('Matriz riesgos de gestión'!$AD$32="Alta",'Matriz riesgos de gestión'!$AF$32="Catastrófico"),CONCATENATE("R4C",'Matriz riesgos de gestión'!$T$32),"") | AJ19: =IF(AND('Matriz riesgos de gestión'!$AD$33="Alta",'Matriz riesgos de gestión'!$AF$33="Catastrófico"),CONCATENATE("R4C",'Matriz riesgos de gestión'!$T$33),"") | AK19: =IF(AND('Matriz riesgos de gestión'!$AD$34="Alta",'Matriz riesgos de gestión'!$AF$34="Catastrófico"),CONCATENATE("R4C",'Matriz riesgos de gestión'!$T$34),"") | AL19: =IF(AND('Matriz riesgos de gestión'!$AD$35="Alta",'Matriz riesgos de gestión'!$AF$35="Catastrófico"),CONCATENATE("R4C",'Matriz riesgos de gestión'!$T$35),"") | AM19: =IF(AND('Matriz riesgos de gestión'!$AD$36="Alta",'Matriz riesgos de gestión'!$AF$36="Catastrófico"),CONCATENATE("R4C",'Matriz riesgos de gestión'!$T$36),"")
J20: =IF(AND('Matriz riesgos de gestión'!$AD$37="Alta",'Matriz riesgos de gestión'!$AF$37="Leve"),CONCATENATE("R5C",'Matriz riesgos de gestión'!$T$37),"") | K20: =IF(AND('Matriz riesgos de gestión'!$AD$38="Alta",'Matriz riesgos de gestión'!$AF$38="Leve"),CONCATENATE("R5C",'Matriz riesgos de gestión'!$T$38),"") | L20: =IF(AND('Matriz riesgos de gestión'!$AD$39="Alta",'Matriz riesgos de gestión'!$AF$39="Leve"),CONCATENATE("R5C",'Matriz riesgos de gestión'!$T$39),"") | M20: =IF(AND('Matriz riesgos de gestión'!$AD$40="Alta",'Matriz riesgos de gestión'!$AF$40="Leve"),CONCATENATE("R5C",'Matriz riesgos de gestión'!$T$40),"") | N20: =IF(AND('Matriz riesgos de gestión'!$AD$41="Alta",'Matriz riesgos de gestión'!$AF$41="Leve"),CONCATENATE("R5C",'Matriz riesgos de gestión'!$T$41),"") | O20: =IF(AND('Matriz riesgos de gestión'!$AD$42="Alta",'Matriz riesgos de gestión'!$AF$42="Leve"),CONCATENATE("R5C",'Matriz riesgos de gestión'!$T$42),"") | P20: =IF(AND('Matriz riesgos de gestión'!$AD$37="Alta",'Matriz riesgos de gestión'!$AF$37="Menor"),CONCATENATE("R5C",'Matriz riesgos de gestión'!$T$37),"") | Q20: =IF(AND('Matriz riesgos de gestión'!$AD$38="Alta",'Matriz riesgos de gestión'!$AF$38="Menor"),CONCATENATE("R5C",'Matriz riesgos de gestión'!$T$38),"") | R20: =IF(AND('Matriz riesgos de gestión'!$AD$39="Alta",'Matriz riesgos de gestión'!$AF$39="Menor"),CONCATENATE("R5C",'Matriz riesgos de gestión'!$T$39),"") | S20: =IF(AND('Matriz riesgos de gestión'!$AD$40="Alta",'Matriz riesgos de gestión'!$AF$40="Menor"),CONCATENATE("R5C",'Matriz riesgos de gestión'!$T$40),"") | T20: =IF(AND('Matriz riesgos de gestión'!$AD$41="Alta",'Matriz riesgos de gestión'!$AF$41="Menor"),CONCATENATE("R5C",'Matriz riesgos de gestión'!$T$41),"") | U20: =IF(AND('Matriz riesgos de gestión'!$AD$42="Alta",'Matriz riesgos de gestión'!$AF$42="Menor"),CONCATENATE("R5C",'Matriz riesgos de gestión'!$T$42),"") | V20: =IF(AND('Matriz riesgos de gestión'!$AD$37="Alta",'Matriz riesgos de gestión'!$AF$37="Moderado"),CONCATENATE("R5C",'Matriz riesgos de gestión'!$T$37),"") | W20: =IF(AND('Matriz riesgos de gestión'!$AD$38="Alta",'Matriz riesgos de gestión'!$AF$38="Moderado"),CONCATENATE("R5C",'Matriz riesgos de gestión'!$T$38),"") | X20: =IF(AND('Matriz riesgos de gestión'!$AD$39="Alta",'Matriz riesgos de gestión'!$AF$39="Moderado"),CONCATENATE("R5C",'Matriz riesgos de gestión'!$T$39),"") | Y20: =IF(AND('Matriz riesgos de gestión'!$AD$40="Alta",'Matriz riesgos de gestión'!$AF$40="Moderado"),CONCATENATE("R5C",'Matriz riesgos de gestión'!$T$40),"") | Z20: =IF(AND('Matriz riesgos de gestión'!$AD$41="Alta",'Matriz riesgos de gestión'!$AF$41="Moderado"),CONCATENATE("R5C",'Matriz riesgos de gestión'!$T$41),"") | AA20: =IF(AND('Matriz riesgos de gestión'!$AD$42="Alta",'Matriz riesgos de gestión'!$AF$42="Moderado"),CONCATENATE("R5C",'Matriz riesgos de gestión'!$T$42),"") | AB20: =IF(AND('Matriz riesgos de gestión'!$AD$37="Alta",'Matriz riesgos de gestión'!$AF$37="Mayor"),CONCATENATE("R5C",'Matriz riesgos de gestión'!$T$37),"") | AC20: =IF(AND('Matriz riesgos de gestión'!$AD$38="Alta",'Matriz riesgos de gestión'!$AF$38="Mayor"),CONCATENATE("R5C",'Matriz riesgos de gestión'!$T$38),"") | AD20: =IF(AND('Matriz riesgos de gestión'!$AD$39="Alta",'Matriz riesgos de gestión'!$AF$39="Mayor"),CONCATENATE("R5C",'Matriz riesgos de gestión'!$T$39),"") | AE20: =IF(AND('Matriz riesgos de gestión'!$AD$40="Alta",'Matriz riesgos de gestión'!$AF$40="Mayor"),CONCATENATE("R5C",'Matriz riesgos de gestión'!$T$40),"") | AF20: =IF(AND('Matriz riesgos de gestión'!$AD$41="Alta",'Matriz riesgos de gestión'!$AF$41="Mayor"),CONCATENATE("R5C",'Matriz riesgos de gestión'!$T$41),"") | AG20: =IF(AND('Matriz riesgos de gestión'!$AD$42="Alta",'Matriz riesgos de gestión'!$AF$42="Mayor"),CONCATENATE("R5C",'Matriz riesgos de gestión'!$T$42),"") | AH20: =IF(AND('Matriz riesgos de gestión'!$AD$37="Alta",'Matriz riesgos de gestión'!$AF$37="Catastrófico"),CONCATENATE("R5C",'Matriz riesgos de gestión'!$T$37),"") | AI20: =IF(AND('Matriz riesgos de gestión'!$AD$38="Alta",'Matriz riesgos de gestión'!$AF$38="Catastrófico"),CONCATENATE("R5C",'Matriz riesgos de gestión'!$T$38),"") | AJ20: =IF(AND('Matriz riesgos de gestión'!$AD$39="Alta",'Matriz riesgos de gestión'!$AF$39="Catastrófico"),CONCATENATE("R5C",'Matriz riesgos de gestión'!$T$39),"") | AK20: =IF(AND('Matriz riesgos de gestión'!$AD$40="Alta",'Matriz riesgos de gestión'!$AF$40="Catastrófico"),CONCATENATE("R5C",'Matriz riesgos de gestión'!$T$40),"") | AL20: =IF(AND('Matriz riesgos de gestión'!$AD$41="Alta",'Matriz riesgos de gestión'!$AF$41="Catastrófico"),CONCATENATE("R5C",'Matriz riesgos de gestión'!$T$41),"") | AM20: =IF(AND('Matriz riesgos de gestión'!$AD$42="Alta",'Matriz riesgos de gestión'!$AF$42="Catastrófico"),CONCATENATE("R5C",'Matriz riesgos de gestión'!$T$42),"")
J21: =IF(AND('Matriz riesgos de gestión'!$AD$43="Alta",'Matriz riesgos de gestión'!$AF$43="Leve"),CONCATENATE("R6C",'Matriz riesgos de gestión'!$T$43),"") | K21: =IF(AND('Matriz riesgos de gestión'!$AD$44="Alta",'Matriz riesgos de gestión'!$AF$44="Leve"),CONCATENATE("R6C",'Matriz riesgos de gestión'!$T$44),"") | L21: =IF(AND('Matriz riesgos de gestión'!$AD$45="Alta",'Matriz riesgos de gestión'!$AF$45="Leve"),CONCATENATE("R6C",'Matriz riesgos de gestión'!$T$45),"") | M21: =IF(AND('Matriz riesgos de gestión'!$AD$46="Alta",'Matriz riesgos de gestión'!$AF$46="Leve"),CONCATENATE("R6C",'Matriz riesgos de gestión'!$T$46),"") | N21: =IF(AND('Matriz riesgos de gestión'!$AD$47="Alta",'Matriz riesgos de gestión'!$AF$47="Leve"),CONCATENATE("R6C",'Matriz riesgos de gestión'!$T$47),"") | O21: =IF(AND('Matriz riesgos de gestión'!$AD$48="Alta",'Matriz riesgos de gestión'!$AF$48="Leve"),CONCATENATE("R6C",'Matriz riesgos de gestión'!$T$48),"") | P21: =IF(AND('Matriz riesgos de gestión'!$AD$43="Alta",'Matriz riesgos de gestión'!$AF$43="Menor"),CONCATENATE("R6C",'Matriz riesgos de gestión'!$T$43),"") | Q21: =IF(AND('Matriz riesgos de gestión'!$AD$44="Alta",'Matriz riesgos de gestión'!$AF$44="Menor"),CONCATENATE("R6C",'Matriz riesgos de gestión'!$T$44),"") | R21: =IF(AND('Matriz riesgos de gestión'!$AD$45="Alta",'Matriz riesgos de gestión'!$AF$45="Menor"),CONCATENATE("R6C",'Matriz riesgos de gestión'!$T$45),"") | S21: =IF(AND('Matriz riesgos de gestión'!$AD$46="Alta",'Matriz riesgos de gestión'!$AF$46="Menor"),CONCATENATE("R6C",'Matriz riesgos de gestión'!$T$46),"") | T21: =IF(AND('Matriz riesgos de gestión'!$AD$47="Alta",'Matriz riesgos de gestión'!$AF$47="Menor"),CONCATENATE("R6C",'Matriz riesgos de gestión'!$T$47),"") | U21: =IF(AND('Matriz riesgos de gestión'!$AD$48="Alta",'Matriz riesgos de gestión'!$AF$48="Menor"),CONCATENATE("R6C",'Matriz riesgos de gestión'!$T$48),"") | V21: =IF(AND('Matriz riesgos de gestión'!$AD$43="Alta",'Matriz riesgos de gestión'!$AF$43="Moderado"),CONCATENATE("R6C",'Matriz riesgos de gestión'!$T$43),"") | W21: =IF(AND('Matriz riesgos de gestión'!$AD$44="Alta",'Matriz riesgos de gestión'!$AF$44="Moderado"),CONCATENATE("R6C",'Matriz riesgos de gestión'!$T$44),"") | X21: =IF(AND('Matriz riesgos de gestión'!$AD$45="Alta",'Matriz riesgos de gestión'!$AF$45="Moderado"),CONCATENATE("R6C",'Matriz riesgos de gestión'!$T$45),"") | Y21: =IF(AND('Matriz riesgos de gestión'!$AD$46="Alta",'Matriz riesgos de gestión'!$AF$46="Moderado"),CONCATENATE("R6C",'Matriz riesgos de gestión'!$T$46),"") | Z21: =IF(AND('Matriz riesgos de gestión'!$AD$47="Alta",'Matriz riesgos de gestión'!$AF$47="Moderado"),CONCATENATE("R6C",'Matriz riesgos de gestión'!$T$47),"") | AA21: =IF(AND('Matriz riesgos de gestión'!$AD$48="Alta",'Matriz riesgos de gestión'!$AF$48="Moderado"),CONCATENATE("R6C",'Matriz riesgos de gestión'!$T$48),"") | AB21: =IF(AND('Matriz riesgos de gestión'!$AD$43="Alta",'Matriz riesgos de gestión'!$AF$43="Mayor"),CONCATENATE("R6C",'Matriz riesgos de gestión'!$T$43),"") | AC21: =IF(AND('Matriz riesgos de gestión'!$AD$44="Alta",'Matriz riesgos de gestión'!$AF$44="Mayor"),CONCATENATE("R6C",'Matriz riesgos de gestión'!$T$44),"") | AD21: =IF(AND('Matriz riesgos de gestión'!$AD$45="Alta",'Matriz riesgos de gestión'!$AF$45="Mayor"),CONCATENATE("R6C",'Matriz riesgos de gestión'!$T$45),"") | AE21: =IF(AND('Matriz riesgos de gestión'!$AD$46="Alta",'Matriz riesgos de gestión'!$AF$46="Mayor"),CONCATENATE("R6C",'Matriz riesgos de gestión'!$T$46),"") | AF21: =IF(AND('Matriz riesgos de gestión'!$AD$47="Alta",'Matriz riesgos de gestión'!$AF$47="Mayor"),CONCATENATE("R6C",'Matriz riesgos de gestión'!$T$47),"") | AG21: =IF(AND('Matriz riesgos de gestión'!$AD$48="Alta",'Matriz riesgos de gestión'!$AF$48="Mayor"),CONCATENATE("R6C",'Matriz riesgos de gestión'!$T$48),"") | AH21: =IF(AND('Matriz riesgos de gestión'!$AD$43="Alta",'Matriz riesgos de gestión'!$AF$43="Catastrófico"),CONCATENATE("R6C",'Matriz riesgos de gestión'!$T$43),"") | AI21: =IF(AND('Matriz riesgos de gestión'!$AD$44="Alta",'Matriz riesgos de gestión'!$AF$44="Catastrófico"),CONCATENATE("R6C",'Matriz riesgos de gestión'!$T$44),"") | AJ21: =IF(AND('Matriz riesgos de gestión'!$AD$45="Alta",'Matriz riesgos de gestión'!$AF$45="Catastrófico"),CONCATENATE("R6C",'Matriz riesgos de gestión'!$T$45),"") | AK21: =IF(AND('Matriz riesgos de gestión'!$AD$46="Alta",'Matriz riesgos de gestión'!$AF$46="Catastrófico"),CONCATENATE("R6C",'Matriz riesgos de gestión'!$T$46),"") | AL21: =IF(AND('Matriz riesgos de gestión'!$AD$47="Alta",'Matriz riesgos de gestión'!$AF$47="Catastrófico"),CONCATENATE("R6C",'Matriz riesgos de gestión'!$T$47),"") | AM21: =IF(AND('Matriz riesgos de gestión'!$AD$48="Alta",'Matriz riesgos de gestión'!$AF$48="Catastrófico"),CONCATENATE("R6C",'Matriz riesgos de gestión'!$T$48),"")
J22: =IF(AND('Matriz riesgos de gestión'!$AD$49="Alta",'Matriz riesgos de gestión'!$AF$49="Leve"),CONCATENATE("R7C",'Matriz riesgos de gestión'!$T$49),"") | K22: =IF(AND('Matriz riesgos de gestión'!$AD$50="Alta",'Matriz riesgos de gestión'!$AF$50="Leve"),CONCATENATE("R7C",'Matriz riesgos de gestión'!$T$50),"") | L22: =IF(AND('Matriz riesgos de gestión'!$AD$51="Alta",'Matriz riesgos de gestión'!$AF$51="Leve"),CONCATENATE("R7C",'Matriz riesgos de gestión'!$T$51),"") | M22: =IF(AND('Matriz riesgos de gestión'!$AD$52="Alta",'Matriz riesgos de gestión'!$AF$52="Leve"),CONCATENATE("R7C",'Matriz riesgos de gestión'!$T$52),"") | N22: =IF(AND('Matriz riesgos de gestión'!$AD$53="Alta",'Matriz riesgos de gestión'!$AF$53="Leve"),CONCATENATE("R7C",'Matriz riesgos de gestión'!$T$53),"") | O22: =IF(AND('Matriz riesgos de gestión'!$AD$54="Alta",'Matriz riesgos de gestión'!$AF$54="Leve"),CONCATENATE("R7C",'Matriz riesgos de gestión'!$T$54),"") | P22: =IF(AND('Matriz riesgos de gestión'!$AD$49="Alta",'Matriz riesgos de gestión'!$AF$49="Menor"),CONCATENATE("R7C",'Matriz riesgos de gestión'!$T$49),"") | Q22: =IF(AND('Matriz riesgos de gestión'!$AD$50="Alta",'Matriz riesgos de gestión'!$AF$50="Menor"),CONCATENATE("R7C",'Matriz riesgos de gestión'!$T$50),"") | R22: =IF(AND('Matriz riesgos de gestión'!$AD$51="Alta",'Matriz riesgos de gestión'!$AF$51="Menor"),CONCATENATE("R7C",'Matriz riesgos de gestión'!$T$51),"") | S22: =IF(AND('Matriz riesgos de gestión'!$AD$52="Alta",'Matriz riesgos de gestión'!$AF$52="Menor"),CONCATENATE("R7C",'Matriz riesgos de gestión'!$T$52),"") | T22: =IF(AND('Matriz riesgos de gestión'!$AD$53="Alta",'Matriz riesgos de gestión'!$AF$53="Menor"),CONCATENATE("R7C",'Matriz riesgos de gestión'!$T$53),"") | U22: =IF(AND('Matriz riesgos de gestión'!$AD$54="Alta",'Matriz riesgos de gestión'!$AF$54="Menor"),CONCATENATE("R7C",'Matriz riesgos de gestión'!$T$54),"") | V22: =IF(AND('Matriz riesgos de gestión'!$AD$49="Alta",'Matriz riesgos de gestión'!$AF$49="Moderado"),CONCATENATE("R7C",'Matriz riesgos de gestión'!$T$49),"") | W22: =IF(AND('Matriz riesgos de gestión'!$AD$50="Alta",'Matriz riesgos de gestión'!$AF$50="Moderado"),CONCATENATE("R7C",'Matriz riesgos de gestión'!$T$50),"") | X22: =IF(AND('Matriz riesgos de gestión'!$AD$51="Alta",'Matriz riesgos de gestión'!$AF$51="Moderado"),CONCATENATE("R7C",'Matriz riesgos de gestión'!$T$51),"") | Y22: =IF(AND('Matriz riesgos de gestión'!$AD$52="Alta",'Matriz riesgos de gestión'!$AF$52="Moderado"),CONCATENATE("R7C",'Matriz riesgos de gestión'!$T$52),"") | Z22: =IF(AND('Matriz riesgos de gestión'!$AD$53="Alta",'Matriz riesgos de gestión'!$AF$53="Moderado"),CONCATENATE("R7C",'Matriz riesgos de gestión'!$T$53),"") | AA22: =IF(AND('Matriz riesgos de gestión'!$AD$54="Alta",'Matriz riesgos de gestión'!$AF$54="Moderado"),CONCATENATE("R7C",'Matriz riesgos de gestión'!$T$54),"") | AB22: =IF(AND('Matriz riesgos de gestión'!$AD$49="Alta",'Matriz riesgos de gestión'!$AF$49="Mayor"),CONCATENATE("R7C",'Matriz riesgos de gestión'!$T$49),"") | AC22: =IF(AND('Matriz riesgos de gestión'!$AD$50="Alta",'Matriz riesgos de gestión'!$AF$50="Mayor"),CONCATENATE("R7C",'Matriz riesgos de gestión'!$T$50),"") | AD22: =IF(AND('Matriz riesgos de gestión'!$AD$51="Alta",'Matriz riesgos de gestión'!$AF$51="Mayor"),CONCATENATE("R7C",'Matriz riesgos de gestión'!$T$51),"") | AE22: =IF(AND('Matriz riesgos de gestión'!$AD$52="Alta",'Matriz riesgos de gestión'!$AF$52="Mayor"),CONCATENATE("R7C",'Matriz riesgos de gestión'!$T$52),"") | AF22: =IF(AND('Matriz riesgos de gestión'!$AD$53="Alta",'Matriz riesgos de gestión'!$AF$53="Mayor"),CONCATENATE("R7C",'Matriz riesgos de gestión'!$T$53),"") | AG22: =IF(AND('Matriz riesgos de gestión'!$AD$54="Alta",'Matriz riesgos de gestión'!$AF$54="Mayor"),CONCATENATE("R7C",'Matriz riesgos de gestión'!$T$54),"") | AH22: =IF(AND('Matriz riesgos de gestión'!$AD$49="Alta",'Matriz riesgos de gestión'!$AF$49="Catastrófico"),CONCATENATE("R7C",'Matriz riesgos de gestión'!$T$49),"") | AI22: =IF(AND('Matriz riesgos de gestión'!$AD$50="Alta",'Matriz riesgos de gestión'!$AF$50="Catastrófico"),CONCATENATE("R7C",'Matriz riesgos de gestión'!$T$50),"") | AJ22: =IF(AND('Matriz riesgos de gestión'!$AD$51="Alta",'Matriz riesgos de gestión'!$AF$51="Catastrófico"),CONCATENATE("R7C",'Matriz riesgos de gestión'!$T$51),"") | AK22: =IF(AND('Matriz riesgos de gestión'!$AD$52="Alta",'Matriz riesgos de gestión'!$AF$52="Catastrófico"),CONCATENATE("R7C",'Matriz riesgos de gestión'!$T$52),"") | AL22: =IF(AND('Matriz riesgos de gestión'!$AD$53="Alta",'Matriz riesgos de gestión'!$AF$53="Catastrófico"),CONCATENATE("R7C",'Matriz riesgos de gestión'!$T$53),"") | AM22: =IF(AND('Matriz riesgos de gestión'!$AD$54="Alta",'Matriz riesgos de gestión'!$AF$54="Catastrófico"),CONCATENATE("R7C",'Matriz riesgos de gestión'!$T$54),"")
J23: =IF(AND('Matriz riesgos de gestión'!$AD$55="Alta",'Matriz riesgos de gestión'!$AF$55="Leve"),CONCATENATE("R8C",'Matriz riesgos de gestión'!$T$55),"") | K23: =IF(AND('Matriz riesgos de gestión'!$AD$56="Alta",'Matriz riesgos de gestión'!$AF$56="Leve"),CONCATENATE("R8C",'Matriz riesgos de gestión'!$T$56),"") | L23: =IF(AND('Matriz riesgos de gestión'!$AD$57="Alta",'Matriz riesgos de gestión'!$AF$57="Leve"),CONCATENATE("R8C",'Matriz riesgos de gestión'!$T$57),"") | M23: =IF(AND('Matriz riesgos de gestión'!$AD$58="Alta",'Matriz riesgos de gestión'!$AF$58="Leve"),CONCATENATE("R8C",'Matriz riesgos de gestión'!$T$58),"") | N23: =IF(AND('Matriz riesgos de gestión'!$AD$59="Alta",'Matriz riesgos de gestión'!$AF$59="Leve"),CONCATENATE("R8C",'Matriz riesgos de gestión'!$T$59),"") | O23: =IF(AND('Matriz riesgos de gestión'!$AD$60="Alta",'Matriz riesgos de gestión'!$AF$60="Leve"),CONCATENATE("R8C",'Matriz riesgos de gestión'!$T$60),"") | P23: =IF(AND('Matriz riesgos de gestión'!$AD$55="Alta",'Matriz riesgos de gestión'!$AF$55="Menor"),CONCATENATE("R8C",'Matriz riesgos de gestión'!$T$55),"") | Q23: =IF(AND('Matriz riesgos de gestión'!$AD$56="Alta",'Matriz riesgos de gestión'!$AF$56="Menor"),CONCATENATE("R8C",'Matriz riesgos de gestión'!$T$56),"") | R23: =IF(AND('Matriz riesgos de gestión'!$AD$57="Alta",'Matriz riesgos de gestión'!$AF$57="Menor"),CONCATENATE("R8C",'Matriz riesgos de gestión'!$T$57),"") | S23: =IF(AND('Matriz riesgos de gestión'!$AD$58="Alta",'Matriz riesgos de gestión'!$AF$58="Menor"),CONCATENATE("R8C",'Matriz riesgos de gestión'!$T$58),"") | T23: =IF(AND('Matriz riesgos de gestión'!$AD$59="Alta",'Matriz riesgos de gestión'!$AF$59="Menor"),CONCATENATE("R8C",'Matriz riesgos de gestión'!$T$59),"") | U23: =IF(AND('Matriz riesgos de gestión'!$AD$60="Alta",'Matriz riesgos de gestión'!$AF$60="Menor"),CONCATENATE("R8C",'Matriz riesgos de gestión'!$T$60),"") | V23: =IF(AND('Matriz riesgos de gestión'!$AD$55="Alta",'Matriz riesgos de gestión'!$AF$55="Moderado"),CONCATENATE("R8C",'Matriz riesgos de gestión'!$T$55),"") | W23: =IF(AND('Matriz riesgos de gestión'!$AD$56="Alta",'Matriz riesgos de gestión'!$AF$56="Moderado"),CONCATENATE("R8C",'Matriz riesgos de gestión'!$T$56),"") | X23: =IF(AND('Matriz riesgos de gestión'!$AD$57="Alta",'Matriz riesgos de gestión'!$AF$57="Moderado"),CONCATENATE("R8C",'Matriz riesgos de gestión'!$T$57),"") | Y23: =IF(AND('Matriz riesgos de gestión'!$AD$58="Alta",'Matriz riesgos de gestión'!$AF$58="Moderado"),CONCATENATE("R8C",'Matriz riesgos de gestión'!$T$58),"") | Z23: =IF(AND('Matriz riesgos de gestión'!$AD$59="Alta",'Matriz riesgos de gestión'!$AF$59="Moderado"),CONCATENATE("R8C",'Matriz riesgos de gestión'!$T$59),"") | AA23: =IF(AND('Matriz riesgos de gestión'!$AD$60="Alta",'Matriz riesgos de gestión'!$AF$60="Moderado"),CONCATENATE("R8C",'Matriz riesgos de gestión'!$T$60),"") | AB23: =IF(AND('Matriz riesgos de gestión'!$AD$55="Alta",'Matriz riesgos de gestión'!$AF$55="Mayor"),CONCATENATE("R8C",'Matriz riesgos de gestión'!$T$55),"") | AC23: =IF(AND('Matriz riesgos de gestión'!$AD$56="Alta",'Matriz riesgos de gestión'!$AF$56="Mayor"),CONCATENATE("R8C",'Matriz riesgos de gestión'!$T$56),"") | AD23: =IF(AND('Matriz riesgos de gestión'!$AD$57="Alta",'Matriz riesgos de gestión'!$AF$57="Mayor"),CONCATENATE("R8C",'Matriz riesgos de gestión'!$T$57),"") | AE23: =IF(AND('Matriz riesgos de gestión'!$AD$58="Alta",'Matriz riesgos de gestión'!$AF$58="Mayor"),CONCATENATE("R8C",'Matriz riesgos de gestión'!$T$58),"") | AF23: =IF(AND('Matriz riesgos de gestión'!$AD$59="Alta",'Matriz riesgos de gestión'!$AF$59="Mayor"),CONCATENATE("R8C",'Matriz riesgos de gestión'!$T$59),"") | AG23: =IF(AND('Matriz riesgos de gestión'!$AD$60="Alta",'Matriz riesgos de gestión'!$AF$60="Mayor"),CONCATENATE("R8C",'Matriz riesgos de gestión'!$T$60),"") | AH23: =IF(AND('Matriz riesgos de gestión'!$AD$55="Alta",'Matriz riesgos de gestión'!$AF$55="Catastrófico"),CONCATENATE("R8C",'Matriz riesgos de gestión'!$T$55),"") | AI23: =IF(AND('Matriz riesgos de gestión'!$AD$56="Alta",'Matriz riesgos de gestión'!$AF$56="Catastrófico"),CONCATENATE("R8C",'Matriz riesgos de gestión'!$T$56),"") | AJ23: =IF(AND('Matriz riesgos de gestión'!$AD$57="Alta",'Matriz riesgos de gestión'!$AF$57="Catastrófico"),CONCATENATE("R8C",'Matriz riesgos de gestión'!$T$57),"") | AK23: =IF(AND('Matriz riesgos de gestión'!$AD$58="Alta",'Matriz riesgos de gestión'!$AF$58="Catastrófico"),CONCATENATE("R8C",'Matriz riesgos de gestión'!$T$58),"") | AL23: =IF(AND('Matriz riesgos de gestión'!$AD$59="Alta",'Matriz riesgos de gestión'!$AF$59="Catastrófico"),CONCATENATE("R8C",'Matriz riesgos de gestión'!$T$59),"") | AM23: =IF(AND('Matriz riesgos de gestión'!$AD$60="Alta",'Matriz riesgos de gestión'!$AF$60="Catastrófico"),CONCATENATE("R8C",'Matriz riesgos de gestión'!$T$60),"")
J24: =IF(AND('Matriz riesgos de gestión'!$AD$61="Alta",'Matriz riesgos de gestión'!$AF$61="Leve"),CONCATENATE("R9C",'Matriz riesgos de gestión'!$T$61),"") | K24: =IF(AND('Matriz riesgos de gestión'!$AD$62="Alta",'Matriz riesgos de gestión'!$AF$62="Leve"),CONCATENATE("R9C",'Matriz riesgos de gestión'!$T$62),"") | L24: =IF(AND('Matriz riesgos de gestión'!$AD$63="Alta",'Matriz riesgos de gestión'!$AF$63="Leve"),CONCATENATE("R9C",'Matriz riesgos de gestión'!$T$63),"") | M24: =IF(AND('Matriz riesgos de gestión'!$AD$64="Alta",'Matriz riesgos de gestión'!$AF$64="Leve"),CONCATENATE("R9C",'Matriz riesgos de gestión'!$T$64),"") | N24: =IF(AND('Matriz riesgos de gestión'!$AD$65="Alta",'Matriz riesgos de gestión'!$AF$65="Leve"),CONCATENATE("R9C",'Matriz riesgos de gestión'!$T$65),"") | O24: =IF(AND('Matriz riesgos de gestión'!$AD$66="Alta",'Matriz riesgos de gestión'!$AF$66="Leve"),CONCATENATE("R9C",'Matriz riesgos de gestión'!$T$66),"") | P24: =IF(AND('Matriz riesgos de gestión'!$AD$61="Alta",'Matriz riesgos de gestión'!$AF$61="Menor"),CONCATENATE("R9C",'Matriz riesgos de gestión'!$T$61),"") | Q24: =IF(AND('Matriz riesgos de gestión'!$AD$62="Alta",'Matriz riesgos de gestión'!$AF$62="Menor"),CONCATENATE("R9C",'Matriz riesgos de gestión'!$T$62),"") | R24: =IF(AND('Matriz riesgos de gestión'!$AD$63="Alta",'Matriz riesgos de gestión'!$AF$63="Menor"),CONCATENATE("R9C",'Matriz riesgos de gestión'!$T$63),"") | S24: =IF(AND('Matriz riesgos de gestión'!$AD$64="Alta",'Matriz riesgos de gestión'!$AF$64="Menor"),CONCATENATE("R9C",'Matriz riesgos de gestión'!$T$64),"") | T24: =IF(AND('Matriz riesgos de gestión'!$AD$65="Alta",'Matriz riesgos de gestión'!$AF$65="Menor"),CONCATENATE("R9C",'Matriz riesgos de gestión'!$T$65),"") | U24: =IF(AND('Matriz riesgos de gestión'!$AD$66="Alta",'Matriz riesgos de gestión'!$AF$66="Menor"),CONCATENATE("R9C",'Matriz riesgos de gestión'!$T$66),"") | V24: =IF(AND('Matriz riesgos de gestión'!$AD$61="Alta",'Matriz riesgos de gestión'!$AF$61="Moderado"),CONCATENATE("R9C",'Matriz riesgos de gestión'!$T$61),"") | W24: =IF(AND('Matriz riesgos de gestión'!$AD$62="Alta",'Matriz riesgos de gestión'!$AF$62="Moderado"),CONCATENATE("R9C",'Matriz riesgos de gestión'!$T$62),"") | X24: =IF(AND('Matriz riesgos de gestión'!$AD$63="Alta",'Matriz riesgos de gestión'!$AF$63="Moderado"),CONCATENATE("R9C",'Matriz riesgos de gestión'!$T$63),"") | Y24: =IF(AND('Matriz riesgos de gestión'!$AD$64="Alta",'Matriz riesgos de gestión'!$AF$64="Moderado"),CONCATENATE("R9C",'Matriz riesgos de gestión'!$T$64),"") | Z24: =IF(AND('Matriz riesgos de gestión'!$AD$65="Alta",'Matriz riesgos de gestión'!$AF$65="Moderado"),CONCATENATE("R9C",'Matriz riesgos de gestión'!$T$65),"") | AA24: =IF(AND('Matriz riesgos de gestión'!$AD$66="Alta",'Matriz riesgos de gestión'!$AF$66="Moderado"),CONCATENATE("R9C",'Matriz riesgos de gestión'!$T$66),"") | AB24: =IF(AND('Matriz riesgos de gestión'!$AD$61="Alta",'Matriz riesgos de gestión'!$AF$61="Mayor"),CONCATENATE("R9C",'Matriz riesgos de gestión'!$T$61),"") | AC24: =IF(AND('Matriz riesgos de gestión'!$AD$62="Alta",'Matriz riesgos de gestión'!$AF$62="Mayor"),CONCATENATE("R9C",'Matriz riesgos de gestión'!$T$62),"") | AD24: =IF(AND('Matriz riesgos de gestión'!$AD$63="Alta",'Matriz riesgos de gestión'!$AF$63="Mayor"),CONCATENATE("R9C",'Matriz riesgos de gestión'!$T$63),"") | AE24: =IF(AND('Matriz riesgos de gestión'!$AD$64="Alta",'Matriz riesgos de gestión'!$AF$64="Mayor"),CONCATENATE("R9C",'Matriz riesgos de gestión'!$T$64),"") | AF24: =IF(AND('Matriz riesgos de gestión'!$AD$65="Alta",'Matriz riesgos de gestión'!$AF$65="Mayor"),CONCATENATE("R9C",'Matriz riesgos de gestión'!$T$65),"") | AG24: =IF(AND('Matriz riesgos de gestión'!$AD$66="Alta",'Matriz riesgos de gestión'!$AF$66="Mayor"),CONCATENATE("R9C",'Matriz riesgos de gestión'!$T$66),"") | AH24: =IF(AND('Matriz riesgos de gestión'!$AD$61="Alta",'Matriz riesgos de gestión'!$AF$61="Catastrófico"),CONCATENATE("R9C",'Matriz riesgos de gestión'!$T$61),"") | AI24: =IF(AND('Matriz riesgos de gestión'!$AD$62="Alta",'Matriz riesgos de gestión'!$AF$62="Catastrófico"),CONCATENATE("R9C",'Matriz riesgos de gestión'!$T$62),"") | AJ24: =IF(AND('Matriz riesgos de gestión'!$AD$63="Alta",'Matriz riesgos de gestión'!$AF$63="Catastrófico"),CONCATENATE("R9C",'Matriz riesgos de gestión'!$T$63),"") | AK24: =IF(AND('Matriz riesgos de gestión'!$AD$64="Alta",'Matriz riesgos de gestión'!$AF$64="Catastrófico"),CONCATENATE("R9C",'Matriz riesgos de gestión'!$T$64),"") | AL24: =IF(AND('Matriz riesgos de gestión'!$AD$65="Alta",'Matriz riesgos de gestión'!$AF$65="Catastrófico"),CONCATENATE("R9C",'Matriz riesgos de gestión'!$T$65),"") | AM24: =IF(AND('Matriz riesgos de gestión'!$AD$66="Alta",'Matriz riesgos de gestión'!$AF$66="Catastrófico"),CONCATENATE("R9C",'Matriz riesgos de gestión'!$T$66),"")
J25: =IF(AND('Matriz riesgos de gestión'!$AD$67="Alta",'Matriz riesgos de gestión'!$AF$67="Leve"),CONCATENATE("R10C",'Matriz riesgos de gestión'!$T$67),"") | K25: =IF(AND('Matriz riesgos de gestión'!$AD$68="Alta",'Matriz riesgos de gestión'!$AF$68="Leve"),CONCATENATE("R10C",'Matriz riesgos de gestión'!$T$68),"") | L25: =IF(AND('Matriz riesgos de gestión'!$AD$69="Alta",'Matriz riesgos de gestión'!$AF$69="Leve"),CONCATENATE("R10C",'Matriz riesgos de gestión'!$T$69),"") | M25: =IF(AND('Matriz riesgos de gestión'!$AD$70="Alta",'Matriz riesgos de gestión'!$AF$70="Leve"),CONCATENATE("R10C",'Matriz riesgos de gestión'!$T$70),"") | N25: =IF(AND('Matriz riesgos de gestión'!$AD$71="Alta",'Matriz riesgos de gestión'!$AF$71="Leve"),CONCATENATE("R10C",'Matriz riesgos de gestión'!$T$71),"") | O25: =IF(AND('Matriz riesgos de gestión'!$AD$72="Alta",'Matriz riesgos de gestión'!$AF$72="Leve"),CONCATENATE("R10C",'Matriz riesgos de gestión'!$T$72),"") | P25: =IF(AND('Matriz riesgos de gestión'!$AD$67="Alta",'Matriz riesgos de gestión'!$AF$67="Menor"),CONCATENATE("R10C",'Matriz riesgos de gestión'!$T$67),"") | Q25: =IF(AND('Matriz riesgos de gestión'!$AD$68="Alta",'Matriz riesgos de gestión'!$AF$68="Menor"),CONCATENATE("R10C",'Matriz riesgos de gestión'!$T$68),"") | R25: =IF(AND('Matriz riesgos de gestión'!$AD$69="Alta",'Matriz riesgos de gestión'!$AF$69="Menor"),CONCATENATE("R10C",'Matriz riesgos de gestión'!$T$69),"") | S25: =IF(AND('Matriz riesgos de gestión'!$AD$70="Alta",'Matriz riesgos de gestión'!$AF$70="Menor"),CONCATENATE("R10C",'Matriz riesgos de gestión'!$T$70),"") | T25: =IF(AND('Matriz riesgos de gestión'!$AD$71="Alta",'Matriz riesgos de gestión'!$AF$71="Menor"),CONCATENATE("R10C",'Matriz riesgos de gestión'!$T$71),"") | U25: =IF(AND('Matriz riesgos de gestión'!$AD$72="Alta",'Matriz riesgos de gestión'!$AF$72="Menor"),CONCATENATE("R10C",'Matriz riesgos de gestión'!$T$72),"") | V25: =IF(AND('Matriz riesgos de gestión'!$AD$67="Alta",'Matriz riesgos de gestión'!$AF$67="Moderado"),CONCATENATE("R10C",'Matriz riesgos de gestión'!$T$67),"") | W25: =IF(AND('Matriz riesgos de gestión'!$AD$68="Alta",'Matriz riesgos de gestión'!$AF$68="Moderado"),CONCATENATE("R10C",'Matriz riesgos de gestión'!$T$68),"") | X25: =IF(AND('Matriz riesgos de gestión'!$AD$69="Alta",'Matriz riesgos de gestión'!$AF$69="Moderado"),CONCATENATE("R10C",'Matriz riesgos de gestión'!$T$69),"") | Y25: =IF(AND('Matriz riesgos de gestión'!$AD$70="Alta",'Matriz riesgos de gestión'!$AF$70="Moderado"),CONCATENATE("R10C",'Matriz riesgos de gestión'!$T$70),"") | Z25: =IF(AND('Matriz riesgos de gestión'!$AD$71="Alta",'Matriz riesgos de gestión'!$AF$71="Moderado"),CONCATENATE("R10C",'Matriz riesgos de gestión'!$T$71),"") | AA25: =IF(AND('Matriz riesgos de gestión'!$AD$72="Alta",'Matriz riesgos de gestión'!$AF$72="Moderado"),CONCATENATE("R10C",'Matriz riesgos de gestión'!$T$72),"") | AB25: =IF(AND('Matriz riesgos de gestión'!$AD$67="Alta",'Matriz riesgos de gestión'!$AF$67="Mayor"),CONCATENATE("R10C",'Matriz riesgos de gestión'!$T$67),"") | AC25: =IF(AND('Matriz riesgos de gestión'!$AD$68="Alta",'Matriz riesgos de gestión'!$AF$68="Mayor"),CONCATENATE("R10C",'Matriz riesgos de gestión'!$T$68),"") | AD25: =IF(AND('Matriz riesgos de gestión'!$AD$69="Alta",'Matriz riesgos de gestión'!$AF$69="Mayor"),CONCATENATE("R10C",'Matriz riesgos de gestión'!$T$69),"") | AE25: =IF(AND('Matriz riesgos de gestión'!$AD$70="Alta",'Matriz riesgos de gestión'!$AF$70="Mayor"),CONCATENATE("R10C",'Matriz riesgos de gestión'!$T$70),"") | AF25: =IF(AND('Matriz riesgos de gestión'!$AD$71="Alta",'Matriz riesgos de gestión'!$AF$71="Mayor"),CONCATENATE("R10C",'Matriz riesgos de gestión'!$T$71),"") | AG25: =IF(AND('Matriz riesgos de gestión'!$AD$72="Alta",'Matriz riesgos de gestión'!$AF$72="Mayor"),CONCATENATE("R10C",'Matriz riesgos de gestión'!$T$72),"") | AH25: =IF(AND('Matriz riesgos de gestión'!$AD$67="Alta",'Matriz riesgos de gestión'!$AF$67="Catastrófico"),CONCATENATE("R10C",'Matriz riesgos de gestión'!$T$67),"") | AI25: =IF(AND('Matriz riesgos de gestión'!$AD$68="Alta",'Matriz riesgos de gestión'!$AF$68="Catastrófico"),CONCATENATE("R10C",'Matriz riesgos de gestión'!$T$68),"") | AJ25: =IF(AND('Matriz riesgos de gestión'!$AD$69="Alta",'Matriz riesgos de gestión'!$AF$69="Catastrófico"),CONCATENATE("R10C",'Matriz riesgos de gestión'!$T$69),"") | AK25: =IF(AND('Matriz riesgos de gestión'!$AD$70="Alta",'Matriz riesgos de gestión'!$AF$70="Catastrófico"),CONCATENATE("R10C",'Matriz riesgos de gestión'!$T$70),"") | AL25: =IF(AND('Matriz riesgos de gestión'!$AD$71="Alta",'Matriz riesgos de gestión'!$AF$71="Catastrófico"),CONCATENATE("R10C",'Matriz riesgos de gestión'!$T$71),"") | AM25: =IF(AND('Matriz riesgos de gestión'!$AD$72="Alta",'Matriz riesgos de gestión'!$AF$72="Catastrófico"),CONCATENATE("R10C",'Matriz riesgos de gestión'!$T$72),"")
E26: Media 60% | J26: =IF(AND('Matriz riesgos de gestión'!$AD$4="Media",'Matriz riesgos de gestión'!$AF$4="Leve"),CONCATENATE("R1C",'Matriz riesgos de gestión'!$T$4),"") | K26: =IF(AND('Matriz riesgos de gestión'!$AD$5="Media",'Matriz riesgos de gestión'!$AF$5="Leve"),CONCATENATE("R1C",'Matriz riesgos de gestión'!$T$5),"") | L26: =IF(AND('Matriz riesgos de gestión'!$AD$6="Media",'Matriz riesgos de gestión'!$AF$6="Leve"),CONCATENATE("R1C",'Matriz riesgos de gestión'!$T$6),"") | M26: =IF(AND('Matriz riesgos de gestión'!$AD$7="Media",'Matriz riesgos de gestión'!$AF$7="Leve"),CONCATENATE("R1C",'Matriz riesgos de gestión'!$T$7),"") | N26: =IF(AND('Matriz riesgos de gestión'!$AD$8="Media",'Matriz riesgos de gestión'!$AF$8="Leve"),CONCATENATE("R1C",'Matriz riesgos de gestión'!$T$8),"") | O26: =IF(AND('Matriz riesgos de gestión'!$AD$9="Media",'Matriz riesgos de gestión'!$AF$9="Leve"),CONCATENATE("R1C",'Matriz riesgos de gestión'!$T$9),"") | P26: =IF(AND('Matriz riesgos de gestión'!$AD$4="Media",'Matriz riesgos de gestión'!$AF$4="Menor"),CONCATENATE("R1C",'Matriz riesgos de gestión'!$T$4),"") | Q26: =IF(AND('Matriz riesgos de gestión'!$AD$5="Media",'Matriz riesgos de gestión'!$AF$5="Menor"),CONCATENATE("R1C",'Matriz riesgos de gestión'!$T$5),"") | R26: =IF(AND('Matriz riesgos de gestión'!$AD$6="Media",'Matriz riesgos de gestión'!$AF$6="Menor"),CONCATENATE("R1C",'Matriz riesgos de gestión'!$T$6),"") | S26: =IF(AND('Matriz riesgos de gestión'!$AD$7="Media",'Matriz riesgos de gestión'!$AF$7="Menor"),CONCATENATE("R1C",'Matriz riesgos de gestión'!$T$7),"") | T26: =IF(AND('Matriz riesgos de gestión'!$AD$8="Media",'Matriz riesgos de gestión'!$AF$8="Menor"),CONCATENATE("R1C",'Matriz riesgos de gestión'!$T$8),"") | U26: =IF(AND('Matriz riesgos de gestión'!$AD$9="Media",'Matriz riesgos de gestión'!$AF$9="Menor"),CONCATENATE("R1C",'Matriz riesgos de gestión'!$T$9),"") | V26: =IF(AND('Matriz riesgos de gestión'!$AD$4="Media",'Matriz riesgos de gestión'!$AF$4="Moderado"),CONCATENATE("R1C",'Matriz riesgos de gestión'!$T$4),"") | W26: =IF(AND('Matriz riesgos de gestión'!$AD$5="Media",'Matriz riesgos de gestión'!$AF$5="Moderado"),CONCATENATE("R1C",'Matriz riesgos de gestión'!$T$5),"") | X26: =IF(AND('Matriz riesgos de gestión'!$AD$6="Media",'Matriz riesgos de gestión'!$AF$6="Moderado"),CONCATENATE("R1C",'Matriz riesgos de gestión'!$T$6),"") | Y26: =IF(AND('Matriz riesgos de gestión'!$AD$7="Media",'Matriz riesgos de gestión'!$AF$7="Moderado"),CONCATENATE("R1C",'Matriz riesgos de gestión'!$T$7),"") | Z26: =IF(AND('Matriz riesgos de gestión'!$AD$8="Media",'Matriz riesgos de gestión'!$AF$8="Moderado"),CONCATENATE("R1C",'Matriz riesgos de gestión'!$T$8),"") | AA26: =IF(AND('Matriz riesgos de gestión'!$AD$9="Media",'Matriz riesgos de gestión'!$AF$9="Moderado"),CONCATENATE("R1C",'Matriz riesgos de gestión'!$T$9),"") | AB26: =IF(AND('Matriz riesgos de gestión'!$AD$4="Media",'Matriz riesgos de gestión'!$AF$4="Mayor"),CONCATENATE("R1C",'Matriz riesgos de gestión'!$T$4),"") | AC26: =IF(AND('Matriz riesgos de gestión'!$AD$5="Media",'Matriz riesgos de gestión'!$AF$5="Mayor"),CONCATENATE("R1C",'Matriz riesgos de gestión'!$T$5),"") | AD26: =IF(AND('Matriz riesgos de gestión'!$AD$6="Media",'Matriz riesgos de gestión'!$AF$6="Mayor"),CONCATENATE("R1C",'Matriz riesgos de gestión'!$T$6),"") | AE26: =IF(AND('Matriz riesgos de gestión'!$AD$7="Media",'Matriz riesgos de gestión'!$AF$7="Mayor"),CONCATENATE("R1C",'Matriz riesgos de gestión'!$T$7),"") | AF26: =IF(AND('Matriz riesgos de gestión'!$AD$8="Media",'Matriz riesgos de gestión'!$AF$8="Mayor"),CONCATENATE("R1C",'Matriz riesgos de gestión'!$T$8),"") | AG26: =IF(AND('Matriz riesgos de gestión'!$AD$9="Media",'Matriz riesgos de gestión'!$AF$9="Mayor"),CONCATENATE("R1C",'Matriz riesgos de gestión'!$T$9),"") | AH26: =IF(AND('Matriz riesgos de gestión'!$AD$4="Media",'Matriz riesgos de gestión'!$AF$4="Catastrófico"),CONCATENATE("R1C",'Matriz riesgos de gestión'!$T$4),"") | AI26: =IF(AND('Matriz riesgos de gestión'!$AD$5="Media",'Matriz riesgos de gestión'!$AF$5="Catastrófico"),CONCATENATE("R1C",'Matriz riesgos de gestión'!$T$5),"") | AJ26: =IF(AND('Matriz riesgos de gestión'!$AD$6="Media",'Matriz riesgos de gestión'!$AF$6="Catastrófico"),CONCATENATE("R1C",'Matriz riesgos de gestión'!$T$6),"") | AK26: =IF(AND('Matriz riesgos de gestión'!$AD$7="Media",'Matriz riesgos de gestión'!$AF$7="Catastrófico"),CONCATENATE("R1C",'Matriz riesgos de gestión'!$T$7),"") | AL26: =IF(AND('Matriz riesgos de gestión'!$AD$8="Media",'Matriz riesgos de gestión'!$AF$8="Catastrófico"),CONCATENATE("R1C",'Matriz riesgos de gestión'!$T$8),"") | AM26: =IF(AND('Matriz riesgos de gestión'!$AD$9="Media",'Matriz riesgos de gestión'!$AF$9="Catastrófico"),CONCATENATE("R1C",'Matriz riesgos de gestión'!$T$9),"") | AO26: Moderado
J27: =IF(AND('Matriz riesgos de gestión'!$AD$15="Media",'Matriz riesgos de gestión'!$AF$15="Leve"),CONCATENATE("R2C",'Matriz riesgos de gestión'!$T$15),"") | K27: =IF(AND('Matriz riesgos de gestión'!$AD$16="Media",'Matriz riesgos de gestión'!$AF$16="Leve"),CONCATENATE("R2C",'Matriz riesgos de gestión'!$T$16),"") | L27: =IF(AND('Matriz riesgos de gestión'!$AD$17="Media",'Matriz riesgos de gestión'!$AF$17="Leve"),CONCATENATE("R2C",'Matriz riesgos de gestión'!$T$17),"") | M27: =IF(AND('Matriz riesgos de gestión'!$AD$22="Media",'Matriz riesgos de gestión'!$AF$22="Leve"),CONCATENATE("R2C",'Matriz riesgos de gestión'!$T$22),"") | N27: =IF(AND('Matriz riesgos de gestión'!$AD$23="Media",'Matriz riesgos de gestión'!$AF$23="Leve"),CONCATENATE("R2C",'Matriz riesgos de gestión'!$T$23),"") | O27: =IF(AND('Matriz riesgos de gestión'!$AD$24="Media",'Matriz riesgos de gestión'!$AF$24="Leve"),CONCATENATE("R2C",'Matriz riesgos de gestión'!$T$24),"") | P27: =IF(AND('Matriz riesgos de gestión'!$AD$15="Media",'Matriz riesgos de gestión'!$AF$15="Menor"),CONCATENATE("R2C",'Matriz riesgos de gestión'!$T$15),"") | Q27: =IF(AND('Matriz riesgos de gestión'!$AD$16="Media",'Matriz riesgos de gestión'!$AF$16="Menor"),CONCATENATE("R2C",'Matriz riesgos de gestión'!$T$16),"") | R27: =IF(AND('Matriz riesgos de gestión'!$AD$17="Media",'Matriz riesgos de gestión'!$AF$17="Menor"),CONCATENATE("R2C",'Matriz riesgos de gestión'!$T$17),"") | S27: =IF(AND('Matriz riesgos de gestión'!$AD$22="Media",'Matriz riesgos de gestión'!$AF$22="Menor"),CONCATENATE("R2C",'Matriz riesgos de gestión'!$T$22),"") | T27: =IF(AND('Matriz riesgos de gestión'!$AD$23="Media",'Matriz riesgos de gestión'!$AF$23="Menor"),CONCATENATE("R2C",'Matriz riesgos de gestión'!$T$23),"") | U27: =IF(AND('Matriz riesgos de gestión'!$AD$24="Media",'Matriz riesgos de gestión'!$AF$24="Menor"),CONCATENATE("R2C",'Matriz riesgos de gestión'!$T$24),"") | V27: =IF(AND('Matriz riesgos de gestión'!$AD$15="Media",'Matriz riesgos de gestión'!$AF$15="Moderado"),CONCATENATE("R2C",'Matriz riesgos de gestión'!$T$15),"") | W27: =IF(AND('Matriz riesgos de gestión'!$AD$16="Media",'Matriz riesgos de gestión'!$AF$16="Moderado"),CONCATENATE("R2C",'Matriz riesgos de gestión'!$T$16),"") | X27: =IF(AND('Matriz riesgos de gestión'!$AD$17="Media",'Matriz riesgos de gestión'!$AF$17="Moderado"),CONCATENATE("R2C",'Matriz riesgos de gestión'!$T$17),"") | Y27: =IF(AND('Matriz riesgos de gestión'!$AD$22="Media",'Matriz riesgos de gestión'!$AF$22="Moderado"),CONCATENATE("R2C",'Matriz riesgos de gestión'!$T$22),"") | Z27: =IF(AND('Matriz riesgos de gestión'!$AD$23="Media",'Matriz riesgos de gestión'!$AF$23="Moderado"),CONCATENATE("R2C",'Matriz riesgos de gestión'!$T$23),"") | AA27: =IF(AND('Matriz riesgos de gestión'!$AD$24="Media",'Matriz riesgos de gestión'!$AF$24="Moderado"),CONCATENATE("R2C",'Matriz riesgos de gestión'!$T$24),"") | AB27: =IF(AND('Matriz riesgos de gestión'!$AD$15="Media",'Matriz riesgos de gestión'!$AF$15="Mayor"),CONCATENATE("R2C",'Matriz riesgos de gestión'!$T$15),"") | AC27: =IF(AND('Matriz riesgos de gestión'!$AD$16="Media",'Matriz riesgos de gestión'!$AF$16="Mayor"),CONCATENATE("R2C",'Matriz riesgos de gestión'!$T$16),"") | AD27: =IF(AND('Matriz riesgos de gestión'!$AD$17="Media",'Matriz riesgos de gestión'!$AF$17="Mayor"),CONCATENATE("R2C",'Matriz riesgos de gestión'!$T$17),"") | AE27: =IF(AND('Matriz riesgos de gestión'!$AD$22="Media",'Matriz riesgos de gestión'!$AF$22="Mayor"),CONCATENATE("R2C",'Matriz riesgos de gestión'!$T$22),"") | AF27: =IF(AND('Matriz riesgos de gestión'!$AD$23="Media",'Matriz riesgos de gestión'!$AF$23="Mayor"),CONCATENATE("R2C",'Matriz riesgos de gestión'!$T$23),"") | AG27: =IF(AND('Matriz riesgos de gestión'!$AD$24="Media",'Matriz riesgos de gestión'!$AF$24="Mayor"),CONCATENATE("R2C",'Matriz riesgos de gestión'!$T$24),"") | AH27: =IF(AND('Matriz riesgos de gestión'!$AD$15="Media",'Matriz riesgos de gestión'!$AF$15="Catastrófico"),CONCATENATE("R2C",'Matriz riesgos de gestión'!$T$15),"") | AI27: =IF(AND('Matriz riesgos de gestión'!$AD$16="Media",'Matriz riesgos de gestión'!$AF$16="Catastrófico"),CONCATENATE("R2C",'Matriz riesgos de gestión'!$T$16),"") | AJ27: =IF(AND('Matriz riesgos de gestión'!$AD$17="Media",'Matriz riesgos de gestión'!$AF$17="Catastrófico"),CONCATENATE("R2C",'Matriz riesgos de gestión'!$T$17),"") | AK27: =IF(AND('Matriz riesgos de gestión'!$AD$22="Media",'Matriz riesgos de gestión'!$AF$22="Catastrófico"),CONCATENATE("R2C",'Matriz riesgos de gestión'!$T$22),"") | AL27: =IF(AND('Matriz riesgos de gestión'!$AD$23="Media",'Matriz riesgos de gestión'!$AF$23="Catastrófico"),CONCATENATE("R2C",'Matriz riesgos de gestión'!$T$23),"") | AM27: =IF(AND('Matriz riesgos de gestión'!$AD$24="Media",'Matriz riesgos de gestión'!$AF$24="Catastrófico"),CONCATENATE("R2C",'Matriz riesgos de gestión'!$T$24),"")
J28: =IF(AND('Matriz riesgos de gestión'!$AD$25="Media",'Matriz riesgos de gestión'!$AF$25="Leve"),CONCATENATE("R3C",'Matriz riesgos de gestión'!$T$25),"") | K28: =IF(AND('Matriz riesgos de gestión'!$AD$26="Media",'Matriz riesgos de gestión'!$AF$26="Leve"),CONCATENATE("R3C",'Matriz riesgos de gestión'!$T$26),"") | L28: =IF(AND('Matriz riesgos de gestión'!$AD$27="Media",'Matriz riesgos de gestión'!$AF$27="Leve"),CONCATENATE("R3C",'Matriz riesgos de gestión'!$T$27),"") | M28: =IF(AND('Matriz riesgos de gestión'!$AD$28="Media",'Matriz riesgos de gestión'!$AF$28="Leve"),CONCATENATE("R3C",'Matriz riesgos de gestión'!$T$28),"") | N28: =IF(AND('Matriz riesgos de gestión'!$AD$29="Media",'Matriz riesgos de gestión'!$AF$29="Leve"),CONCATENATE("R3C",'Matriz riesgos de gestión'!$T$29),"") | O28: =IF(AND('Matriz riesgos de gestión'!$AD$30="Media",'Matriz riesgos de gestión'!$AF$30="Leve"),CONCATENATE("R3C",'Matriz riesgos de gestión'!$T$30),"") | P28: =IF(AND('Matriz riesgos de gestión'!$AD$25="Media",'Matriz riesgos de gestión'!$AF$25="Menor"),CONCATENATE("R3C",'Matriz riesgos de gestión'!$T$25),"") | Q28: =IF(AND('Matriz riesgos de gestión'!$AD$26="Media",'Matriz riesgos de gestión'!$AF$26="Menor"),CONCATENATE("R3C",'Matriz riesgos de gestión'!$T$26),"") | R28: =IF(AND('Matriz riesgos de gestión'!$AD$27="Media",'Matriz riesgos de gestión'!$AF$27="Menor"),CONCATENATE("R3C",'Matriz riesgos de gestión'!$T$27),"") | S28: =IF(AND('Matriz riesgos de gestión'!$AD$28="Media",'Matriz riesgos de gestión'!$AF$28="Menor"),CONCATENATE("R3C",'Matriz riesgos de gestión'!$T$28),"") | T28: =IF(AND('Matriz riesgos de gestión'!$AD$29="Media",'Matriz riesgos de gestión'!$AF$29="Menor"),CONCATENATE("R3C",'Matriz riesgos de gestión'!$T$29),"") | U28: =IF(AND('Matriz riesgos de gestión'!$AD$30="Media",'Matriz riesgos de gestión'!$AF$30="Menor"),CONCATENATE("R3C",'Matriz riesgos de gestión'!$T$30),"") | V28: =IF(AND('Matriz riesgos de gestión'!$AD$25="Media",'Matriz riesgos de gestión'!$AF$25="Moderado"),CONCATENATE("R3C",'Matriz riesgos de gestión'!$T$25),"") | W28: =IF(AND('Matriz riesgos de gestión'!$AD$26="Media",'Matriz riesgos de gestión'!$AF$26="Moderado"),CONCATENATE("R3C",'Matriz riesgos de gestión'!$T$26),"") | X28: =IF(AND('Matriz riesgos de gestión'!$AD$27="Media",'Matriz riesgos de gestión'!$AF$27="Moderado"),CONCATENATE("R3C",'Matriz riesgos de gestión'!$T$27),"") | Y28: =IF(AND('Matriz riesgos de gestión'!$AD$28="Media",'Matriz riesgos de gestión'!$AF$28="Moderado"),CONCATENATE("R3C",'Matriz riesgos de gestión'!$T$28),"") | Z28: =IF(AND('Matriz riesgos de gestión'!$AD$29="Media",'Matriz riesgos de gestión'!$AF$29="Moderado"),CONCATENATE("R3C",'Matriz riesgos de gestión'!$T$29),"") | AA28: =IF(AND('Matriz riesgos de gestión'!$AD$30="Media",'Matriz riesgos de gestión'!$AF$30="Moderado"),CONCATENATE("R3C",'Matriz riesgos de gestión'!$T$30),"") | AB28: =IF(AND('Matriz riesgos de gestión'!$AD$25="Media",'Matriz riesgos de gestión'!$AF$25="Mayor"),CONCATENATE("R3C",'Matriz riesgos de gestión'!$T$25),"") | AC28: =IF(AND('Matriz riesgos de gestión'!$AD$26="Media",'Matriz riesgos de gestión'!$AF$26="Mayor"),CONCATENATE("R3C",'Matriz riesgos de gestión'!$T$26),"") | AD28: =IF(AND('Matriz riesgos de gestión'!$AD$27="Media",'Matriz riesgos de gestión'!$AF$27="Mayor"),CONCATENATE("R3C",'Matriz riesgos de gestión'!$T$27),"") | AE28: =IF(AND('Matriz riesgos de gestión'!$AD$28="Media",'Matriz riesgos de gestión'!$AF$28="Mayor"),CONCATENATE("R3C",'Matriz riesgos de gestión'!$T$28),"") | AF28: =IF(AND('Matriz riesgos de gestión'!$AD$29="Media",'Matriz riesgos de gestión'!$AF$29="Mayor"),CONCATENATE("R3C",'Matriz riesgos de gestión'!$T$29),"") | AG28: =IF(AND('Matriz riesgos de gestión'!$AD$30="Media",'Matriz riesgos de gestión'!$AF$30="Mayor"),CONCATENATE("R3C",'Matriz riesgos de gestión'!$T$30),"") | AH28: =IF(AND('Matriz riesgos de gestión'!$AD$25="Media",'Matriz riesgos de gestión'!$AF$25="Catastrófico"),CONCATENATE("R3C",'Matriz riesgos de gestión'!$T$25),"") | AI28: =IF(AND('Matriz riesgos de gestión'!$AD$26="Media",'Matriz riesgos de gestión'!$AF$26="Catastrófico"),CONCATENATE("R3C",'Matriz riesgos de gestión'!$T$26),"") | AJ28: =IF(AND('Matriz riesgos de gestión'!$AD$27="Media",'Matriz riesgos de gestión'!$AF$27="Catastrófico"),CONCATENATE("R3C",'Matriz riesgos de gestión'!$T$27),"") | AK28: =IF(AND('Matriz riesgos de gestión'!$AD$28="Media",'Matriz riesgos de gestión'!$AF$28="Catastrófico"),CONCATENATE("R3C",'Matriz riesgos de gestión'!$T$28),"") | AL28: =IF(AND('Matriz riesgos de gestión'!$AD$29="Media",'Matriz riesgos de gestión'!$AF$29="Catastrófico"),CONCATENATE("R3C",'Matriz riesgos de gestión'!$T$29),"") | AM28: =IF(AND('Matriz riesgos de gestión'!$AD$30="Media",'Matriz riesgos de gestión'!$AF$30="Catastrófico"),CONCATENATE("R3C",'Matriz riesgos de gestión'!$T$30),"")
J29: =IF(AND('Matriz riesgos de gestión'!$AD$31="Media",'Matriz riesgos de gestión'!$AF$31="Leve"),CONCATENATE("R4C",'Matriz riesgos de gestión'!$T$31),"") | K29: =IF(AND('Matriz riesgos de gestión'!$AD$32="Media",'Matriz riesgos de gestión'!$AF$32="Leve"),CONCATENATE("R4C",'Matriz riesgos de gestión'!$T$32),"") | L29: =IF(AND('Matriz riesgos de gestión'!$AD$33="Media",'Matriz riesgos de gestión'!$AF$33="Leve"),CONCATENATE("R4C",'Matriz riesgos de gestión'!$T$33),"") | M29: =IF(AND('Matriz riesgos de gestión'!$AD$34="Media",'Matriz riesgos de gestión'!$AF$34="Leve"),CONCATENATE("R4C",'Matriz riesgos de gestión'!$T$34),"") | N29: =IF(AND('Matriz riesgos de gestión'!$AD$35="Media",'Matriz riesgos de gestión'!$AF$35="Leve"),CONCATENATE("R4C",'Matriz riesgos de gestión'!$T$35),"") | O29: =IF(AND('Matriz riesgos de gestión'!$AD$36="Media",'Matriz riesgos de gestión'!$AF$36="Leve"),CONCATENATE("R4C",'Matriz riesgos de gestión'!$T$36),"") | P29: =IF(AND('Matriz riesgos de gestión'!$AD$31="Media",'Matriz riesgos de gestión'!$AF$31="Menor"),CONCATENATE("R4C",'Matriz riesgos de gestión'!$T$31),"") | Q29: =IF(AND('Matriz riesgos de gestión'!$AD$32="Media",'Matriz riesgos de gestión'!$AF$32="Menor"),CONCATENATE("R4C",'Matriz riesgos de gestión'!$T$32),"") | R29: =IF(AND('Matriz riesgos de gestión'!$AD$33="Media",'Matriz riesgos de gestión'!$AF$33="Menor"),CONCATENATE("R4C",'Matriz riesgos de gestión'!$T$33),"") | S29: =IF(AND('Matriz riesgos de gestión'!$AD$34="Media",'Matriz riesgos de gestión'!$AF$34="Menor"),CONCATENATE("R4C",'Matriz riesgos de gestión'!$T$34),"") | T29: =IF(AND('Matriz riesgos de gestión'!$AD$35="Media",'Matriz riesgos de gestión'!$AF$35="Menor"),CONCATENATE("R4C",'Matriz riesgos de gestión'!$T$35),"") | U29: =IF(AND('Matriz riesgos de gestión'!$AD$36="Media",'Matriz riesgos de gestión'!$AF$36="Menor"),CONCATENATE("R4C",'Matriz riesgos de gestión'!$T$36),"") | V29: =IF(AND('Matriz riesgos de gestión'!$AD$31="Media",'Matriz riesgos de gestión'!$AF$31="Moderado"),CONCATENATE("R4C",'Matriz riesgos de gestión'!$T$31),"") | W29: =IF(AND('Matriz riesgos de gestión'!$AD$32="Media",'Matriz riesgos de gestión'!$AF$32="Moderado"),CONCATENATE("R4C",'Matriz riesgos de gestión'!$T$32),"") | X29: =IF(AND('Matriz riesgos de gestión'!$AD$33="Media",'Matriz riesgos de gestión'!$AF$33="Moderado"),CONCATENATE("R4C",'Matriz riesgos de gestión'!$T$33),"") | Y29: =IF(AND('Matriz riesgos de gestión'!$AD$34="Media",'Matriz riesgos de gestión'!$AF$34="Moderado"),CONCATENATE("R4C",'Matriz riesgos de gestión'!$T$34),"") | Z29: =IF(AND('Matriz riesgos de gestión'!$AD$35="Media",'Matriz riesgos de gestión'!$AF$35="Moderado"),CONCATENATE("R4C",'Matriz riesgos de gestión'!$T$35),"") | AA29: =IF(AND('Matriz riesgos de gestión'!$AD$36="Media",'Matriz riesgos de gestión'!$AF$36="Moderado"),CONCATENATE("R4C",'Matriz riesgos de gestión'!$T$36),"") | AB29: =IF(AND('Matriz riesgos de gestión'!$AD$31="Media",'Matriz riesgos de gestión'!$AF$31="Mayor"),CONCATENATE("R4C",'Matriz riesgos de gestión'!$T$31),"") | AC29: =IF(AND('Matriz riesgos de gestión'!$AD$32="Media",'Matriz riesgos de gestión'!$AF$32="Mayor"),CONCATENATE("R4C",'Matriz riesgos de gestión'!$T$32),"") | AD29: =IF(AND('Matriz riesgos de gestión'!$AD$33="Media",'Matriz riesgos de gestión'!$AF$33="Mayor"),CONCATENATE("R4C",'Matriz riesgos de gestión'!$T$33),"") | AE29: =IF(AND('Matriz riesgos de gestión'!$AD$34="Media",'Matriz riesgos de gestión'!$AF$34="Mayor"),CONCATENATE("R4C",'Matriz riesgos de gestión'!$T$34),"") | AF29: =IF(AND('Matriz riesgos de gestión'!$AD$35="Media",'Matriz riesgos de gestión'!$AF$35="Mayor"),CONCATENATE("R4C",'Matriz riesgos de gestión'!$T$35),"") | AG29: =IF(AND('Matriz riesgos de gestión'!$AD$36="Media",'Matriz riesgos de gestión'!$AF$36="Mayor"),CONCATENATE("R4C",'Matriz riesgos de gestión'!$T$36),"") | AH29: =IF(AND('Matriz riesgos de gestión'!$AD$31="Media",'Matriz riesgos de gestión'!$AF$31="Catastrófico"),CONCATENATE("R4C",'Matriz riesgos de gestión'!$T$31),"") | AI29: =IF(AND('Matriz riesgos de gestión'!$AD$32="Media",'Matriz riesgos de gestión'!$AF$32="Catastrófico"),CONCATENATE("R4C",'Matriz riesgos de gestión'!$T$32),"") | AJ29: =IF(AND('Matriz riesgos de gestión'!$AD$33="Media",'Matriz riesgos de gestión'!$AF$33="Catastrófico"),CONCATENATE("R4C",'Matriz riesgos de gestión'!$T$33),"") | AK29: =IF(AND('Matriz riesgos de gestión'!$AD$34="Media",'Matriz riesgos de gestión'!$AF$34="Catastrófico"),CONCATENATE("R4C",'Matriz riesgos de gestión'!$T$34),"") | AL29: =IF(AND('Matriz riesgos de gestión'!$AD$35="Media",'Matriz riesgos de gestión'!$AF$35="Catastrófico"),CONCATENATE("R4C",'Matriz riesgos de gestión'!$T$35),"") | AM29: =IF(AND('Matriz riesgos de gestión'!$AD$36="Media",'Matriz riesgos de gestión'!$AF$36="Catastrófico"),CONCATENATE("R4C",'Matriz riesgos de gestión'!$T$36),"")
J30: =IF(AND('Matriz riesgos de gestión'!$AD$37="Media",'Matriz riesgos de gestión'!$AF$37="Leve"),CONCATENATE("R5C",'Matriz riesgos de gestión'!$T$37),"") | K30: =IF(AND('Matriz riesgos de gestión'!$AD$38="Media",'Matriz riesgos de gestión'!$AF$38="Leve"),CONCATENATE("R5C",'Matriz riesgos de gestión'!$T$38),"") | L30: =IF(AND('Matriz riesgos de gestión'!$AD$39="Media",'Matriz riesgos de gestión'!$AF$39="Leve"),CONCATENATE("R5C",'Matriz riesgos de gestión'!$T$39),"") | M30: =IF(AND('Matriz riesgos de gestión'!$AD$40="Media",'Matriz riesgos de gestión'!$AF$40="Leve"),CONCATENATE("R5C",'Matriz riesgos de gestión'!$T$40),"") | N30: =IF(AND('Matriz riesgos de gestión'!$AD$41="Media",'Matriz riesgos de gestión'!$AF$41="Leve"),CONCATENATE("R5C",'Matriz riesgos de gestión'!$T$41),"") | O30: =IF(AND('Matriz riesgos de gestión'!$AD$42="Media",'Matriz riesgos de gestión'!$AF$42="Leve"),CONCATENATE("R5C",'Matriz riesgos de gestión'!$T$42),"") | P30: =IF(AND('Matriz riesgos de gestión'!$AD$37="Media",'Matriz riesgos de gestión'!$AF$37="Menor"),CONCATENATE("R5C",'Matriz riesgos de gestión'!$T$37),"") | Q30: =IF(AND('Matriz riesgos de gestión'!$AD$38="Media",'Matriz riesgos de gestión'!$AF$38="Menor"),CONCATENATE("R5C",'Matriz riesgos de gestión'!$T$38),"") | R30: =IF(AND('Matriz riesgos de gestión'!$AD$39="Media",'Matriz riesgos de gestión'!$AF$39="Menor"),CONCATENATE("R5C",'Matriz riesgos de gestión'!$T$39),"") | S30: =IF(AND('Matriz riesgos de gestión'!$AD$40="Media",'Matriz riesgos de gestión'!$AF$40="Menor"),CONCATENATE("R5C",'Matriz riesgos de gestión'!$T$40),"") | T30: =IF(AND('Matriz riesgos de gestión'!$AD$41="Media",'Matriz riesgos de gestión'!$AF$41="Menor"),CONCATENATE("R5C",'Matriz riesgos de gestión'!$T$41),"") | U30: =IF(AND('Matriz riesgos de gestión'!$AD$42="Media",'Matriz riesgos de gestión'!$AF$42="Menor"),CONCATENATE("R5C",'Matriz riesgos de gestión'!$T$42),"") | V30: =IF(AND('Matriz riesgos de gestión'!$AD$37="Media",'Matriz riesgos de gestión'!$AF$37="Moderado"),CONCATENATE("R5C",'Matriz riesgos de gestión'!$T$37),"") | W30: =IF(AND('Matriz riesgos de gestión'!$AD$38="Media",'Matriz riesgos de gestión'!$AF$38="Moderado"),CONCATENATE("R5C",'Matriz riesgos de gestión'!$T$38),"") | X30: =IF(AND('Matriz riesgos de gestión'!$AD$39="Media",'Matriz riesgos de gestión'!$AF$39="Moderado"),CONCATENATE("R5C",'Matriz riesgos de gestión'!$T$39),"") | Y30: =IF(AND('Matriz riesgos de gestión'!$AD$40="Media",'Matriz riesgos de gestión'!$AF$40="Moderado"),CONCATENATE("R5C",'Matriz riesgos de gestión'!$T$40),"") | Z30: =IF(AND('Matriz riesgos de gestión'!$AD$41="Media",'Matriz riesgos de gestión'!$AF$41="Moderado"),CONCATENATE("R5C",'Matriz riesgos de gestión'!$T$41),"") | AA30: =IF(AND('Matriz riesgos de gestión'!$AD$42="Media",'Matriz riesgos de gestión'!$AF$42="Moderado"),CONCATENATE("R5C",'Matriz riesgos de gestión'!$T$42),"") | AB30: =IF(AND('Matriz riesgos de gestión'!$AD$37="Media",'Matriz riesgos de gestión'!$AF$37="Mayor"),CONCATENATE("R5C",'Matriz riesgos de gestión'!$T$37),"") | AC30: =IF(AND('Matriz riesgos de gestión'!$AD$38="Media",'Matriz riesgos de gestión'!$AF$38="Mayor"),CONCATENATE("R5C",'Matriz riesgos de gestión'!$T$38),"") | AD30: =IF(AND('Matriz riesgos de gestión'!$AD$39="Media",'Matriz riesgos de gestión'!$AF$39="Mayor"),CONCATENATE("R5C",'Matriz riesgos de gestión'!$T$39),"") | AE30: =IF(AND('Matriz riesgos de gestión'!$AD$40="Media",'Matriz riesgos de gestión'!$AF$40="Mayor"),CONCATENATE("R5C",'Matriz riesgos de gestión'!$T$40),"") | AF30: =IF(AND('Matriz riesgos de gestión'!$AD$41="Media",'Matriz riesgos de gestión'!$AF$41="Mayor"),CONCATENATE("R5C",'Matriz riesgos de gestión'!$T$41),"") | AG30: =IF(AND('Matriz riesgos de gestión'!$AD$42="Media",'Matriz riesgos de gestión'!$AF$42="Mayor"),CONCATENATE("R5C",'Matriz riesgos de gestión'!$T$42),"") | AH30: =IF(AND('Matriz riesgos de gestión'!$AD$37="Media",'Matriz riesgos de gestión'!$AF$37="Catastrófico"),CONCATENATE("R5C",'Matriz riesgos de gestión'!$T$37),"") | AI30: =IF(AND('Matriz riesgos de gestión'!$AD$38="Media",'Matriz riesgos de gestión'!$AF$38="Catastrófico"),CONCATENATE("R5C",'Matriz riesgos de gestión'!$T$38),"") | AJ30: =IF(AND('Matriz riesgos de gestión'!$AD$39="Media",'Matriz riesgos de gestión'!$AF$39="Catastrófico"),CONCATENATE("R5C",'Matriz riesgos de gestión'!$T$39),"") | AK30: =IF(AND('Matriz riesgos de gestión'!$AD$40="Media",'Matriz riesgos de gestión'!$AF$40="Catastrófico"),CONCATENATE("R5C",'Matriz riesgos de gestión'!$T$40),"") | AL30: =IF(AND('Matriz riesgos de gestión'!$AD$41="Media",'Matriz riesgos de gestión'!$AF$41="Catastrófico"),CONCATENATE("R5C",'Matriz riesgos de gestión'!$T$41),"") | AM30: =IF(AND('Matriz riesgos de gestión'!$AD$42="Media",'Matriz riesgos de gestión'!$AF$42="Catastrófico"),CONCATENATE("R5C",'Matriz riesgos de gestión'!$T$42),"")
J31: =IF(AND('Matriz riesgos de gestión'!$AD$43="Media",'Matriz riesgos de gestión'!$AF$43="Leve"),CONCATENATE("R6C",'Matriz riesgos de gestión'!$T$43),"") | K31: =IF(AND('Matriz riesgos de gestión'!$AD$44="Media",'Matriz riesgos de gestión'!$AF$44="Leve"),CONCATENATE("R6C",'Matriz riesgos de gestión'!$T$44),"") | L31: =IF(AND('Matriz riesgos de gestión'!$AD$45="Media",'Matriz riesgos de gestión'!$AF$45="Leve"),CONCATENATE("R6C",'Matriz riesgos de gestión'!$T$45),"") | M31: =IF(AND('Matriz riesgos de gestión'!$AD$46="Media",'Matriz riesgos de gestión'!$AF$46="Leve"),CONCATENATE("R6C",'Matriz riesgos de gestión'!$T$46),"") | N31: =IF(AND('Matriz riesgos de gestión'!$AD$47="Media",'Matriz riesgos de gestión'!$AF$47="Leve"),CONCATENATE("R6C",'Matriz riesgos de gestión'!$T$47),"") | O31: =IF(AND('Matriz riesgos de gestión'!$AD$48="Media",'Matriz riesgos de gestión'!$AF$48="Leve"),CONCATENATE("R6C",'Matriz riesgos de gestión'!$T$48),"") | P31: =IF(AND('Matriz riesgos de gestión'!$AD$43="Media",'Matriz riesgos de gestión'!$AF$43="Menor"),CONCATENATE("R6C",'Matriz riesgos de gestión'!$T$43),"") | Q31: =IF(AND('Matriz riesgos de gestión'!$AD$44="Media",'Matriz riesgos de gestión'!$AF$44="Menor"),CONCATENATE("R6C",'Matriz riesgos de gestión'!$T$44),"") | R31: =IF(AND('Matriz riesgos de gestión'!$AD$45="Media",'Matriz riesgos de gestión'!$AF$45="Menor"),CONCATENATE("R6C",'Matriz riesgos de gestión'!$T$45),"") | S31: =IF(AND('Matriz riesgos de gestión'!$AD$46="Media",'Matriz riesgos de gestión'!$AF$46="Menor"),CONCATENATE("R6C",'Matriz riesgos de gestión'!$T$46),"") | T31: =IF(AND('Matriz riesgos de gestión'!$AD$47="Media",'Matriz riesgos de gestión'!$AF$47="Menor"),CONCATENATE("R6C",'Matriz riesgos de gestión'!$T$47),"") | U31: =IF(AND('Matriz riesgos de gestión'!$AD$48="Media",'Matriz riesgos de gestión'!$AF$48="Menor"),CONCATENATE("R6C",'Matriz riesgos de gestión'!$T$48),"") | V31: =IF(AND('Matriz riesgos de gestión'!$AD$43="Media",'Matriz riesgos de gestión'!$AF$43="Moderado"),CONCATENATE("R6C",'Matriz riesgos de gestión'!$T$43),"") -> R6C1 | W31: =IF(AND('Matriz riesgos de gestión'!$AD$44="Media",'Matriz riesgos de gestión'!$AF$44="Moderado"),CONCATENATE("R6C",'Matriz riesgos de gestión'!$T$44),"") | X31: =IF(AND('Matriz riesgos de gestión'!$AD$45="Media",'Matriz riesgos de gestión'!$AF$45="Moderado"),CONCATENATE("R6C",'Matriz riesgos de gestión'!$T$45),"") | Y31: =IF(AND('Matriz riesgos de gestión'!$AD$46="Media",'Matriz riesgos de gestión'!$AF$46="Moderado"),CONCATENATE("R6C",'Matriz riesgos de gestión'!$T$46),"") | Z31: =IF(AND('Matriz riesgos de gestión'!$AD$47="Media",'Matriz riesgos de gestión'!$AF$47="Moderado"),CONCATENATE("R6C",'Matriz riesgos de gestión'!$T$47),"") | AA31: =IF(AND('Matriz riesgos de gestión'!$AD$48="Media",'Matriz riesgos de gestión'!$AF$48="Moderado"),CONCATENATE("R6C",'Matriz riesgos de gestión'!$T$48),"") | AB31: =IF(AND('Matriz riesgos de gestión'!$AD$43="Media",'Matriz riesgos de gestión'!$AF$43="Mayor"),CONCATENATE("R6C",'Matriz riesgos de gestión'!$T$43),"") | AC31: =IF(AND('Matriz riesgos de gestión'!$AD$44="Media",'Matriz riesgos de gestión'!$AF$44="Mayor"),CONCATENATE("R6C",'Matriz riesgos de gestión'!$T$44),"") | AD31: =IF(AND('Matriz riesgos de gestión'!$AD$45="Media",'Matriz riesgos de gestión'!$AF$45="Mayor"),CONCATENATE("R6C",'Matriz riesgos de gestión'!$T$45),"") | AE31: =IF(AND('Matriz riesgos de gestión'!$AD$46="Media",'Matriz riesgos de gestión'!$AF$46="Mayor"),CONCATENATE("R6C",'Matriz riesgos de gestión'!$T$46),"") | AF31: =IF(AND('Matriz riesgos de gestión'!$AD$47="Media",'Matriz riesgos de gestión'!$AF$47="Mayor"),CONCATENATE("R6C",'Matriz riesgos de gestión'!$T$47),"") | AG31: =IF(AND('Matriz riesgos de gestión'!$AD$48="Media",'Matriz riesgos de gestión'!$AF$48="Mayor"),CONCATENATE("R6C",'Matriz riesgos de gestión'!$T$48),"") | AH31: =IF(AND('Matriz riesgos de gestión'!$AD$43="Media",'Matriz riesgos de gestión'!$AF$43="Catastrófico"),CONCATENATE("R6C",'Matriz riesgos de gestión'!$T$43),"") | AI31: =IF(AND('Matriz riesgos de gestión'!$AD$44="Media",'Matriz riesgos de gestión'!$AF$44="Catastrófico"),CONCATENATE("R6C",'Matriz riesgos de gestión'!$T$44),"") | AJ31: =IF(AND('Matriz riesgos de gestión'!$AD$45="Media",'Matriz riesgos de gestión'!$AF$45="Catastrófico"),CONCATENATE("R6C",'Matriz riesgos de gestión'!$T$45),"") | AK31: =IF(AND('Matriz riesgos de gestión'!$AD$46="Media",'Matriz riesgos de gestión'!$AF$46="Catastrófico"),CONCATENATE("R6C",'Matriz riesgos de gestión'!$T$46),"") | AL31: =IF(AND('Matriz riesgos de gestión'!$AD$47="Media",'Matriz riesgos de gestión'!$AF$47="Catastrófico"),CONCATENATE("R6C",'Matriz riesgos de gestión'!$T$47),"") | AM31: =IF(AND('Matriz riesgos de gestión'!$AD$48="Media",'Matriz riesgos de gestión'!$AF$48="Catastrófico"),CONCATENATE("R6C",'Matriz riesgos de gestión'!$T$48),"")
J32: =IF(AND('Matriz riesgos de gestión'!$AD$49="Media",'Matriz riesgos de gestión'!$AF$49="Leve"),CONCATENATE("R7C",'Matriz riesgos de gestión'!$T$49),"") | K32: =IF(AND('Matriz riesgos de gestión'!$AD$50="Media",'Matriz riesgos de gestión'!$AF$50="Leve"),CONCATENATE("R7C",'Matriz riesgos de gestión'!$T$50),"") | L32: =IF(AND('Matriz riesgos de gestión'!$AD$51="Media",'Matriz riesgos de gestión'!$AF$51="Leve"),CONCATENATE("R7C",'Matriz riesgos de gestión'!$T$51),"") | M32: =IF(AND('Matriz riesgos de gestión'!$AD$52="Media",'Matriz riesgos de gestión'!$AF$52="Leve"),CONCATENATE("R7C",'Matriz riesgos de gestión'!$T$52),"") | N32: =IF(AND('Matriz riesgos de gestión'!$AD$53="Media",'Matriz riesgos de gestión'!$AF$53="Leve"),CONCATENATE("R7C",'Matriz riesgos de gestión'!$T$53),"") | O32: =IF(AND('Matriz riesgos de gestión'!$AD$54="Media",'Matriz riesgos de gestión'!$AF$54="Leve"),CONCATENATE("R7C",'Matriz riesgos de gestión'!$T$54),"") | P32: =IF(AND('Matriz riesgos de gestión'!$AD$49="Media",'Matriz riesgos de gestión'!$AF$49="Menor"),CONCATENATE("R7C",'Matriz riesgos de gestión'!$T$49),"") | Q32: =IF(AND('Matriz riesgos de gestión'!$AD$50="Media",'Matriz riesgos de gestión'!$AF$50="Menor"),CONCATENATE("R7C",'Matriz riesgos de gestión'!$T$50),"") | R32: =IF(AND('Matriz riesgos de gestión'!$AD$51="Media",'Matriz riesgos de gestión'!$AF$51="Menor"),CONCATENATE("R7C",'Matriz riesgos de gestión'!$T$51),"") | S32: =IF(AND('Matriz riesgos de gestión'!$AD$52="Media",'Matriz riesgos de gestión'!$AF$52="Menor"),CONCATENATE("R7C",'Matriz riesgos de gestión'!$T$52),"") | T32: =IF(AND('Matriz riesgos de gestión'!$AD$53="Media",'Matriz riesgos de gestión'!$AF$53="Menor"),CONCATENATE("R7C",'Matriz riesgos de gestión'!$T$53),"") | U32: =IF(AND('Matriz riesgos de gestión'!$AD$54="Media",'Matriz riesgos de gestión'!$AF$54="Menor"),CONCATENATE("R7C",'Matriz riesgos de gestión'!$T$54),"") | V32: =IF(AND('Matriz riesgos de gestión'!$AD$49="Media",'Matriz riesgos de gestión'!$AF$49="Moderado"),CONCATENATE("R7C",'Matriz riesgos de gestión'!$T$49),"") -> R7C1 | W32: =IF(AND('Matriz riesgos de gestión'!$AD$50="Media",'Matriz riesgos de gestión'!$AF$50="Moderado"),CONCATENATE("R7C",'Matriz riesgos de gestión'!$T$50),"") | X32: =IF(AND('Matriz riesgos de gestión'!$AD$51="Media",'Matriz riesgos de gestión'!$AF$51="Moderado"),CONCATENATE("R7C",'Matriz riesgos de gestión'!$T$51),"") | Y32: =IF(AND('Matriz riesgos de gestión'!$AD$52="Media",'Matriz riesgos de gestión'!$AF$52="Moderado"),CONCATENATE("R7C",'Matriz riesgos de gestión'!$T$52),"") | Z32: =IF(AND('Matriz riesgos de gestión'!$AD$53="Media",'Matriz riesgos de gestión'!$AF$53="Moderado"),CONCATENATE("R7C",'Matriz riesgos de gestión'!$T$53),"") | AA32: =IF(AND('Matriz riesgos de gestión'!$AD$54="Media",'Matriz riesgos de gestión'!$AF$54="Moderado"),CONCATENATE("R7C",'Matriz riesgos de gestión'!$T$54),"") | AB32: =IF(AND('Matriz riesgos de gestión'!$AD$49="Media",'Matriz riesgos de gestión'!$AF$49="Mayor"),CONCATENATE("R7C",'Matriz riesgos de gestión'!$T$49),"") | AC32: =IF(AND('Matriz riesgos de gestión'!$AD$50="Media",'Matriz riesgos de gestión'!$AF$50="Mayor"),CONCATENATE("R7C",'Matriz riesgos de gestión'!$T$50),"") | AD32: =IF(AND('Matriz riesgos de gestión'!$AD$51="Media",'Matriz riesgos de gestión'!$AF$51="Mayor"),CONCATENATE("R7C",'Matriz riesgos de gestión'!$T$51),"") | AE32: =IF(AND('Matriz riesgos de gestión'!$AD$52="Media",'Matriz riesgos de gestión'!$AF$52="Mayor"),CONCATENATE("R7C",'Matriz riesgos de gestión'!$T$52),"") | AF32: =IF(AND('Matriz riesgos de gestión'!$AD$53="Media",'Matriz riesgos de gestión'!$AF$53="Mayor"),CONCATENATE("R7C",'Matriz riesgos de gestión'!$T$53),"") | AG32: =IF(AND('Matriz riesgos de gestión'!$AD$54="Media",'Matriz riesgos de gestión'!$AF$54="Mayor"),CONCATENATE("R7C",'Matriz riesgos de gestión'!$T$54),"") | AH32: =IF(AND('Matriz riesgos de gestión'!$AD$49="Media",'Matriz riesgos de gestión'!$AF$49="Catastrófico"),CONCATENATE("R7C",'Matriz riesgos de gestión'!$T$49),"") | AI32: =IF(AND('Matriz riesgos de gestión'!$AD$50="Media",'Matriz riesgos de gestión'!$AF$50="Catastrófico"),CONCATENATE("R7C",'Matriz riesgos de gestión'!$T$50),"") | AJ32: =IF(AND('Matriz riesgos de gestión'!$AD$51="Media",'Matriz riesgos de gestión'!$AF$51="Catastrófico"),CONCATENATE("R7C",'Matriz riesgos de gestión'!$T$51),"") | AK32: =IF(AND('Matriz riesgos de gestión'!$AD$52="Media",'Matriz riesgos de gestión'!$AF$52="Catastrófico"),CONCATENATE("R7C",'Matriz riesgos de gestión'!$T$52),"") | AL32: =IF(AND('Matriz riesgos de gestión'!$AD$53="Media",'Matriz riesgos de gestión'!$AF$53="Catastrófico"),CONCATENATE("R7C",'Matriz riesgos de gestión'!$T$53),"") | AM32: =IF(AND('Matriz riesgos de gestión'!$AD$54="Media",'Matriz riesgos de gestión'!$AF$54="Catastrófico"),CONCATENATE("R7C",'Matriz riesgos de gestión'!$T$54),"")
J33: =IF(AND('Matriz riesgos de gestión'!$AD$55="Media",'Matriz riesgos de gestión'!$AF$55="Leve"),CONCATENATE("R8C",'Matriz riesgos de gestión'!$T$55),"") | K33: =IF(AND('Matriz riesgos de gestión'!$AD$56="Media",'Matriz riesgos de gestión'!$AF$56="Leve"),CONCATENATE("R8C",'Matriz riesgos de gestión'!$T$56),"") | L33: =IF(AND('Matriz riesgos de gestión'!$AD$57="Media",'Matriz riesgos de gestión'!$AF$57="Leve"),CONCATENATE("R8C",'Matriz riesgos de gestión'!$T$57),"") | M33: =IF(AND('Matriz riesgos de gestión'!$AD$58="Media",'Matriz riesgos de gestión'!$AF$58="Leve"),CONCATENATE("R8C",'Matriz riesgos de gestión'!$T$58),"") | N33: =IF(AND('Matriz riesgos de gestión'!$AD$59="Media",'Matriz riesgos de gestión'!$AF$59="Leve"),CONCATENATE("R8C",'Matriz riesgos de gestión'!$T$59),"") | O33: =IF(AND('Matriz riesgos de gestión'!$AD$60="Media",'Matriz riesgos de gestión'!$AF$60="Leve"),CONCATENATE("R8C",'Matriz riesgos de gestión'!$T$60),"") | P33: =IF(AND('Matriz riesgos de gestión'!$AD$55="Media",'Matriz riesgos de gestión'!$AF$55="Menor"),CONCATENATE("R8C",'Matriz riesgos de gestión'!$T$55),"") | Q33: =IF(AND('Matriz riesgos de gestión'!$AD$56="Media",'Matriz riesgos de gestión'!$AF$56="Menor"),CONCATENATE("R8C",'Matriz riesgos de gestión'!$T$56),"") | R33: =IF(AND('Matriz riesgos de gestión'!$AD$57="Media",'Matriz riesgos de gestión'!$AF$57="Menor"),CONCATENATE("R8C",'Matriz riesgos de gestión'!$T$57),"") | S33: =IF(AND('Matriz riesgos de gestión'!$AD$58="Media",'Matriz riesgos de gestión'!$AF$58="Menor"),CONCATENATE("R8C",'Matriz riesgos de gestión'!$T$58),"") | T33: =IF(AND('Matriz riesgos de gestión'!$AD$59="Media",'Matriz riesgos de gestión'!$AF$59="Menor"),CONCATENATE("R8C",'Matriz riesgos de gestión'!$T$59),"") | U33: =IF(AND('Matriz riesgos de gestión'!$AD$60="Media",'Matriz riesgos de gestión'!$AF$60="Menor"),CONCATENATE("R8C",'Matriz riesgos de gestión'!$T$60),"") | V33: =IF(AND('Matriz riesgos de gestión'!$AD$55="Media",'Matriz riesgos de gestión'!$AF$55="Moderado"),CONCATENATE("R8C",'Matriz riesgos de gestión'!$T$55),"") -> R8C1 | W33: =IF(AND('Matriz riesgos de gestión'!$AD$56="Media",'Matriz riesgos de gestión'!$AF$56="Moderado"),CONCATENATE("R8C",'Matriz riesgos de gestión'!$T$56),"") | X33: =IF(AND('Matriz riesgos de gestión'!$AD$57="Media",'Matriz riesgos de gestión'!$AF$57="Moderado"),CONCATENATE("R8C",'Matriz riesgos de gestión'!$T$57),"") | Y33: =IF(AND('Matriz riesgos de gestión'!$AD$58="Media",'Matriz riesgos de gestión'!$AF$58="Moderado"),CONCATENATE("R8C",'Matriz riesgos de gestión'!$T$58),"") | Z33: =IF(AND('Matriz riesgos de gestión'!$AD$59="Media",'Matriz riesgos de gestión'!$AF$59="Moderado"),CONCATENATE("R8C",'Matriz riesgos de gestión'!$T$59),"") | AA33: =IF(AND('Matriz riesgos de gestión'!$AD$60="Media",'Matriz riesgos de gestión'!$AF$60="Moderado"),CONCATENATE("R8C",'Matriz riesgos de gestión'!$T$60),"") | AB33: =IF(AND('Matriz riesgos de gestión'!$AD$55="Media",'Matriz riesgos de gestión'!$AF$55="Mayor"),CONCATENATE("R8C",'Matriz riesgos de gestión'!$T$55),"") | AC33: =IF(AND('Matriz riesgos de gestión'!$AD$56="Media",'Matriz riesgos de gestión'!$AF$56="Mayor"),CONCATENATE("R8C",'Matriz riesgos de gestión'!$T$56),"") | AD33: =IF(AND('Matriz riesgos de gestión'!$AD$57="Media",'Matriz riesgos de gestión'!$AF$57="Mayor"),CONCATENATE("R8C",'Matriz riesgos de gestión'!$T$57),"") | AE33: =IF(AND('Matriz riesgos de gestión'!$AD$58="Media",'Matriz riesgos de gestión'!$AF$58="Mayor"),CONCATENATE("R8C",'Matriz riesgos de gestión'!$T$58),"") | AF33: =IF(AND('Matriz riesgos de gestión'!$AD$59="Media",'Matriz riesgos de gestión'!$AF$59="Mayor"),CONCATENATE("R8C",'Matriz riesgos de gestión'!$T$59),"") | AG33: =IF(AND('Matriz riesgos de gestión'!$AD$60="Media",'Matriz riesgos de gestión'!$AF$60="Mayor"),CONCATENATE("R8C",'Matriz riesgos de gestión'!$T$60),"") | AH33: =IF(AND('Matriz riesgos de gestión'!$AD$55="Media",'Matriz riesgos de gestión'!$AF$55="Catastrófico"),CONCATENATE("R8C",'Matriz riesgos de gestión'!$T$55),"") | AI33: =IF(AND('Matriz riesgos de gestión'!$AD$56="Media",'Matriz riesgos de gestión'!$AF$56="Catastrófico"),CONCATENATE("R8C",'Matriz riesgos de gestión'!$T$56),"") | AJ33: =IF(AND('Matriz riesgos de gestión'!$AD$57="Media",'Matriz riesgos de gestión'!$AF$57="Catastrófico"),CONCATENATE("R8C",'Matriz riesgos de gestión'!$T$57),"") | AK33: =IF(AND('Matriz riesgos de gestión'!$AD$58="Media",'Matriz riesgos de gestión'!$AF$58="Catastrófico"),CONCATENATE("R8C",'Matriz riesgos de gestión'!$T$58),"") | AL33: =IF(AND('Matriz riesgos de gestión'!$AD$59="Media",'Matriz riesgos de gestión'!$AF$59="Catastrófico"),CONCATENATE("R8C",'Matriz riesgos de gestión'!$T$59),"") | AM33: =IF(AND('Matriz riesgos de gestión'!$AD$60="Media",'Matriz riesgos de gestión'!$AF$60="Catastrófico"),CONCATENATE("R8C",'Matriz riesgos de gestión'!$T$60),"")
J34: =IF(AND('Matriz riesgos de gestión'!$AD$61="Media",'Matriz riesgos de gestión'!$AF$61="Leve"),CONCATENATE("R9C",'Matriz riesgos de gestión'!$T$61),"") | K34: =IF(AND('Matriz riesgos de gestión'!$AD$62="Media",'Matriz riesgos de gestión'!$AF$62="Leve"),CONCATENATE("R9C",'Matriz riesgos de gestión'!$T$62),"") | L34: =IF(AND('Matriz riesgos de gestión'!$AD$63="Media",'Matriz riesgos de gestión'!$AF$63="Leve"),CONCATENATE("R9C",'Matriz riesgos de gestión'!$T$63),"") | M34: =IF(AND('Matriz riesgos de gestión'!$AD$64="Media",'Matriz riesgos de gestión'!$AF$64="Leve"),CONCATENATE("R9C",'Matriz riesgos de gestión'!$T$64),"") | N34: =IF(AND('Matriz riesgos de gestión'!$AD$65="Media",'Matriz riesgos de gestión'!$AF$65="Leve"),CONCATENATE("R9C",'Matriz riesgos de gestión'!$T$65),"") | O34: =IF(AND('Matriz riesgos de gestión'!$AD$66="Media",'Matriz riesgos de gestión'!$AF$66="Leve"),CONCATENATE("R9C",'Matriz riesgos de gestión'!$T$66),"") | P34: =IF(AND('Matriz riesgos de gestión'!$AD$61="Media",'Matriz riesgos de gestión'!$AF$61="Menor"),CONCATENATE("R9C",'Matriz riesgos de gestión'!$T$61),"") | Q34: =IF(AND('Matriz riesgos de gestión'!$AD$62="Media",'Matriz riesgos de gestión'!$AF$62="Menor"),CONCATENATE("R9C",'Matriz riesgos de gestión'!$T$62),"") | R34: =IF(AND('Matriz riesgos de gestión'!$AD$63="Media",'Matriz riesgos de gestión'!$AF$63="Menor"),CONCATENATE("R9C",'Matriz riesgos de gestión'!$T$63),"") | S34: =IF(AND('Matriz riesgos de gestión'!$AD$64="Media",'Matriz riesgos de gestión'!$AF$64="Menor"),CONCATENATE("R9C",'Matriz riesgos de gestión'!$T$64),"") | T34: =IF(AND('Matriz riesgos de gestión'!$AD$65="Media",'Matriz riesgos de gestión'!$AF$65="Menor"),CONCATENATE("R9C",'Matriz riesgos de gestión'!$T$65),"") | U34: =IF(AND('Matriz riesgos de gestión'!$AD$66="Media",'Matriz riesgos de gestión'!$AF$66="Menor"),CONCATENATE("R9C",'Matriz riesgos de gestión'!$T$66),"") | V34: =IF(AND('Matriz riesgos de gestión'!$AD$61="Media",'Matriz riesgos de gestión'!$AF$61="Moderado"),CONCATENATE("R9C",'Matriz riesgos de gestión'!$T$61),"") | W34: =IF(AND('Matriz riesgos de gestión'!$AD$62="Media",'Matriz riesgos de gestión'!$AF$62="Moderado"),CONCATENATE("R9C",'Matriz riesgos de gestión'!$T$62),"") | X34: =IF(AND('Matriz riesgos de gestión'!$AD$63="Media",'Matriz riesgos de gestión'!$AF$63="Moderado"),CONCATENATE("R9C",'Matriz riesgos de gestión'!$T$63),"") | Y34: =IF(AND('Matriz riesgos de gestión'!$AD$64="Media",'Matriz riesgos de gestión'!$AF$64="Moderado"),CONCATENATE("R9C",'Matriz riesgos de gestión'!$T$64),"") | Z34: =IF(AND('Matriz riesgos de gestión'!$AD$65="Media",'Matriz riesgos de gestión'!$AF$65="Moderado"),CONCATENATE("R9C",'Matriz riesgos de gestión'!$T$65),"") | AA34: =IF(AND('Matriz riesgos de gestión'!$AD$66="Media",'Matriz riesgos de gestión'!$AF$66="Moderado"),CONCATENATE("R9C",'Matriz riesgos de gestión'!$T$66),"") | AB34: =IF(AND('Matriz riesgos de gestión'!$AD$61="Media",'Matriz riesgos de gestión'!$AF$61="Mayor"),CONCATENATE("R9C",'Matriz riesgos de gestión'!$T$61),"") | AC34: =IF(AND('Matriz riesgos de gestión'!$AD$62="Media",'Matriz riesgos de gestión'!$AF$62="Mayor"),CONCATENATE("R9C",'Matriz riesgos de gestión'!$T$62),"") | AD34: =IF(AND('Matriz riesgos de gestión'!$AD$63="Media",'Matriz riesgos de gestión'!$AF$63="Mayor"),CONCATENATE("R9C",'Matriz riesgos de gestión'!$T$63),"") | AE34: =IF(AND('Matriz riesgos de gestión'!$AD$64="Media",'Matriz riesgos de gestión'!$AF$64="Mayor"),CONCATENATE("R9C",'Matriz riesgos de gestión'!$T$64),"") | AF34: =IF(AND('Matriz riesgos de gestión'!$AD$65="Media",'Matriz riesgos de gestión'!$AF$65="Mayor"),CONCATENATE("R9C",'Matriz riesgos de gestión'!$T$65),"") | AG34: =IF(AND('Matriz riesgos de gestión'!$AD$66="Media",'Matriz riesgos de gestión'!$AF$66="Mayor"),CONCATENATE("R9C",'Matriz riesgos de gestión'!$T$66),"") | AH34: =IF(AND('Matriz riesgos de gestión'!$AD$61="Media",'Matriz riesgos de gestión'!$AF$61="Catastrófico"),CONCATENATE("R9C",'Matriz riesgos de gestión'!$T$61),"") | AI34: =IF(AND('Matriz riesgos de gestión'!$AD$62="Media",'Matriz riesgos de gestión'!$AF$62="Catastrófico"),CONCATENATE("R9C",'Matriz riesgos de gestión'!$T$62),"") | AJ34: =IF(AND('Matriz riesgos de gestión'!$AD$63="Media",'Matriz riesgos de gestión'!$AF$63="Catastrófico"),CONCATENATE("R9C",'Matriz riesgos de gestión'!$T$63),"") | AK34: =IF(AND('Matriz riesgos de gestión'!$AD$64="Media",'Matriz riesgos de gestión'!$AF$64="Catastrófico"),CONCATENATE("R9C",'Matriz riesgos de gestión'!$T$64),"") | AL34: =IF(AND('Matriz riesgos de gestión'!$AD$65="Media",'Matriz riesgos de gestión'!$AF$65="Catastrófico"),CONCATENATE("R9C",'Matriz riesgos de gestión'!$T$65),"") | AM34: =IF(AND('Matriz riesgos de gestión'!$AD$66="Media",'Matriz riesgos de gestión'!$AF$66="Catastrófico"),CONCATENATE("R9C",'Matriz riesgos de gestión'!$T$66),"")
J35: =IF(AND('Matriz riesgos de gestión'!$AD$67="Media",'Matriz riesgos de gestión'!$AF$67="Leve"),CONCATENATE("R10C",'Matriz riesgos de gestión'!$T$67),"") | K35: =IF(AND('Matriz riesgos de gestión'!$AD$68="Media",'Matriz riesgos de gestión'!$AF$68="Leve"),CONCATENATE("R10C",'Matriz riesgos de gestión'!$T$68),"") | L35: =IF(AND('Matriz riesgos de gestión'!$AD$69="Media",'Matriz riesgos de gestión'!$AF$69="Leve"),CONCATENATE("R10C",'Matriz riesgos de gestión'!$T$69),"") | M35: =IF(AND('Matriz riesgos de gestión'!$AD$70="Media",'Matriz riesgos de gestión'!$AF$70="Leve"),CONCATENATE("R10C",'Matriz riesgos de gestión'!$T$70),"") | N35: =IF(AND('Matriz riesgos de gestión'!$AD$71="Media",'Matriz riesgos de gestión'!$AF$71="Leve"),CONCATENATE("R10C",'Matriz riesgos de gestión'!$T$71),"") | O35: =IF(AND('Matriz riesgos de gestión'!$AD$72="Media",'Matriz riesgos de gestión'!$AF$72="Leve"),CONCATENATE("R10C",'Matriz riesgos de gestión'!$T$72),"") | P35: =IF(AND('Matriz riesgos de gestión'!$AD$67="Media",'Matriz riesgos de gestión'!$AF$67="Menor"),CONCATENATE("R10C",'Matriz riesgos de gestión'!$T$67),"") | Q35: =IF(AND('Matriz riesgos de gestión'!$AD$68="Media",'Matriz riesgos de gestión'!$AF$68="Menor"),CONCATENATE("R10C",'Matriz riesgos de gestión'!$T$68),"") | R35: =IF(AND('Matriz riesgos de gestión'!$AD$69="Media",'Matriz riesgos de gestión'!$AF$69="Menor"),CONCATENATE("R10C",'Matriz riesgos de gestión'!$T$69),"") | S35: =IF(AND('Matriz riesgos de gestión'!$AD$70="Media",'Matriz riesgos de gestión'!$AF$70="Menor"),CONCATENATE("R10C",'Matriz riesgos de gestión'!$T$70),"") | T35: =IF(AND('Matriz riesgos de gestión'!$AD$71="Media",'Matriz riesgos de gestión'!$AF$71="Menor"),CONCATENATE("R10C",'Matriz riesgos de gestión'!$T$71),"") | U35: =IF(AND('Matriz riesgos de gestión'!$AD$72="Media",'Matriz riesgos de gestión'!$AF$72="Menor"),CONCATENATE("R10C",'Matriz riesgos de gestión'!$T$72),"") | V35: =IF(AND('Matriz riesgos de gestión'!$AD$67="Media",'Matriz riesgos de gestión'!$AF$67="Moderado"),CONCATENATE("R10C",'Matriz riesgos de gestión'!$T$67),"") | W35: =IF(AND('Matriz riesgos de gestión'!$AD$68="Media",'Matriz riesgos de gestión'!$AF$68="Moderado"),CONCATENATE("R10C",'Matriz riesgos de gestión'!$T$68),"") | X35: =IF(AND('Matriz riesgos de gestión'!$AD$69="Media",'Matriz riesgos de gestión'!$AF$69="Moderado"),CONCATENATE("R10C",'Matriz riesgos de gestión'!$T$69),"") | Y35: =IF(AND('Matriz riesgos de gestión'!$AD$70="Media",'Matriz riesgos de gestión'!$AF$70="Moderado"),CONCATENATE("R10C",'Matriz riesgos de gestión'!$T$70),"") | Z35: =IF(AND('Matriz riesgos de gestión'!$AD$71="Media",'Matriz riesgos de gestión'!$AF$71="Moderado"),CONCATENATE("R10C",'Matriz riesgos de gestión'!$T$71),"") | AA35: =IF(AND('Matriz riesgos de gestión'!$AD$72="Media",'Matriz riesgos de gestión'!$AF$72="Moderado"),CONCATENATE("R10C",'Matriz riesgos de gestión'!$T$72),"") | AB35: =IF(AND('Matriz riesgos de gestión'!$AD$67="Media",'Matriz riesgos de gestión'!$AF$67="Mayor"),CONCATENATE("R10C",'Matriz riesgos de gestión'!$T$67),"") | AC35: =IF(AND('Matriz riesgos de gestión'!$AD$68="Media",'Matriz riesgos de gestión'!$AF$68="Mayor"),CONCATENATE("R10C",'Matriz riesgos de gestión'!$T$68),"") | AD35: =IF(AND('Matriz riesgos de gestión'!$AD$69="Media",'Matriz riesgos de gestión'!$AF$69="Mayor"),CONCATENATE("R10C",'Matriz riesgos de gestión'!$T$69),"") | AE35: =IF(AND('Matriz riesgos de gestión'!$AD$70="Media",'Matriz riesgos de gestión'!$AF$70="Mayor"),CONCATENATE("R10C",'Matriz riesgos de gestión'!$T$70),"") | AF35: =IF(AND('Matriz riesgos de gestión'!$AD$71="Media",'Matriz riesgos de gestión'!$AF$71="Mayor"),CONCATENATE("R10C",'Matriz riesgos de gestión'!$T$71),"") | AG35: =IF(AND('Matriz riesgos de gestión'!$AD$72="Media",'Matriz riesgos de gestión'!$AF$72="Mayor"),CONCATENATE("R10C",'Matriz riesgos de gestión'!$T$72),"") | AH35: =IF(AND('Matriz riesgos de gestión'!$AD$67="Media",'Matriz riesgos de gestión'!$AF$67="Catastrófico"),CONCATENATE("R10C",'Matriz riesgos de gestión'!$T$67),"") | AI35: =IF(AND('Matriz riesgos de gestión'!$AD$68="Media",'Matriz riesgos de gestión'!$AF$68="Catastrófico"),CONCATENATE("R10C",'Matriz riesgos de gestión'!$T$68),"") | AJ35: =IF(AND('Matriz riesgos de gestión'!$AD$69="Media",'Matriz riesgos de gestión'!$AF$69="Catastrófico"),CONCATENATE("R10C",'Matriz riesgos de gestión'!$T$69),"") | AK35: =IF(AND('Matriz riesgos de gestión'!$AD$70="Media",'Matriz riesgos de gestión'!$AF$70="Catastrófico"),CONCATENATE("R10C",'Matriz riesgos de gestión'!$T$70),"") | AL35: =IF(AND('Matriz riesgos de gestión'!$AD$71="Media",'Matriz riesgos de gestión'!$AF$71="Catastrófico"),CONCATENATE("R10C",'Matriz riesgos de gestión'!$T$71),"") | AM35: =IF(AND('Matriz riesgos de gestión'!$AD$72="Media",'Matriz riesgos de gestión'!$AF$72="Catastrófico"),CONCATENATE("R10C",'Matriz riesgos de gestión'!$T$72),"")
